Workbook

Sheet ℹ️ 
A1: info
C5: Income | D5: Balance | E5: Cash & Activity | F5: Market Cap | G5: Comparables
C6: Gross Margin | D6: Assets | E6: Operating Activities | F6: Shares outstanding | G6: 10 industry comps
C7: EBITDA | D7: Liabilities | E7: Investing Activities | F7: Options & warrants | G7: Price/Earnings ratios
C8: Net Earnings | D8: Equity | E8: Financing Activities | F8: Convertible notes | G8: EV/EBITDA ratios
C9: Earnings per Share | D9: Working capital | E9: Reconciliation | F9: Fully-diluted shares | G9: Equity Value
C10: Discountinued Ops | D10: Cash Conversion | E10: Supplemental Disclosures | F10: Market capitalization | G10: Enterprise Value
C21: Notes:
C22: Model is designed to inform certified professionals responsible for preparing final reporting documents
C23: Tabs are populated with sample data. Select > Delete to clear driver cells.

Sheet Income
A1: info
C3: Income Statement
C4: In millions except as indicated | E4: Q current | F4: Q ⎯1 | G4: Q prior | I4: YTD current | J4: YTD prior | L4: Q / Q | M4: Q / Q % | O4: Y / Y | P4: Y / Y % | R4: YTD | S4: YTD %
C6: Net Sales | E6: 9.2 | F6: 8 | G6: 10.6 | I6: 9.8 | J6: 8.2 | L6: =IF(E6+F6=0,0,E6-F6) -> 1.2 | M6: =IFERROR(IF(E6/F6-1<=-5,"<-500%",IF(E6/F6-1>5,">500%",IF(ABS(E6/F6-1)<1%,0,E6/F6-1))),"") -> 0.15 | O6: =IF(E6+G6=0,0,E6-G6) -> -1.4 | P6: =IFERROR(IF(E6/G6-1<=-5,"<-500%",IF(E6/G6-1>5,">500%",IF(ABS(E6/G6-1)<1%,0,E6/G6-1))),"") -> -0.13207547 | R6: =IF(I6+J6=0,0,I6-J6) -> 1.6 | S6: =IFERROR(IF(I6/J6-1<=-5,"<-500%",IF(I6/J6-1>5,">500%",IF(ABS(I6/J6-1)<1%,0,I6/J6-1))),"") -> 0.19512195
C7: Cost of goods sold | L7: =IF(E7+F7=0,0,E7-F7) -> 0 | M7: =IFERROR(IF(E7/F7-1<=-5,"<-500%",IF(E7/F7-1>5,">500%",IF(ABS(E7/F7-1)<1%,0,E7/F7-1))),"") | O7: =IF(E7+G7=0,0,E7-G7) -> 0 | P7: =IFERROR(IF(E7/G7-1<=-5,"<-500%",IF(E7/G7-1>5,">500%",IF(ABS(E7/G7-1)<1%,0,E7/G7-1))),"") | R7: =IF(I7+J7=0,0,I7-J7) -> 0 | S7: =IFERROR(IF(I7/J7-1<=-5,"<-500%",IF(I7/J7-1>5,">500%",IF(ABS(I7/J7-1)<1%,0,I7/J7-1))),"")
C8: Gross Margin | E8: =E6-E7 -> 9.2 | F8: =F6-F7 -> 8 | G8: =G6-G7 -> 10.6 | I8: =I6-I7 -> 9.8 | J8: =J6-J7 -> 8.2 | L8: =IF(E8+F8=0,0,E8-F8) -> 1.2 | M8: =IFERROR(IF(E8/F8-1<=-5,"<-500%",IF(E8/F8-1>5,">500%",IF(ABS(E8/F8-1)<1%,0,E8/F8-1))),"") -> 0.15 | O8: =IF(E8+G8=0,0,E8-G8) -> -1.4 | P8: =IFERROR(IF(E8/G8-1<=-5,"<-500%",IF(E8/G8-1>5,">500%",IF(ABS(E8/G8-1)<1%,0,E8/G8-1))),"") -> -0.13207547 | R8: =IF(I8+J8=0,0,I8-J8) -> 1.6 | S8: =IFERROR(IF(I8/J8-1<=-5,"<-500%",IF(I8/J8-1>5,">500%",IF(ABS(I8/J8-1)<1%,0,I8/J8-1))),"") -> 0.19512195
C10: Selling, general & administrative | E10: 9.7 | F10: 7.5 | G10: 5 | I10: 4.8 | J10: 4.9 | L10: =IF(E10+F10=0,0,E10-F10) -> 2.2 | M10: =IFERROR(IF(E10/F10-1<=-5,"<-500%",IF(E10/F10-1>5,">500%",IF(ABS(E10/F10-1)<1%,0,E10/F10-1))),"") -> 0.29333333 | O10: =IF(E10+G10=0,0,E10-G10) -> 4.7 | P10: =IFERROR(IF(E10/G10-1<=-5,"<-500%",IF(E10/G10-1>5,">500%",IF(ABS(E10/G10-1)<1%,0,E10/G10-1))),"") -> 0.94 | R10: =IF(I10+J10=0,0,I10-J10) -> -0.1 | S10: =IFERROR(IF(I10/J10-1<=-5,"<-500%",IF(I10/J10-1>5,">500%",IF(ABS(I10/J10-1)<1%,0,I10/J10-1))),"") -> -0.020408163
C11: Corporate expense | L11: =IF(E11+F11=0,0,E11-F11) -> 0 | M11: =IFERROR(IF(E11/F11-1<=-5,"<-500%",IF(E11/F11-1>5,">500%",IF(ABS(E11/F11-1)<1%,0,E11/F11-1))),"") | O11: =IF(E11+G11=0,0,E11-G11) -> 0 | P11: =IFERROR(IF(E11/G11-1<=-5,"<-500%",IF(E11/G11-1>5,">500%",IF(ABS(E11/G11-1)<1%,0,E11/G11-1))),"") | R11: =IF(I11+J11=0,0,I11-J11) -> 0 | S11: =IFERROR(IF(I11/J11-1<=-5,"<-500%",IF(I11/J11-1>5,">500%",IF(ABS(I11/J11-1)<1%,0,I11/J11-1))),"")
C12: Amortization of stock-based compensation | L12: =IF(E12+F12=0,0,E12-F12) -> 0 | M12: =IFERROR(IF(E12/F12-1<=-5,"<-500%",IF(E12/F12-1>5,">500%",IF(ABS(E12/F12-1)<1%,0,E12/F12-1))),"") | O12: =IF(E12+G12=0,0,E12-G12) -> 0 | P12: =IFERROR(IF(E12/G12-1<=-5,"<-500%",IF(E12/G12-1>5,">500%",IF(ABS(E12/G12-1)<1%,0,E12/G12-1))),"") | R12: =IF(I12+J12=0,0,I12-J12) -> 0 | S12: =IFERROR(IF(I12/J12-1<=-5,"<-500%",IF(I12/J12-1>5,">500%",IF(ABS(I12/J12-1)<1%,0,I12/J12-1))),"")
C13: Operating Expense | E13: =SUM(E10:E12) -> 9.7 | F13: =SUM(F10:F12) -> 7.5 | G13: =SUM(G10:G12) -> 5 | I13: =SUM(I10:I12) -> 4.8 | J13: =SUM(J10:J12) -> 4.9 | L13: =IF(E13+F13=0,0,E13-F13) -> 2.2 | M13: =IFERROR(IF(E13/F13-1<=-5,"<-500%",IF(E13/F13-1>5,">500%",IF(ABS(E13/F13-1)<1%,0,E13/F13-1))),"") -> 0.29333333 | O13: =IF(E13+G13=0,0,E13-G13) -> 4.7 | P13: =IFERROR(IF(E13/G13-1<=-5,"<-500%",IF(E13/G13-1>5,">500%",IF(ABS(E13/G13-1)<1%,0,E13/G13-1))),"") -> 0.94 | R13: =IF(I13+J13=0,0,I13-J13) -> -0.1 | S13: =IFERROR(IF(I13/J13-1<=-5,"<-500%",IF(I13/J13-1>5,">500%",IF(ABS(I13/J13-1)<1%,0,I13/J13-1))),"") -> -0.020408163
C14: EBITDA | E14: =E8-E13 -> -0.5 | F14: =F8-F13 -> 0.5 | G14: =G8-G13 -> 5.6 | I14: =I8-I13 -> 5 | J14: =J8-J13 -> 3.3 | L14: =IF(E14+F14=0,0,E14-F14) -> 0 | M14: =IFERROR(IF(E14/F14-1<=-5,"<-500%",IF(E14/F14-1>5,">500%",IF(ABS(E14/F14-1)<1%,0,E14/F14-1))),"") -> -2 | O14: =IF(E14+G14=0,0,E14-G14) -> -6.1 | P14: =IFERROR(IF(E14/G14-1<=-5,"<-500%",IF(E14/G14-1>5,">500%",IF(ABS(E14/G14-1)<1%,0,E14/G14-1))),"") -> -1.0892857 | R14: =IF(I14+J14=0,0,I14-J14) -> 1.7 | S14: =IFERROR(IF(I14/J14-1<=-5,"<-500%",IF(I14/J14-1>5,">500%",IF(ABS(I14/J14-1)<1%,0,I14/J14-1))),"") -> 0.51515152
C16: Depreciation and amortization | E16: 0.5 | F16: 0.6 | G16: 6.6 | I16: 6 | J16: 6 | L16: =IF(E16+F16=0,0,E16-F16) -> -0.1 | M16: =IFERROR(IF(E16/F16-1<=-5,"<-500%",IF(E16/F16-1>5,">500%",IF(ABS(E16/F16-1)<1%,0,E16/F16-1))),"") -> -0.16666667 | O16: =IF(E16+G16=0,0,E16-G16) -> -6.1 | P16: =IFERROR(IF(E16/G16-1<=-5,"<-500%",IF(E16/G16-1>5,">500%",IF(ABS(E16/G16-1)<1%,0,E16/G16-1))),"") -> -0.92424242 | R16: =IF(I16+J16=0,0,I16-J16) -> 0 | S16: =IFERROR(IF(I16/J16-1<=-5,"<-500%",IF(I16/J16-1>5,">500%",IF(ABS(I16/J16-1)<1%,0,I16/J16-1))),"") -> 0
C17: Interest expense, net | L17: =IF(E17+F17=0,0,E17-F17) -> 0 | M17: =IFERROR(IF(E17/F17-1<=-5,"<-500%",IF(E17/F17-1>5,">500%",IF(ABS(E17/F17-1)<1%,0,E17/F17-1))),"") | O17: =IF(E17+G17=0,0,E17-G17) -> 0 | P17: =IFERROR(IF(E17/G17-1<=-5,"<-500%",IF(E17/G17-1>5,">500%",IF(ABS(E17/G17-1)<1%,0,E17/G17-1))),"") | R17: =IF(I17+J17=0,0,I17-J17) -> 0 | S17: =IFERROR(IF(I17/J17-1<=-5,"<-500%",IF(I17/J17-1>5,">500%",IF(ABS(I17/J17-1)<1%,0,I17/J17-1))),"")
C18: Other income/expense, net | L18: =IF(E18+F18=0,0,E18-F18) -> 0 | M18: =IFERROR(IF(E18/F18-1<=-5,"<-500%",IF(E18/F18-1>5,">500%",IF(ABS(E18/F18-1)<1%,0,E18/F18-1))),"") | O18: =IF(E18+G18=0,0,E18-G18) -> 0 | P18: =IFERROR(IF(E18/G18-1<=-5,"<-500%",IF(E18/G18-1>5,">500%",IF(ABS(E18/G18-1)<1%,0,E18/G18-1))),"") | R18: =IF(I18+J18=0,0,I18-J18) -> 0 | S18: =IFERROR(IF(I18/J18-1<=-5,"<-500%",IF(I18/J18-1>5,">500%",IF(ABS(I18/J18-1)<1%,0,I18/J18-1))),"")
C19: Income taxes | L19: =IF(E19+F19=0,0,E19-F19) -> 0 | M19: =IFERROR(IF(E19/F19-1<=-5,"<-500%",IF(E19/F19-1>5,">500%",IF(ABS(E19/F19-1)<1%,0,E19/F19-1))),"") | O19: =IF(E19+G19=0,0,E19-G19) -> 0 | P19: =IFERROR(IF(E19/G19-1<=-5,"<-500%",IF(E19/G19-1>5,">500%",IF(ABS(E19/G19-1)<1%,0,E19/G19-1))),"") | R19: =IF(I19+J19=0,0,I19-J19) -> 0 | S19: =IFERROR(IF(I19/J19-1<=-5,"<-500%",IF(I19/J19-1>5,">500%",IF(ABS(I19/J19-1)<1%,0,I19/J19-1))),"")
C20: Gain/Loss from Continuing Operations | E20: =SUM(E16:E19) -> 0.5 | F20: =SUM(F16:F19) -> 0.6 | G20: =SUM(G16:G19) -> 6.6 | I20: =SUM(I16:I19) -> 6 | J20: =SUM(J16:J19) -> 6 | L20: =IF(E20+F20=0,0,E20-F20) -> -0.1 | M20: =IFERROR(IF(E20/F20-1<=-5,"<-500%",IF(E20/F20-1>5,">500%",IF(ABS(E20/F20-1)<1%,0,E20/F20-1))),"") -> -0.16666667 | O20: =IF(E20+G20=0,0,E20-G20) -> -6.1 | P20: =IFERROR(IF(E20/G20-1<=-5,"<-500%",IF(E20/G20-1>5,">500%",IF(ABS(E20/G20-1)<1%,0,E20/G20-1))),"") -> -0.92424242 | R20: =IF(I20+J20=0,0,I20-J20) -> 0 | S20: =IFERROR(IF(I20/J20-1<=-5,"<-500%",IF(I20/J20-1>5,">500%",IF(ABS(I20/J20-1)<1%,0,I20/J20-1))),"") -> 0
C21: Gain/Loss from Discontinued Operations | E21: =Income!E44 -> 47.3 | F21: =Income!F44 -> 59.9 | G21: =Income!G44 -> 88.3 | I21: =Income!H44 -> 0 | J21: =Income!I44 -> 59.3 | L21: =IF(E21+F21=0,0,E21-F21) -> -12.6 | M21: =IFERROR(IF(E21/F21-1<=-5,"<-500%",IF(E21/F21-1>5,">500%",IF(ABS(E21/F21-1)<1%,0,E21/F21-1))),"") -> -0.21035058 | O21: =IF(E21+G21=0,0,E21-G21) -> -41 | P21: =IFERROR(IF(E21/G21-1<=-5,"<-500%",IF(E21/G21-1>5,">500%",IF(ABS(E21/G21-1)<1%,0,E21/G21-1))),"") -> -0.46432616 | R21: =IF(I21+J21=0,0,I21-J21) -> -59.3 | S21: =IFERROR(IF(I21/J21-1<=-5,"<-500%",IF(I21/J21-1>5,">500%",IF(ABS(I21/J21-1)<1%,0,I21/J21-1))),"") -> -1
C22: Net Earnings | E22: =SUM(E20:E21) -> 47.8 | F22: =SUM(F20:F21) -> 60.5 | G22: =SUM(G20:G21) -> 94.9 | I22: =SUM(I20:I21) -> 6 | J22: =SUM(J20:J21) -> 65.3 | L22: =IF(E22+F22=0,0,E22-F22) -> -12.7 | M22: =IFERROR(IF(E22/F22-1<=-5,"<-500%",IF(E22/F22-1>5,">500%",IF(ABS(E22/F22-1)<1%,0,E22/F22-1))),"") -> -0.20991736 | O22: =IF(E22+G22=0,0,E22-G22) -> -47.1 | P22: =IFERROR(IF(E22/G22-1<=-5,"<-500%",IF(E22/G22-1>5,">500%",IF(ABS(E22/G22-1)<1%,0,E22/G22-1))),"") -> -0.49631191 | R22: =IF(I22+J22=0,0,I22-J22) -> -59.3 | S22: =IFERROR(IF(I22/J22-1<=-5,"<-500%",IF(I22/J22-1>5,">500%",IF(ABS(I22/J22-1)<1%,0,I22/J22-1))),"") -> -0.90811639
C24: Preferred stock dividends | E24: 8.1 | F24: 0.8 | G24: 3.3 | I24: 7.3 | J24: 0.1 | L24: =IF(E24+F24=0,0,E24-F24) -> 7.3 | M24: =IFERROR(IF(E24/F24-1<=-5,"<-500%",IF(E24/F24-1>5,">500%",IF(ABS(E24/F24-1)<1%,0,E24/F24-1))),"") -> >500% | O24: =IF(E24+G24=0,0,E24-G24) -> 4.8 | P24: =IFERROR(IF(E24/G24-1<=-5,"<-500%",IF(E24/G24-1>5,">500%",IF(ABS(E24/G24-1)<1%,0,E24/G24-1))),"") -> 1.4545455 | R24: =IF(I24+J24=0,0,I24-J24) -> 7.2 | S24: =IFERROR(IF(I24/J24-1<=-5,"<-500%",IF(I24/J24-1>5,">500%",IF(ABS(I24/J24-1)<1%,0,I24/J24-1))),"") -> >500%
C25: Net Earnings Attributable to Common | E25: =E22-E24 -> 39.7 | F25: =F22-F24 -> 59.7 | G25: =G22-G24 -> 91.6 | I25: =I22-I24 -> -1.3 | J25: =J22-J24 -> 65.2 | L25: =IF(E25+F25=0,0,E25-F25) -> -20 | M25: =IFERROR(IF(E25/F25-1<=-5,"<-500%",IF(E25/F25-1>5,">500%",IF(ABS(E25/F25-1)<1%,0,E25/F25-1))),"") -> -0.33500838 | O25: =IF(E25+G25=0,0,E25-G25) -> -51.9 | P25: =IFERROR(IF(E25/G25-1<=-5,"<-500%",IF(E25/G25-1>5,">500%",IF(ABS(E25/G25-1)<1%,0,E25/G25-1))),"") -> -0.56659389 | R25: =IF(I25+J25=0,0,I25-J25) -> -66.5 | S25: =IFERROR(IF(I25/J25-1<=-5,"<-500%",IF(I25/J25-1>5,">500%",IF(ABS(I25/J25-1)<1%,0,I25/J25-1))),"") -> -1.0199387
C27: Earnings per Share in dollars except shares
C28: Fully diluted shares outstanding | E28: =Cap!E42 -> 530.66336 | F28: =Cap!F42 -> 500 | G28: =Cap!G42 -> 0 | L28: =IF(E28+F28=0,0,E28-F28) -> 30.663364 | M28: =IFERROR(IF(E28/F28-1<=-5,"<-500%",IF(E28/F28-1>5,">500%",IF(ABS(E28/F28-1)<1%,0,E28/F28-1))),"") -> 0.061326727 | O28: =IF(E28+G28=0,0,E28-G28) -> 530.66336 | P28: =IFERROR(IF(E28/G28-1<=-5,"<-500%",IF(E28/G28-1>5,">500%",IF(ABS(E28/G28-1)<1%,0,E28/G28-1))),"")
C29: Continuing operations/share | E29: =IFERROR(E20/E28,0) -> 0.00094221692 | F29: =IFERROR(F20/F28,0) -> 0.0012 | G29: =IFERROR(G20/G28,0) -> 0 | L29: =IF(E29+F29=0,0,E29-F29) -> -0.00025778308 | M29: =IFERROR(IF(E29/F29-1<=-5,"<-500%",IF(E29/F29-1>5,">500%",IF(ABS(E29/F29-1)<1%,0,E29/F29-1))),"") -> -0.21481923 | O29: =IF(E29+G29=0,0,E29-G29) -> 0.00094221692 | P29: =IFERROR(IF(E29/G29-1<=-5,"<-500%",IF(E29/G29-1>5,">500%",IF(ABS(E29/G29-1)<1%,0,E29/G29-1))),"")
C30: Discontinued operations/share | E30: =IFERROR(E21/E28,0) -> 0.089133721 | F30: =IFERROR(F21/F28,0) -> 0.1198 | G30: =IFERROR(G21/G28,0) -> 0 | L30: =IF(E30+F30=0,0,E30-F30) -> -0.030666279 | M30: =IFERROR(IF(E30/F30-1<=-5,"<-500%",IF(E30/F30-1>5,">500%",IF(ABS(E30/F30-1)<1%,0,E30/F30-1))),"") -> -0.25597896 | O30: =IF(E30+G30=0,0,E30-G30) -> 0.089133721 | P30: =IFERROR(IF(E30/G30-1<=-5,"<-500%",IF(E30/G30-1>5,">500%",IF(ABS(E30/G30-1)<1%,0,E30/G30-1))),"")
C31: Preferred stock dividends/share | E31: =IFERROR(E24/E28,0) -> 0.015263914 | F31: =IFERROR(F24/F28,0) -> 0.0016 | G31: =IFERROR(G24/G28,0) -> 0 | I31: =IFERROR(I24/I28,0) -> 0 | J31: =IFERROR(J24/J28,0) -> 0 | L31: =IF(E31+F31=0,0,E31-F31) -> 0.013663914 | M31: =IFERROR(IF(E31/F31-1<=-5,"<-500%",IF(E31/F31-1>5,">500%",IF(ABS(E31/F31-1)<1%,0,E31/F31-1))),"") -> >500% | O31: =IF(E31+G31=0,0,E31-G31) -> 0.015263914 | P31: =IFERROR(IF(E31/G31-1<=-5,"<-500%",IF(E31/G31-1>5,">500%",IF(ABS(E31/G31-1)<1%,0,E31/G31-1))),"")
C32: Net Earnings attributable to Common/share | E32: =IFERROR(E25/E28,0) -> 0.074812023 | F32: =IFERROR(F25/F28,0) -> 0.1194 | G32: =IFERROR(G25/G28,0) -> 0 | I32: =IFERROR(I25/I28,0) -> 0 | J32: =IFERROR(J25/J28,0) -> 0 | L32: =IF(E32+F32=0,0,E32-F32) -> -0.044587977 | M32: =IFERROR(IF(E32/F32-1<=-5,"<-500%",IF(E32/F32-1>5,">500%",IF(ABS(E32/F32-1)<1%,0,E32/F32-1))),"") -> -0.37343364 | O32: =IF(E32+G32=0,0,E32-G32) -> 0.074812023 | P32: =IFERROR(IF(E32/G32-1<=-5,"<-500%",IF(E32/G32-1>5,">500%",IF(ABS(E32/G32-1)<1%,0,E32/G32-1))),"")
C34: Discountinued Operatons
C35: Net Sales | E35: 47.8 | F35: 69.4 | G35: 95.8 | I35: 59.8 | J35: 46.3 | L35: =IF(E35+F35=0,0,E35-F35) -> -21.6 | M35: =IFERROR(IF(E35/F35-1<=-5,"<-500%",IF(E35/F35-1>5,">500%",IF(ABS(E35/F35-1)<1%,0,E35/F35-1))),"") -> -0.31123919 | O35: =IF(E35+G35=0,0,E35-G35) -> -48 | P35: =IFERROR(IF(E35/G35-1<=-5,"<-500%",IF(E35/G35-1>5,">500%",IF(ABS(E35/G35-1)<1%,0,E35/G35-1))),"") -> -0.50104384 | R35: =IF(I35+J35=0,0,I35-J35) -> 13.5 | S35: =IFERROR(IF(I35/J35-1<=-5,"<-500%",IF(I35/J35-1>5,">500%",IF(ABS(I35/J35-1)<1%,0,I35/J35-1))),"") -> 0.29157667
C36: Cost of goods sold | L36: =IF(E36+F36=0,0,E36-F36) -> 0 | M36: =IFERROR(IF(E36/F36-1<=-5,"<-500%",IF(E36/F36-1>5,">500%",IF(ABS(E36/F36-1)<1%,0,E36/F36-1))),"") | O36: =IF(E36+G36=0,0,E36-G36) -> 0 | P36: =IFERROR(IF(E36/G36-1<=-5,"<-500%",IF(E36/G36-1>5,">500%",IF(ABS(E36/G36-1)<1%,0,E36/G36-1))),"") | R36: =IF(I36+J36=0,0,I36-J36) -> 0 | S36: =IFERROR(IF(I36/J36-1<=-5,"<-500%",IF(I36/J36-1>5,">500%",IF(ABS(I36/J36-1)<1%,0,I36/J36-1))),"")
C37: Gross Margin | E37: =E35-E36 -> 47.8 | F37: =F35-F36 -> 69.4 | G37: =G35-G36 -> 95.8 | I37: =I35-I36 -> 59.8 | J37: =J35-J36 -> 46.3 | L37: =IF(E37+F37=0,0,E37-F37) -> -21.6 | M37: =IFERROR(IF(E37/F37-1<=-5,"<-500%",IF(E37/F37-1>5,">500%",IF(ABS(E37/F37-1)<1%,0,E37/F37-1))),"") -> -0.31123919 | O37: =IF(E37+G37=0,0,E37-G37) -> -48 | P37: =IFERROR(IF(E37/G37-1<=-5,"<-500%",IF(E37/G37-1>5,">500%",IF(ABS(E37/G37-1)<1%,0,E37/G37-1))),"") -> -0.50104384 | R37: =IF(I37+J37=0,0,I37-J37) -> 13.5 | S37: =IFERROR(IF(I37/J37-1<=-5,"<-500%",IF(I37/J37-1>5,">500%",IF(ABS(I37/J37-1)<1%,0,I37/J37-1))),"") -> 0.29157667
C38: SG&A | E38: 0.5 | F38: 9.5 | G38: 7.5 | I38: 0.5 | J38: 9.4 | L38: =IF(E38+F38=0,0,E38-F38) -> -9 | M38: =IFERROR(IF(E38/F38-1<=-5,"<-500%",IF(E38/F38-1>5,">500%",IF(ABS(E38/F38-1)<1%,0,E38/F38-1))),"") -> -0.94736842 | O38: =IF(E38+G38=0,0,E38-G38) -> -7 | P38: =IFERROR(IF(E38/G38-1<=-5,"<-500%",IF(E38/G38-1>5,">500%",IF(ABS(E38/G38-1)<1%,0,E38/G38-1))),"") -> -0.93333333 | R38: =IF(I38+J38=0,0,I38-J38) -> -8.9 | S38: =IFERROR(IF(I38/J38-1<=-5,"<-500%",IF(I38/J38-1>5,">500%",IF(ABS(I38/J38-1)<1%,0,I38/J38-1))),"") -> -0.94680851
C39: Corporate | L39: =IF(E39+F39=0,0,E39-F39) -> 0 | M39: =IFERROR(IF(E39/F39-1<=-5,"<-500%",IF(E39/F39-1>5,">500%",IF(ABS(E39/F39-1)<1%,0,E39/F39-1))),"") | O39: =IF(E39+G39=0,0,E39-G39) -> 0 | P39: =IFERROR(IF(E39/G39-1<=-5,"<-500%",IF(E39/G39-1>5,">500%",IF(ABS(E39/G39-1)<1%,0,E39/G39-1))),"") | R39: =IF(I39+J39=0,0,I39-J39) -> 0 | S39: =IFERROR(IF(I39/J39-1<=-5,"<-500%",IF(I39/J39-1>5,">500%",IF(ABS(I39/J39-1)<1%,0,I39/J39-1))),"")
C40: Impairment | L40: =IF(E40+F40=0,0,E40-F40) -> 0 | M40: =IFERROR(IF(E40/F40-1<=-5,"<-500%",IF(E40/F40-1>5,">500%",IF(ABS(E40/F40-1)<1%,0,E40/F40-1))),"") | O40: =IF(E40+G40=0,0,E40-G40) -> 0 | P40: =IFERROR(IF(E40/G40-1<=-5,"<-500%",IF(E40/G40-1>5,">500%",IF(ABS(E40/G40-1)<1%,0,E40/G40-1))),"") | R40: =IF(I40+J40=0,0,I40-J40) -> 0 | S40: =IFERROR(IF(I40/J40-1<=-5,"<-500%",IF(I40/J40-1>5,">500%",IF(ABS(I40/J40-1)<1%,0,I40/J40-1))),"")
C41: Stock-based comp | L41: =IF(E41+F41=0,0,E41-F41) -> 0 | M41: =IFERROR(IF(E41/F41-1<=-5,"<-500%",IF(E41/F41-1>5,">500%",IF(ABS(E41/F41-1)<1%,0,E41/F41-1))),"") | O41: =IF(E41+G41=0,0,E41-G41) -> 0 | P41: =IFERROR(IF(E41/G41-1<=-5,"<-500%",IF(E41/G41-1>5,">500%",IF(ABS(E41/G41-1)<1%,0,E41/G41-1))),"") | R41: =IF(I41+J41=0,0,I41-J41) -> 0 | S41: =IFERROR(IF(I41/J41-1<=-5,"<-500%",IF(I41/J41-1>5,">500%",IF(ABS(I41/J41-1)<1%,0,I41/J41-1))),"")
C42: Depreciation & Amortization | L42: =IF(E42+F42=0,0,E42-F42) -> 0 | M42: =IFERROR(IF(E42/F42-1<=-5,"<-500%",IF(E42/F42-1>5,">500%",IF(ABS(E42/F42-1)<1%,0,E42/F42-1))),"") | O42: =IF(E42+G42=0,0,E42-G42) -> 0 | P42: =IFERROR(IF(E42/G42-1<=-5,"<-500%",IF(E42/G42-1>5,">500%",IF(ABS(E42/G42-1)<1%,0,E42/G42-1))),"") | R42: =IF(I42+J42=0,0,I42-J42) -> 0 | S42: =IFERROR(IF(I42/J42-1<=-5,"<-500%",IF(I42/J42-1>5,">500%",IF(ABS(I42/J42-1)<1%,0,I42/J42-1))),"")
C43: Operating expense | E43: =SUM(E38:E42) -> 0.5 | F43: =SUM(F38:F42) -> 9.5 | G43: =SUM(G38:G42) -> 7.5 | I43: =SUM(I38:I42) -> 0.5 | J43: =SUM(J38:J42) -> 9.4 | L43: =IF(E43+F43=0,0,E43-F43) -> -9 | M43: =IFERROR(IF(E43/F43-1<=-5,"<-500%",IF(E43/F43-1>5,">500%",IF(ABS(E43/F43-1)<1%,0,E43/F43-1))),"") -> -0.94736842 | O43: =IF(E43+G43=0,0,E43-G43) -> -7 | P43: =IFERROR(IF(E43/G43-1<=-5,"<-500%",IF(E43/G43-1>5,">500%",IF(ABS(E43/G43-1)<1%,0,E43/G43-1))),"") -> -0.93333333 | R43: =IF(I43+J43=0,0,I43-J43) -> -8.9 | S43: =IFERROR(IF(I43/J43-1<=-5,"<-500%",IF(I43/J43-1>5,">500%",IF(ABS(I43/J43-1)<1%,0,I43/J43-1))),"") -> -0.94680851
C44: Gain/Loss on Discontinued Ops | E44: =E37-E43 -> 47.3 | F44: =F37-F43 -> 59.9 | G44: =G37-G43 -> 88.3 | I44: =I37-I43 -> 59.3 | J44: =J37-J43 -> 36.9 | L44: =IF(E44+F44=0,0,E44-F44) -> -12.6 | M44: =IFERROR(IF(E44/F44-1<=-5,"<-500%",IF(E44/F44-1>5,">500%",IF(ABS(E44/F44-1)<1%,0,E44/F44-1))),"") -> -0.21035058 | O44: =IF(E44+G44=0,0,E44-G44) -> -41 | P44: =IFERROR(IF(E44/G44-1<=-5,"<-500%",IF(E44/G44-1>5,">500%",IF(ABS(E44/G44-1)<1%,0,E44/G44-1))),"") -> -0.46432616 | R44: =IF(I44+J44=0,0,I44-J44) -> 22.4 | S44: =IFERROR(IF(I44/J44-1<=-5,"<-500%",IF(I44/J44-1>5,">500%",IF(ABS(I44/J44-1)<1%,0,I44/J44-1))),"") -> 0.60704607

Sheet Balance
A1: info
C3: Balance Sheet
C4: In millions except as indicated | E4: Q current | F4: Q ⎯1 | G4: Q prior | I4: YTD current | J4: YTD prior | L4: Q / Q | M4: Q / Q % | O4: Y / Y | P4: Y / Y % | R4: YTD | S4: YTD %
C6: Current Assets
C7: Cash and cash equivalents | E7: 2.5 | F7: 1.2 | G7: 3.6 | I7: 5.1 | J7: 3.7 | L7: =IF(E7+F7=0,0,E7-F7) -> 1.3 | M7: =IFERROR(IF(E7/F7-1<=-5,"<-500%",IF(E7/F7-1>5,">500%",IF(ABS(E7/F7-1)<1%,0,E7/F7-1))),"") -> 1.0833333 | O7: =IF(E7+G7=0,0,E7-G7) -> -1.1 | P7: =IFERROR(IF(E7/G7-1<=-5,"<-500%",IF(E7/G7-1>5,">500%",IF(ABS(E7/G7-1)<1%,0,E7/G7-1))),"") -> -0.30555556 | R7: =IF(I7+J7=0,0,I7-J7) -> 1.4 | S7: =IFERROR(IF(I7/J7-1<=-5,"<-500%",IF(I7/J7-1>5,">500%",IF(ABS(I7/J7-1)<1%,0,I7/J7-1))),"") -> 0.37837838
C8: Accounts receivable, net | L8: =IF(E8+F8=0,0,E8-F8) -> 0 | M8: =IFERROR(IF(E8/F8-1<=-5,"<-500%",IF(E8/F8-1>5,">500%",IF(ABS(E8/F8-1)<1%,0,E8/F8-1))),"") | O8: =IF(E8+G8=0,0,E8-G8) -> 0 | P8: =IFERROR(IF(E8/G8-1<=-5,"<-500%",IF(E8/G8-1>5,">500%",IF(ABS(E8/G8-1)<1%,0,E8/G8-1))),"") | R8: =IF(I8+J8=0,0,I8-J8) -> 0 | S8: =IFERROR(IF(I8/J8-1<=-5,"<-500%",IF(I8/J8-1>5,">500%",IF(ABS(I8/J8-1)<1%,0,I8/J8-1))),"")
C9: Uncompleted Contracts | L9: =IF(E9+F9=0,0,E9-F9) -> 0 | M9: =IFERROR(IF(E9/F9-1<=-5,"<-500%",IF(E9/F9-1>5,">500%",IF(ABS(E9/F9-1)<1%,0,E9/F9-1))),"") | O9: =IF(E9+G9=0,0,E9-G9) -> 0 | P9: =IFERROR(IF(E9/G9-1<=-5,"<-500%",IF(E9/G9-1>5,">500%",IF(ABS(E9/G9-1)<1%,0,E9/G9-1))),"") | R9: =IF(I9+J9=0,0,I9-J9) -> 0 | S9: =IFERROR(IF(I9/J9-1<=-5,"<-500%",IF(I9/J9-1>5,">500%",IF(ABS(I9/J9-1)<1%,0,I9/J9-1))),"")
C10: Inventories, net | L10: =IF(E10+F10=0,0,E10-F10) -> 0 | M10: =IFERROR(IF(E10/F10-1<=-5,"<-500%",IF(E10/F10-1>5,">500%",IF(ABS(E10/F10-1)<1%,0,E10/F10-1))),"") | O10: =IF(E10+G10=0,0,E10-G10) -> 0 | P10: =IFERROR(IF(E10/G10-1<=-5,"<-500%",IF(E10/G10-1>5,">500%",IF(ABS(E10/G10-1)<1%,0,E10/G10-1))),"") | R10: =IF(I10+J10=0,0,I10-J10) -> 0 | S10: =IFERROR(IF(I10/J10-1<=-5,"<-500%",IF(I10/J10-1>5,">500%",IF(ABS(I10/J10-1)<1%,0,I10/J10-1))),"")
C11: Assets held for sale | L11: =IF(E11+F11=0,0,E11-F11) -> 0 | M11: =IFERROR(IF(E11/F11-1<=-5,"<-500%",IF(E11/F11-1>5,">500%",IF(ABS(E11/F11-1)<1%,0,E11/F11-1))),"") | O11: =IF(E11+G11=0,0,E11-G11) -> 0 | P11: =IFERROR(IF(E11/G11-1<=-5,"<-500%",IF(E11/G11-1>5,">500%",IF(ABS(E11/G11-1)<1%,0,E11/G11-1))),"") | R11: =IF(I11+J11=0,0,I11-J11) -> 0 | S11: =IFERROR(IF(I11/J11-1<=-5,"<-500%",IF(I11/J11-1>5,">500%",IF(ABS(I11/J11-1)<1%,0,I11/J11-1))),"")
C12: Prepaid expenses and other current | L12: =IF(E12+F12=0,0,E12-F12) -> 0 | M12: =IFERROR(IF(E12/F12-1<=-5,"<-500%",IF(E12/F12-1>5,">500%",IF(ABS(E12/F12-1)<1%,0,E12/F12-1))),"") | O12: =IF(E12+G12=0,0,E12-G12) -> 0 | P12: =IFERROR(IF(E12/G12-1<=-5,"<-500%",IF(E12/G12-1>5,">500%",IF(ABS(E12/G12-1)<1%,0,E12/G12-1))),"") | R12: =IF(I12+J12=0,0,I12-J12) -> 0 | S12: =IFERROR(IF(I12/J12-1<=-5,"<-500%",IF(I12/J12-1>5,">500%",IF(ABS(I12/J12-1)<1%,0,I12/J12-1))),"")
C13: Total Current Assets | E13: =SUM(E7:E12) -> 2.5 | F13: =SUM(F7:F12) -> 1.2 | G13: =SUM(G7:G12) -> 3.6 | I13: =SUM(I7:I12) -> 5.1 | J13: =SUM(J7:J12) -> 3.7 | L13: =IF(E13+F13=0,0,E13-F13) -> 1.3 | M13: =IFERROR(IF(E13/F13-1<=-5,"<-500%",IF(E13/F13-1>5,">500%",IF(ABS(E13/F13-1)<1%,0,E13/F13-1))),"") -> 1.0833333 | O13: =IF(E13+G13=0,0,E13-G13) -> -1.1 | P13: =IFERROR(IF(E13/G13-1<=-5,"<-500%",IF(E13/G13-1>5,">500%",IF(ABS(E13/G13-1)<1%,0,E13/G13-1))),"") -> -0.30555556 | R13: =IF(I13+J13=0,0,I13-J13) -> 1.4 | S13: =IFERROR(IF(I13/J13-1<=-5,"<-500%",IF(I13/J13-1>5,">500%",IF(ABS(I13/J13-1)<1%,0,I13/J13-1))),"") -> 0.37837838
C15: Fixed Assets | E15: =E12-E13 -> -2.5 | F15: =F12-F13 -> -1.2 | G15: =G12-G13 -> -3.6 | I15: =I12-I13 -> -5.1 | J15: =J12-J13 -> -3.7 | L15: =IF(E15+F15=0,0,E15-F15) -> -1.3 | M15: =IFERROR(IF(E15/F15-1<=-5,"<-500%",IF(E15/F15-1>5,">500%",IF(ABS(E15/F15-1)<1%,0,E15/F15-1))),"") -> 1.0833333 | O15: =IF(E15+G15=0,0,E15-G15) -> 1.1 | P15: =IFERROR(IF(E15/G15-1<=-5,"<-500%",IF(E15/G15-1>5,">500%",IF(ABS(E15/G15-1)<1%,0,E15/G15-1))),"") -> -0.30555556 | R15: =IF(I15+J15=0,0,I15-J15) -> -1.4 | S15: =IFERROR(IF(I15/J15-1<=-5,"<-500%",IF(I15/J15-1>5,">500%",IF(ABS(I15/J15-1)<1%,0,I15/J15-1))),"") -> 0.37837838
C16: Capital expenditures | E16: 33.6 | F16: 29.9 | G16: 33.4 | I16: 35.3 | J16: 12.5 | L16: =IF(E16+F16=0,0,E16-F16) -> 3.7 | M16: =IFERROR(IF(E16/F16-1<=-5,"<-500%",IF(E16/F16-1>5,">500%",IF(ABS(E16/F16-1)<1%,0,E16/F16-1))),"") -> 0.12374582 | O16: =IF(E16+G16=0,0,E16-G16) -> 0.2 | P16: =IFERROR(IF(E16/G16-1<=-5,"<-500%",IF(E16/G16-1>5,">500%",IF(ABS(E16/G16-1)<1%,0,E16/G16-1))),"") -> 0 | R16: =IF(I16+J16=0,0,I16-J16) -> 22.8 | S16: =IFERROR(IF(I16/J16-1<=-5,"<-500%",IF(I16/J16-1>5,">500%",IF(ABS(I16/J16-1)<1%,0,I16/J16-1))),"") -> 1.824
C17: (Accumulated Depreciation) | L17: =IF(E17+F17=0,0,E17-F17) -> 0 | M17: =IFERROR(IF(E17/F17-1<=-5,"<-500%",IF(E17/F17-1>5,">500%",IF(ABS(E17/F17-1)<1%,0,E17/F17-1))),"") | O17: =IF(E17+G17=0,0,E17-G17) -> 0 | P17: =IFERROR(IF(E17/G17-1<=-5,"<-500%",IF(E17/G17-1>5,">500%",IF(ABS(E17/G17-1)<1%,0,E17/G17-1))),"") | R17: =IF(I17+J17=0,0,I17-J17) -> 0 | S17: =IFERROR(IF(I17/J17-1<=-5,"<-500%",IF(I17/J17-1>5,">500%",IF(ABS(I17/J17-1)<1%,0,I17/J17-1))),"")
C18: Net Fixed Assets | E18: =E16-E17 -> 33.6 | F18: =F16-F17 -> 29.9 | G18: =G16-G17 -> 33.4 | I18: =I16-I17 -> 35.3 | J18: =J16-J17 -> 12.5 | L18: =IF(E18+F18=0,0,E18-F18) -> 3.7 | M18: =IFERROR(IF(E18/F18-1<=-5,"<-500%",IF(E18/F18-1>5,">500%",IF(ABS(E18/F18-1)<1%,0,E18/F18-1))),"") -> 0.12374582 | O18: =IF(E18+G18=0,0,E18-G18) -> 0.2 | P18: =IFERROR(IF(E18/G18-1<=-5,"<-500%",IF(E18/G18-1>5,">500%",IF(ABS(E18/G18-1)<1%,0,E18/G18-1))),"") -> 0 | R18: =IF(I18+J18=0,0,I18-J18) -> 22.8 | S18: =IFERROR(IF(I18/J18-1<=-5,"<-500%",IF(I18/J18-1>5,">500%",IF(ABS(I18/J18-1)<1%,0,I18/J18-1))),"") -> 1.824
C20: Goodwill, net | E20: 7.1 | F20: 1.9 | G20: 0.1 | I20: 2.5 | J20: 3.6 | L20: =IF(E20+F20=0,0,E20-F20) -> 5.2 | M20: =IFERROR(IF(E20/F20-1<=-5,"<-500%",IF(E20/F20-1>5,">500%",IF(ABS(E20/F20-1)<1%,0,E20/F20-1))),"") -> 2.7368421 | O20: =IF(E20+G20=0,0,E20-G20) -> 7 | P20: =IFERROR(IF(E20/G20-1<=-5,"<-500%",IF(E20/G20-1>5,">500%",IF(ABS(E20/G20-1)<1%,0,E20/G20-1))),"") -> >500% | R20: =IF(I20+J20=0,0,I20-J20) -> -1.1 | S20: =IFERROR(IF(I20/J20-1<=-5,"<-500%",IF(I20/J20-1>5,">500%",IF(ABS(I20/J20-1)<1%,0,I20/J20-1))),"") -> -0.30555556
C21: Other intangible assets, net | L21: =IF(E21+F21=0,0,E21-F21) -> 0 | M21: =IFERROR(IF(E21/F21-1<=-5,"<-500%",IF(E21/F21-1>5,">500%",IF(ABS(E21/F21-1)<1%,0,E21/F21-1))),"") | O21: =IF(E21+G21=0,0,E21-G21) -> 0 | P21: =IFERROR(IF(E21/G21-1<=-5,"<-500%",IF(E21/G21-1>5,">500%",IF(ABS(E21/G21-1)<1%,0,E21/G21-1))),"") | R21: =IF(I21+J21=0,0,I21-J21) -> 0 | S21: =IFERROR(IF(I21/J21-1<=-5,"<-500%",IF(I21/J21-1>5,">500%",IF(ABS(I21/J21-1)<1%,0,I21/J21-1))),"")
C22: Other/Miscellaneous | L22: =IF(E22+F22=0,0,E22-F22) -> 0 | M22: =IFERROR(IF(E22/F22-1<=-5,"<-500%",IF(E22/F22-1>5,">500%",IF(ABS(E22/F22-1)<1%,0,E22/F22-1))),"") | O22: =IF(E22+G22=0,0,E22-G22) -> 0 | P22: =IFERROR(IF(E22/G22-1<=-5,"<-500%",IF(E22/G22-1>5,">500%",IF(ABS(E22/G22-1)<1%,0,E22/G22-1))),"") | R22: =IF(I22+J22=0,0,I22-J22) -> 0 | S22: =IFERROR(IF(I22/J22-1<=-5,"<-500%",IF(I22/J22-1>5,">500%",IF(ABS(I22/J22-1)<1%,0,I22/J22-1))),"")
C23: Other Assets | E23: =SUM(E20:E22) -> 7.1 | F23: =SUM(F20:F22) -> 1.9 | G23: =SUM(G16:G22) -> 66.9 | I23: =SUM(I20:I22) -> 2.5 | J23: =SUM(J20:J22) -> 3.6 | L23: =IF(E23+F23=0,0,E23-F23) -> 5.2 | M23: =IFERROR(IF(E23/F23-1<=-5,"<-500%",IF(E23/F23-1>5,">500%",IF(ABS(E23/F23-1)<1%,0,E23/F23-1))),"") -> 2.7368421 | O23: =IF(E23+G23=0,0,E23-G23) -> -59.8 | P23: =IFERROR(IF(E23/G23-1<=-5,"<-500%",IF(E23/G23-1>5,">500%",IF(ABS(E23/G23-1)<1%,0,E23/G23-1))),"") -> -0.89387145 | R23: =IF(I23+J23=0,0,I23-J23) -> -1.1 | S23: =IFERROR(IF(I23/J23-1<=-5,"<-500%",IF(I23/J23-1>5,">500%",IF(ABS(I23/J23-1)<1%,0,I23/J23-1))),"") -> -0.30555556
C24: Total Assets | E24: =SUM(E13,E18,E23) -> 43.2 | F24: =SUM(F13,F18,F23) -> 33 | G24: =SUM(G13,G18,G23) -> 103.9 | I24: =SUM(I13,I18,I23) -> 42.9 | J24: =SUM(J13,J18,J23) -> 19.8 | L24: =IF(E24+F24=0,0,E24-F24) -> 10.2 | M24: =IFERROR(IF(E24/F24-1<=-5,"<-500%",IF(E24/F24-1>5,">500%",IF(ABS(E24/F24-1)<1%,0,E24/F24-1))),"") -> 0.30909091 | O24: =IF(E24+G24=0,0,E24-G24) -> -60.7 | P24: =IFERROR(IF(E24/G24-1<=-5,"<-500%",IF(E24/G24-1>5,">500%",IF(ABS(E24/G24-1)<1%,0,E24/G24-1))),"") -> -0.58421559 | R24: =IF(I24+J24=0,0,I24-J24) -> 23.1 | S24: =IFERROR(IF(I24/J24-1<=-5,"<-500%",IF(I24/J24-1>5,">500%",IF(ABS(I24/J24-1)<1%,0,I24/J24-1))),"") -> 1.1666667
C26: Current Liabilities
C27: Accounts payable and accrued expenses | E27: 1.2 | F27: 5.2 | G27: 4.8 | I27: 6.5 | J27: 5 | L27: =IF(E27+F27=0,0,E27-F27) -> -4 | M27: =IFERROR(IF(E27/F27-1<=-5,"<-500%",IF(E27/F27-1>5,">500%",IF(ABS(E27/F27-1)<1%,0,E27/F27-1))),"") -> -0.76923077 | O27: =IF(E27+G27=0,0,E27-G27) -> -3.6 | P27: =IFERROR(IF(E27/G27-1<=-5,"<-500%",IF(E27/G27-1>5,">500%",IF(ABS(E27/G27-1)<1%,0,E27/G27-1))),"") -> -0.75 | R27: =IF(I27+J27=0,0,I27-J27) -> 1.5 | S27: =IFERROR(IF(I27/J27-1<=-5,"<-500%",IF(I27/J27-1>5,">500%",IF(ABS(I27/J27-1)<1%,0,I27/J27-1))),"") -> 0.3
C28: Dividends payable | L28: =IF(E28+F28=0,0,E28-F28) -> 0 | M28: =IFERROR(IF(E28/F28-1<=-5,"<-500%",IF(E28/F28-1>5,">500%",IF(ABS(E28/F28-1)<1%,0,E28/F28-1))),"") | O28: =IF(E28+G28=0,0,E28-G28) -> 0 | P28: =IFERROR(IF(E28/G28-1<=-5,"<-500%",IF(E28/G28-1>5,">500%",IF(ABS(E28/G28-1)<1%,0,E28/G28-1))),"") | R28: =IF(I28+J28=0,0,I28-J28) -> 0 | S28: =IFERROR(IF(I28/J28-1<=-5,"<-500%",IF(I28/J28-1>5,">500%",IF(ABS(I28/J28-1)<1%,0,I28/J28-1))),"")
C29: Notes payable, current | L29: =IF(E29+F29=0,0,E29-F29) -> 0 | M29: =IFERROR(IF(E29/F29-1<=-5,"<-500%",IF(E29/F29-1>5,">500%",IF(ABS(E29/F29-1)<1%,0,E29/F29-1))),"") | O29: =IF(E29+G29=0,0,E29-G29) -> 0 | P29: =IFERROR(IF(E29/G29-1<=-5,"<-500%",IF(E29/G29-1>5,">500%",IF(ABS(E29/G29-1)<1%,0,E29/G29-1))),"") | R29: =IF(I29+J29=0,0,I29-J29) -> 0 | S29: =IFERROR(IF(I29/J29-1<=-5,"<-500%",IF(I29/J29-1>5,">500%",IF(ABS(I29/J29-1)<1%,0,I29/J29-1))),"")
C30: Capital leases, current | L30: =IF(E30+F30=0,0,E30-F30) -> 0 | M30: =IFERROR(IF(E30/F30-1<=-5,"<-500%",IF(E30/F30-1>5,">500%",IF(ABS(E30/F30-1)<1%,0,E30/F30-1))),"") | O30: =IF(E30+G30=0,0,E30-G30) -> 0 | P30: =IFERROR(IF(E30/G30-1<=-5,"<-500%",IF(E30/G30-1>5,">500%",IF(ABS(E30/G30-1)<1%,0,E30/G30-1))),"") | R30: =IF(I30+J30=0,0,I30-J30) -> 0 | S30: =IFERROR(IF(I30/J30-1<=-5,"<-500%",IF(I30/J30-1>5,">500%",IF(ABS(I30/J30-1)<1%,0,I30/J30-1))),"")
C31: Uncompleted Contracts | L31: =IF(E31+F31=0,0,E31-F31) -> 0 | M31: =IFERROR(IF(E31/F31-1<=-5,"<-500%",IF(E31/F31-1>5,">500%",IF(ABS(E31/F31-1)<1%,0,E31/F31-1))),"") | O31: =IF(E31+G31=0,0,E31-G31) -> 0 | P31: =IFERROR(IF(E31/G31-1<=-5,"<-500%",IF(E31/G31-1>5,">500%",IF(ABS(E31/G31-1)<1%,0,E31/G31-1))),"") | R31: =IF(I31+J31=0,0,I31-J31) -> 0 | S31: =IFERROR(IF(I31/J31-1<=-5,"<-500%",IF(I31/J31-1>5,">500%",IF(ABS(I31/J31-1)<1%,0,I31/J31-1))),"")
C32: Customer advances | L32: =IF(E32+F32=0,0,E32-F32) -> 0 | M32: =IFERROR(IF(E32/F32-1<=-5,"<-500%",IF(E32/F32-1>5,">500%",IF(ABS(E32/F32-1)<1%,0,E32/F32-1))),"") | O32: =IF(E32+G32=0,0,E32-G32) -> 0 | P32: =IFERROR(IF(E32/G32-1<=-5,"<-500%",IF(E32/G32-1>5,">500%",IF(ABS(E32/G32-1)<1%,0,E32/G32-1))),"") | R32: =IF(I32+J32=0,0,I32-J32) -> 0 | S32: =IFERROR(IF(I32/J32-1<=-5,"<-500%",IF(I32/J32-1>5,">500%",IF(ABS(I32/J32-1)<1%,0,I32/J32-1))),"")
C33: Liabilites related to assets held for sale | L33: =IF(E33+F33=0,0,E33-F33) -> 0 | M33: =IFERROR(IF(E33/F33-1<=-5,"<-500%",IF(E33/F33-1>5,">500%",IF(ABS(E33/F33-1)<1%,0,E33/F33-1))),"") | O33: =IF(E33+G33=0,0,E33-G33) -> 0 | P33: =IFERROR(IF(E33/G33-1<=-5,"<-500%",IF(E33/G33-1>5,">500%",IF(ABS(E33/G33-1)<1%,0,E33/G33-1))),"") | R33: =IF(I33+J33=0,0,I33-J33) -> 0 | S33: =IFERROR(IF(I33/J33-1<=-5,"<-500%",IF(I33/J33-1>5,">500%",IF(ABS(I33/J33-1)<1%,0,I33/J33-1))),"")
C34: Deferred revenue, current | L34: =IF(E34+F34=0,0,E34-F34) -> 0 | M34: =IFERROR(IF(E34/F34-1<=-5,"<-500%",IF(E34/F34-1>5,">500%",IF(ABS(E34/F34-1)<1%,0,E34/F34-1))),"") | O34: =IF(E34+G34=0,0,E34-G34) -> 0 | P34: =IFERROR(IF(E34/G34-1<=-5,"<-500%",IF(E34/G34-1>5,">500%",IF(ABS(E34/G34-1)<1%,0,E34/G34-1))),"") | R34: =IF(I34+J34=0,0,I34-J34) -> 0 | S34: =IFERROR(IF(I34/J34-1<=-5,"<-500%",IF(I34/J34-1>5,">500%",IF(ABS(I34/J34-1)<1%,0,I34/J34-1))),"")
C35: Total Current Liabilities | E35: =SUM(E27:E34) -> 1.2 | F35: =SUM(F27:F34) -> 5.2 | G35: =SUM(G27:G34) -> 4.8 | I35: =SUM(I27:I34) -> 6.5 | J35: =SUM(J27:J34) -> 5 | L35: =IF(E35+F35=0,0,E35-F35) -> -4 | M35: =IFERROR(IF(E35/F35-1<=-5,"<-500%",IF(E35/F35-1>5,">500%",IF(ABS(E35/F35-1)<1%,0,E35/F35-1))),"") -> -0.76923077 | O35: =IF(E35+G35=0,0,E35-G35) -> -3.6 | P35: =IFERROR(IF(E35/G35-1<=-5,"<-500%",IF(E35/G35-1>5,">500%",IF(ABS(E35/G35-1)<1%,0,E35/G35-1))),"") -> -0.75 | R35: =IF(I35+J35=0,0,I35-J35) -> 1.5 | S35: =IFERROR(IF(I35/J35-1<=-5,"<-500%",IF(I35/J35-1>5,">500%",IF(ABS(I35/J35-1)<1%,0,I35/J35-1))),"") -> 0.3
C37: Long-term Liabilities
C38: Notes payable, long term | E38: 2.8 | F38: 6.4 | G38: 8.8 | I38: 7.7 | J38: 4.6 | L38: =IF(E38+F38=0,0,E38-F38) -> -3.6 | M38: =IFERROR(IF(E38/F38-1<=-5,"<-500%",IF(E38/F38-1>5,">500%",IF(ABS(E38/F38-1)<1%,0,E38/F38-1))),"") -> -0.5625 | O38: =IF(E38+G38=0,0,E38-G38) -> -6 | P38: =IFERROR(IF(E38/G38-1<=-5,"<-500%",IF(E38/G38-1>5,">500%",IF(ABS(E38/G38-1)<1%,0,E38/G38-1))),"") -> -0.68181818 | R38: =IF(I38+J38=0,0,I38-J38) -> 3.1 | S38: =IFERROR(IF(I38/J38-1<=-5,"<-500%",IF(I38/J38-1>5,">500%",IF(ABS(I38/J38-1)<1%,0,I38/J38-1))),"") -> 0.67391304
C39: Capital leases, long term | L39: =IF(E39+F39=0,0,E39-F39) -> 0 | M39: =IFERROR(IF(E39/F39-1<=-5,"<-500%",IF(E39/F39-1>5,">500%",IF(ABS(E39/F39-1)<1%,0,E39/F39-1))),"") | O39: =IF(E39+G39=0,0,E39-G39) -> 0 | P39: =IFERROR(IF(E39/G39-1<=-5,"<-500%",IF(E39/G39-1>5,">500%",IF(ABS(E39/G39-1)<1%,0,E39/G39-1))),"") | R39: =IF(I39+J39=0,0,I39-J39) -> 0 | S39: =IFERROR(IF(I39/J39-1<=-5,"<-500%",IF(I39/J39-1>5,">500%",IF(ABS(I39/J39-1)<1%,0,I39/J39-1))),"")
C40: Deferred revenue, long term | L40: =IF(E40+F40=0,0,E40-F40) -> 0 | M40: =IFERROR(IF(E40/F40-1<=-5,"<-500%",IF(E40/F40-1>5,">500%",IF(ABS(E40/F40-1)<1%,0,E40/F40-1))),"") | O40: =IF(E40+G40=0,0,E40-G40) -> 0 | P40: =IFERROR(IF(E40/G40-1<=-5,"<-500%",IF(E40/G40-1>5,">500%",IF(ABS(E40/G40-1)<1%,0,E40/G40-1))),"") | R40: =IF(I40+J40=0,0,I40-J40) -> 0 | S40: =IFERROR(IF(I40/J40-1<=-5,"<-500%",IF(I40/J40-1>5,">500%",IF(ABS(I40/J40-1)<1%,0,I40/J40-1))),"")
C41: Total Long-Term Liabilities | E41: =SUM(E38:E40) -> 2.8 | F41: =SUM(F38:F40) -> 6.4 | G41: =SUM(G38:G40) -> 8.8 | I41: =SUM(I38:I40) -> 7.7 | J41: =SUM(J38:J40) -> 4.6 | L41: =IF(E41+F41=0,0,E41-F41) -> -3.6 | M41: =IFERROR(IF(E41/F41-1<=-5,"<-500%",IF(E41/F41-1>5,">500%",IF(ABS(E41/F41-1)<1%,0,E41/F41-1))),"") -> -0.5625 | O41: =IF(E41+G41=0,0,E41-G41) -> -6 | P41: =IFERROR(IF(E41/G41-1<=-5,"<-500%",IF(E41/G41-1>5,">500%",IF(ABS(E41/G41-1)<1%,0,E41/G41-1))),"") -> -0.68181818 | R41: =IF(I41+J41=0,0,I41-J41) -> 3.1 | S41: =IFERROR(IF(I41/J41-1<=-5,"<-500%",IF(I41/J41-1>5,">500%",IF(ABS(I41/J41-1)<1%,0,I41/J41-1))),"") -> 0.67391304
C42: Total Liabilities | E42: =+E35+E41 -> 4 | F42: =+F35+F41 -> 11.6 | G42: =+G35+G41 -> 13.6 | I42: =+I35+I41 -> 14.2 | J42: =+J35+J41 -> 9.6 | L42: =IF(E42+F42=0,0,E42-F42) -> -7.6 | M42: =IFERROR(IF(E42/F42-1<=-5,"<-500%",IF(E42/F42-1>5,">500%",IF(ABS(E42/F42-1)<1%,0,E42/F42-1))),"") -> -0.65517241 | O42: =IF(E42+G42=0,0,E42-G42) -> -9.6 | P42: =IFERROR(IF(E42/G42-1<=-5,"<-500%",IF(E42/G42-1>5,">500%",IF(ABS(E42/G42-1)<1%,0,E42/G42-1))),"") -> -0.70588235 | R42: =IF(I42+J42=0,0,I42-J42) -> 4.6 | S42: =IFERROR(IF(I42/J42-1<=-5,"<-500%",IF(I42/J42-1>5,">500%",IF(ABS(I42/J42-1)<1%,0,I42/J42-1))),"") -> 0.47916667
C44: Equity
C45: Common Stock | E45: 3.6 | F45: 5.8 | G45: 7.8 | I45: 3.4 | J45: 2.2 | L45: =IF(E45+F45=0,0,E45-F45) -> -2.2 | M45: =IFERROR(IF(E45/F45-1<=-5,"<-500%",IF(E45/F45-1>5,">500%",IF(ABS(E45/F45-1)<1%,0,E45/F45-1))),"") -> -0.37931034 | O45: =IF(E45+G45=0,0,E45-G45) -> -4.2 | P45: =IFERROR(IF(E45/G45-1<=-5,"<-500%",IF(E45/G45-1>5,">500%",IF(ABS(E45/G45-1)<1%,0,E45/G45-1))),"") -> -0.53846154 | R45: =IF(I45+J45=0,0,I45-J45) -> 1.2 | S45: =IFERROR(IF(I45/J45-1<=-5,"<-500%",IF(I45/J45-1>5,">500%",IF(ABS(I45/J45-1)<1%,0,I45/J45-1))),"") -> 0.54545455
C46: Preferred - Series B | L46: =IF(E46+F46=0,0,E46-F46) -> 0 | M46: =IFERROR(IF(E46/F46-1<=-5,"<-500%",IF(E46/F46-1>5,">500%",IF(ABS(E46/F46-1)<1%,0,E46/F46-1))),"") | O46: =IF(E46+G46=0,0,E46-G46) -> 0 | P46: =IFERROR(IF(E46/G46-1<=-5,"<-500%",IF(E46/G46-1>5,">500%",IF(ABS(E46/G46-1)<1%,0,E46/G46-1))),"") | R46: =IF(I46+J46=0,0,I46-J46) -> 0 | S46: =IFERROR(IF(I46/J46-1<=-5,"<-500%",IF(I46/J46-1>5,">500%",IF(ABS(I46/J46-1)<1%,0,I46/J46-1))),"")
C47: Preferred - Series D | L47: =IF(E47+F47=0,0,E47-F47) -> 0 | M47: =IFERROR(IF(E47/F47-1<=-5,"<-500%",IF(E47/F47-1>5,">500%",IF(ABS(E47/F47-1)<1%,0,E47/F47-1))),"") | O47: =IF(E47+G47=0,0,E47-G47) -> 0 | P47: =IFERROR(IF(E47/G47-1<=-5,"<-500%",IF(E47/G47-1>5,">500%",IF(ABS(E47/G47-1)<1%,0,E47/G47-1))),"") | R47: =IF(I47+J47=0,0,I47-J47) -> 0 | S47: =IFERROR(IF(I47/J47-1<=-5,"<-500%",IF(I47/J47-1>5,">500%",IF(ABS(I47/J47-1)<1%,0,I47/J47-1))),"")
C48: Preferred - Series E Convertible | L48: =IF(E48+F48=0,0,E48-F48) -> 0 | M48: =IFERROR(IF(E48/F48-1<=-5,"<-500%",IF(E48/F48-1>5,">500%",IF(ABS(E48/F48-1)<1%,0,E48/F48-1))),"") | O48: =IF(E48+G48=0,0,E48-G48) -> 0 | P48: =IFERROR(IF(E48/G48-1<=-5,"<-500%",IF(E48/G48-1>5,">500%",IF(ABS(E48/G48-1)<1%,0,E48/G48-1))),"") | R48: =IF(I48+J48=0,0,I48-J48) -> 0 | S48: =IFERROR(IF(I48/J48-1<=-5,"<-500%",IF(I48/J48-1>5,">500%",IF(ABS(I48/J48-1)<1%,0,I48/J48-1))),"")
C49: Minority Interests | L49: =IF(E49+F49=0,0,E49-F49) -> 0 | M49: =IFERROR(IF(E49/F49-1<=-5,"<-500%",IF(E49/F49-1>5,">500%",IF(ABS(E49/F49-1)<1%,0,E49/F49-1))),"") | O49: =IF(E49+G49=0,0,E49-G49) -> 0 | P49: =IFERROR(IF(E49/G49-1<=-5,"<-500%",IF(E49/G49-1>5,">500%",IF(ABS(E49/G49-1)<1%,0,E49/G49-1))),"") | R49: =IF(I49+J49=0,0,I49-J49) -> 0 | S49: =IFERROR(IF(I49/J49-1<=-5,"<-500%",IF(I49/J49-1>5,">500%",IF(ABS(I49/J49-1)<1%,0,I49/J49-1))),"")
C50: Unallocated Option Pool | L50: =IF(E50+F50=0,0,E50-F50) -> 0 | M50: =IFERROR(IF(E50/F50-1<=-5,"<-500%",IF(E50/F50-1>5,">500%",IF(ABS(E50/F50-1)<1%,0,E50/F50-1))),"") | O50: =IF(E50+G50=0,0,E50-G50) -> 0 | P50: =IFERROR(IF(E50/G50-1<=-5,"<-500%",IF(E50/G50-1>5,">500%",IF(ABS(E50/G50-1)<1%,0,E50/G50-1))),"") | R50: =IF(I50+J50=0,0,I50-J50) -> 0 | S50: =IFERROR(IF(I50/J50-1<=-5,"<-500%",IF(I50/J50-1>5,">500%",IF(ABS(I50/J50-1)<1%,0,I50/J50-1))),"")
C51: Additional Paid-in-Capital | L51: =IF(E51+F51=0,0,E51-F51) -> 0 | M51: =IFERROR(IF(E51/F51-1<=-5,"<-500%",IF(E51/F51-1>5,">500%",IF(ABS(E51/F51-1)<1%,0,E51/F51-1))),"") | O51: =IF(E51+G51=0,0,E51-G51) -> 0 | P51: =IFERROR(IF(E51/G51-1<=-5,"<-500%",IF(E51/G51-1>5,">500%",IF(ABS(E51/G51-1)<1%,0,E51/G51-1))),"") | R51: =IF(I51+J51=0,0,I51-J51) -> 0 | S51: =IFERROR(IF(I51/J51-1<=-5,"<-500%",IF(I51/J51-1>5,">500%",IF(ABS(I51/J51-1)<1%,0,I51/J51-1))),"")
C52: Retained Earnings | L52: =IF(E52+F52=0,0,E52-F52) -> 0 | M52: =IFERROR(IF(E52/F52-1<=-5,"<-500%",IF(E52/F52-1>5,">500%",IF(ABS(E52/F52-1)<1%,0,E52/F52-1))),"") | O52: =IF(E52+G52=0,0,E52-G52) -> 0 | P52: =IFERROR(IF(E52/G52-1<=-5,"<-500%",IF(E52/G52-1>5,">500%",IF(ABS(E52/G52-1)<1%,0,E52/G52-1))),"") | R52: =IF(I52+J52=0,0,I52-J52) -> 0 | S52: =IFERROR(IF(I52/J52-1<=-5,"<-500%",IF(I52/J52-1>5,">500%",IF(ABS(I52/J52-1)<1%,0,I52/J52-1))),"")
C53: Total Shareholders' Equity | E53: =SUM(E45:E52) -> 3.6 | F53: =SUM(F45:F52) -> 5.8 | G53: =SUM(G45:G52) -> 7.8 | I53: =SUM(I45:I52) -> 3.4 | J53: =SUM(J45:J52) -> 2.2 | L53: =IF(E53+F53=0,0,E53-F53) -> -2.2 | M53: =IFERROR(IF(E53/F53-1<=-5,"<-500%",IF(E53/F53-1>5,">500%",IF(ABS(E53/F53-1)<1%,0,E53/F53-1))),"") -> -0.37931034 | O53: =IF(E53+G53=0,0,E53-G53) -> -4.2 | P53: =IFERROR(IF(E53/G53-1<=-5,"<-500%",IF(E53/G53-1>5,">500%",IF(ABS(E53/G53-1)<1%,0,E53/G53-1))),"") -> -0.53846154 | R53: =IF(I53+J53=0,0,I53-J53) -> 1.2 | S53: =IFERROR(IF(I53/J53-1<=-5,"<-500%",IF(I53/J53-1>5,">500%",IF(ABS(I53/J53-1)<1%,0,I53/J53-1))),"") -> 0.54545455
C54: Total Liabilities + Equity | E54: =SUM(E42,E53) -> 7.6 | F54: =SUM(F42,F53) -> 17.4 | G54: =SUM(G42,G53) -> 21.4 | I54: =SUM(I42,I53) -> 17.6 | J54: =SUM(J42,J53) -> 11.8 | L54: =IF(E54+F54=0,0,E54-F54) -> -9.8 | M54: =IFERROR(IF(E54/F54-1<=-5,"<-500%",IF(E54/F54-1>5,">500%",IF(ABS(E54/F54-1)<1%,0,E54/F54-1))),"") -> -0.56321839 | O54: =IF(E54+G54=0,0,E54-G54) -> -13.8 | P54: =IFERROR(IF(E54/G54-1<=-5,"<-500%",IF(E54/G54-1>5,">500%",IF(ABS(E54/G54-1)<1%,0,E54/G54-1))),"") -> -0.64485981 | R54: =IF(I54+J54=0,0,I54-J54) -> 5.8 | S54: =IFERROR(IF(I54/J54-1<=-5,"<-500%",IF(I54/J54-1>5,">500%",IF(ABS(I54/J54-1)<1%,0,I54/J54-1))),"") -> 0.49152542
C55: Asset Excess/Shortfall | E55: =E24-E54 -> 35.6 | F55: =F24-F54 -> 15.6 | G55: =G24-G54 -> 82.5 | I55: =I24-I54 -> 25.3 | J55: =J24-J54 -> 8 | L55: =IF(E55+F55=0,0,E55-F55) -> 20 | M55: =IFERROR(IF(E55/F55-1<=-5,"<-500%",IF(E55/F55-1>5,">500%",IF(ABS(E55/F55-1)<1%,0,E55/F55-1))),"") -> 1.2820513 | O55: =IF(E55+G55=0,0,E55-G55) -> -46.9 | P55: =IFERROR(IF(E55/G55-1<=-5,"<-500%",IF(E55/G55-1>5,">500%",IF(ABS(E55/G55-1)<1%,0,E55/G55-1))),"") -> -0.56848485 | R55: =IF(I55+J55=0,0,I55-J55) -> 17.3 | S55: =IFERROR(IF(I55/J55-1<=-5,"<-500%",IF(I55/J55-1>5,">500%",IF(ABS(I55/J55-1)<1%,0,I55/J55-1))),"") -> 2.1625
C56: Check balance | E56: =IF(ROUND(E55,10)=0,"✔","✖") -> ✖ | F56: =IF(ROUND(F55,10)=0,"✔","✖") -> ✖ | G56: =IF(ROUND(G55,10)=0,"✔","✖") -> ✖ | I56: =IF(ROUND(I55,10)=0,"✔","✖") -> ✖ | J56: =IF(ROUND(J55,10)=0,"✔","✖") -> ✖
C58: Working Capital
C59: Inventory
C60: COGS | E60: =Income!E7 -> 0 | F60: =Income!F7 -> 0 | G60: =Income!G7 -> 0 | I60: =Income!H7 -> 0 | J60: =Income!I7 -> 0 | L60: =IF(E60+F60=0,0,E60-F60) -> 0 | M60: =IFERROR(IF(E60/F60-1<=-5,"<-500%",IF(E60/F60-1>5,">500%",E60/F60-1)),"") | O60: =IF(E60+G60=0,0,E60-G60) -> 0 | P60: =IFERROR(IF(E60/G60-1<=-5,"<-500%",IF(E60/G60-1>5,">500%",E60/G60-1)),"") | R60: =IF(I60+J60=0,0,I60-J60) -> 0 | S60: =IFERROR(IF(I60/J60-1<=-5,"<-500%",IF(I60/J60-1>5,">500%",I60/J60-1)),"")
C61: Average Inventory | E61: 3.6 | F61: 1.1 | G61: 4 | I61: 2.8 | J61: 6 | L61: =IF(E61+F61=0,0,E61-F61) -> 2.5 | M61: =IFERROR(IF(E61/F61-1<=-5,"<-500%",IF(E61/F61-1>5,">500%",E61/F61-1)),"") -> 2.2727273 | O61: =IF(E61+G61=0,0,E61-G61) -> -0.4 | P61: =IFERROR(IF(E61/G61-1<=-5,"<-500%",IF(E61/G61-1>5,">500%",E61/G61-1)),"") -> -0.1 | R61: =IF(I61+J61=0,0,I61-J61) -> -3.2 | S61: =IFERROR(IF(I61/J61-1<=-5,"<-500%",IF(I61/J61-1>5,">500%",I61/J61-1)),"") -> -0.53333333
C62: Number of turns | E62: =IFERROR(E60/E61,0) -> 0 | F62: =IFERROR(F60/F61,0) -> 0 | G62: =IFERROR(G60/G61,0) -> 0 | I62: =IFERROR(I60/I61,0) -> 0 | J62: =IFERROR(J60/J61,0) -> 0 | L62: =IF(E62+F62=0,0,E62-F62) -> 0 | M62: =IFERROR(IF(E62/F62-1<=-5,"<-500%",IF(E62/F62-1>5,">500%",E62/F62-1)),"") | O62: =IF(E62+G62=0,0,E62-G62) -> 0 | P62: =IFERROR(IF(E62/G62-1<=-5,"<-500%",IF(E62/G62-1>5,">500%",E62/G62-1)),"") | R62: =IF(I62+J62=0,0,I62-J62) -> 0 | S62: =IFERROR(IF(I62/J62-1<=-5,"<-500%",IF(I62/J62-1>5,">500%",I62/J62-1)),"")
C63: Days Inventory Outstanding | E63: =IFERROR(90/E62,0) -> 0 | F63: =IFERROR(90/F62,0) -> 0 | G63: =IFERROR(90/G62,0) -> 0 | I63: =IFERROR(90/I62,0) -> 0 | J63: =IFERROR(90/J62,0) -> 0 | L63: =IF(E63+F63=0,0,E63-F63) -> 0 | M63: =IFERROR(IF(E63/F63-1<=-5,"<-500%",IF(E63/F63-1>5,">500%",E63/F63-1)),"") | O63: =IF(E63+G63=0,0,E63-G63) -> 0 | P63: =IFERROR(IF(E63/G63-1<=-5,"<-500%",IF(E63/G63-1>5,">500%",E63/G63-1)),"") | R63: =IF(I63+J63=0,0,I63-J63) -> 0 | S63: =IFERROR(IF(I63/J63-1<=-5,"<-500%",IF(I63/J63-1>5,">500%",I63/J63-1)),"")
C65: Sales / Receivables
C66: Sales | E66: =Income!E6 -> 9.2 | F66: =Income!F6 -> 8 | G66: =Income!G6 -> 10.6 | I66: =Income!H6 -> 0 | J66: =Income!I6 -> 9.8 | L66: =IF(E66+F66=0,0,E66-F66) -> 1.2 | M66: =IFERROR(IF(E66/F66-1<=-5,"<-500%",IF(E66/F66-1>5,">500%",E66/F66-1)),"") -> 0.15 | O66: =IF(E66+G66=0,0,E66-G66) -> -1.4 | P66: =IFERROR(IF(E66/G66-1<=-5,"<-500%",IF(E66/G66-1>5,">500%",E66/G66-1)),"") -> -0.13207547 | R66: =IF(I66+J66=0,0,I66-J66) -> -9.8 | S66: =IFERROR(IF(I66/J66-1<=-5,"<-500%",IF(I66/J66-1>5,">500%",I66/J66-1)),"") -> -1
C67: Average Receivables | E67: 6 | F67: 1.2 | G67: 0.4 | I67: 8.6 | J67: 3 | L67: =IF(E67+F67=0,0,E67-F67) -> 4.8 | M67: =IFERROR(IF(E67/F67-1<=-5,"<-500%",IF(E67/F67-1>5,">500%",E67/F67-1)),"") -> 4 | O67: =IF(E67+G67=0,0,E67-G67) -> 5.6 | P67: =IFERROR(IF(E67/G67-1<=-5,"<-500%",IF(E67/G67-1>5,">500%",E67/G67-1)),"") -> >500% | R67: =IF(I67+J67=0,0,I67-J67) -> 5.6 | S67: =IFERROR(IF(I67/J67-1<=-5,"<-500%",IF(I67/J67-1>5,">500%",I67/J67-1)),"") -> 1.8666667
C68: Number of turns | E68: =IFERROR(E66/E67,0) -> 1.5333333 | F68: =IFERROR(F66/F67,0) -> 6.6666667 | G68: =IFERROR(G66/G67,0) -> 26.5 | I68: =IFERROR(I66/I67,0) -> 0 | J68: =IFERROR(J66/J67,0) -> 3.2666667 | L68: =IF(E68+F68=0,0,E68-F68) -> -5.1333333 | M68: =IFERROR(IF(E68/F68-1<=-5,"<-500%",IF(E68/F68-1>5,">500%",E68/F68-1)),"") -> -0.77 | O68: =IF(E68+G68=0,0,E68-G68) -> -24.966667 | P68: =IFERROR(IF(E68/G68-1<=-5,"<-500%",IF(E68/G68-1>5,">500%",E68/G68-1)),"") -> -0.94213836 | R68: =IF(I68+J68=0,0,I68-J68) -> -3.2666667 | S68: =IFERROR(IF(I68/J68-1<=-5,"<-500%",IF(I68/J68-1>5,">500%",I68/J68-1)),"") -> -1
C69: Days Sales Outstanding | E69: =IFERROR(90/E68,0) -> 58.695652 | F69: =IFERROR(90/F68,0) -> 13.5 | G69: =IFERROR(90/G68,0) -> 3.3962264 | I69: =IFERROR(90/I68,0) -> 0 | J69: =IFERROR(90/J68,0) -> 27.55102 | L69: =IF(E69+F69=0,0,E69-F69) -> 45.195652 | M69: =IFERROR(IF(E69/F69-1<=-5,"<-500%",IF(E69/F69-1>5,">500%",E69/F69-1)),"") -> 3.3478261 | O69: =IF(E69+G69=0,0,E69-G69) -> 55.299426 | P69: =IFERROR(IF(E69/G69-1<=-5,"<-500%",IF(E69/G69-1>5,">500%",E69/G69-1)),"") -> >500% | R69: =IF(I69+J69=0,0,I69-J69) -> -27.55102 | S69: =IFERROR(IF(I69/J69-1<=-5,"<-500%",IF(I69/J69-1>5,">500%",I69/J69-1)),"") -> -1
C71: Payables
C72: Purchases | E72: 9 | F72: 5.9 | G72: 3.5 | I72: -0.5 | J72: 7.8 | L72: =IF(E72+F72=0,0,E72-F72) -> 3.1 | M72: =IFERROR(IF(E72/F72-1<=-5,"<-500%",IF(E72/F72-1>5,">500%",E72/F72-1)),"") -> 0.52542373 | O72: =IF(E72+G72=0,0,E72-G72) -> 5.5 | P72: =IFERROR(IF(E72/G72-1<=-5,"<-500%",IF(E72/G72-1>5,">500%",E72/G72-1)),"") -> 1.5714286 | R72: =IF(I72+J72=0,0,I72-J72) -> -8.3 | S72: =IFERROR(IF(I72/J72-1<=-5,"<-500%",IF(I72/J72-1>5,">500%",I72/J72-1)),"") -> -1.0641026
C73: Average Payables | L73: =IF(E73+F73=0,0,E73-F73) -> 0 | M73: =IFERROR(IF(E73/F73-1<=-5,"<-500%",IF(E73/F73-1>5,">500%",E73/F73-1)),"") | O73: =IF(E73+G73=0,0,E73-G73) -> 0 | P73: =IFERROR(IF(E73/G73-1<=-5,"<-500%",IF(E73/G73-1>5,">500%",E73/G73-1)),"") | R73: =IF(I73+J73=0,0,I73-J73) -> 0 | S73: =IFERROR(IF(I73/J73-1<=-5,"<-500%",IF(I73/J73-1>5,">500%",I73/J73-1)),"")
C74: Number of turns | E74: =IFERROR(E72/E73,0) -> 0 | F74: =IFERROR(F72/F73,0) -> 0 | G74: =IFERROR(G72/G73,0) -> 0 | I74: =IFERROR(I72/I73,0) -> 0 | J74: =IFERROR(J72/J73,0) -> 0 | L74: =IF(E74+F74=0,0,E74-F74) -> 0 | M74: =IFERROR(IF(E74/F74-1<=-5,"<-500%",IF(E74/F74-1>5,">500%",E74/F74-1)),"") | O74: =IF(E74+G74=0,0,E74-G74) -> 0 | P74: =IFERROR(IF(E74/G74-1<=-5,"<-500%",IF(E74/G74-1>5,">500%",E74/G74-1)),"") | R74: =IF(I74+J74=0,0,I74-J74) -> 0 | S74: =IFERROR(IF(I74/J74-1<=-5,"<-500%",IF(I74/J74-1>5,">500%",I74/J74-1)),"")
C75: Days Payables Outstanding | E75: =IFERROR(90/E74,0) -> 0 | F75: =IFERROR(90/F74,0) -> 0 | G75: =IFERROR(90/G74,0) -> 0 | I75: =IFERROR(90/I74,0) -> 0 | J75: =IFERROR(90/J74,0) -> 0 | L75: =IF(E75+F75=0,0,E75-F75) -> 0 | M75: =IFERROR(IF(E75/F75-1<=-5,"<-500%",IF(E75/F75-1>5,">500%",E75/F75-1)),"") | O75: =IF(E75+G75=0,0,E75-G75) -> 0 | P75: =IFERROR(IF(E75/G75-1<=-5,"<-500%",IF(E75/G75-1>5,">500%",E75/G75-1)),"") | R75: =IF(I75+J75=0,0,I75-J75) -> 0 | S75: =IFERROR(IF(I75/J75-1<=-5,"<-500%",IF(I75/J75-1>5,">500%",I75/J75-1)),"")
C77: Cash Conversion Cycle in days | E77: =E63+E69-E75 -> 58.695652 | F77: =F63+F69-F75 -> 13.5 | G77: =G63+G69-G75 -> 3.3962264 | I77: =I63+I69-I75 -> 0 | J77: =J63+J69-J75 -> 27.55102 | L77: =IF(E77+F77=0,0,E77-F77) -> 45.195652 | M77: =IFERROR(IF(E77/F77-1<=-5,"<-500%",IF(E77/F77-1>5,">500%",E77/F77-1)),"") -> 3.3478261 | O77: =IF(E77+G77=0,0,E77-G77) -> 55.299426 | P77: =IFERROR(IF(E77/G77-1<=-5,"<-500%",IF(E77/G77-1>5,">500%",E77/G77-1)),"") -> >500% | R77: =IF(I77+J77=0,0,I77-J77) -> -27.55102 | S77: =IFERROR(IF(I77/J77-1<=-5,"<-500%",IF(I77/J77-1>5,">500%",I77/J77-1)),"") -> -1

Sheet Cash
A1: info
C3: Cash Flow Statement
C4: In millions except as indicated | E4: Q current | F4: Q ⎯1 | G4: Q prior | I4: YTD current | J4: YTD prior | L4: Q / Q | M4: Q / Q % | O4: Y / Y | P4: Y / Y % | R4: YTD | S4: YTD %
C6: Operating Activities
C7: Gain/Loss from Continuing Operations | E7: 9.5 | F7: 13.5 | G7: 17 | I7: 17 | J7: 14.6 | L7: =IF(E7+F7=0,0,E7-F7) -> -4 | M7: =IFERROR(IF(E7/F7-1<=-5,"<-500%",IF(E7/F7-1>5,">500%",IF(ABS(E7/F7-1)<1%,0,E7/F7-1))),"") -> -0.2962963 | O7: =IF(E7+G7=0,0,E7-G7) -> -7.5 | P7: =IFERROR(IF(E7/G7-1<=-5,"<-500%",IF(E7/G7-1>5,">500%",IF(ABS(E7/G7-1)<1%,0,E7/G7-1))),"") -> -0.44117647 | R7: =IF(I7+J7=0,0,I7-J7) -> 2.4 | S7: =IFERROR(IF(I7/J7-1<=-5,"<-500%",IF(I7/J7-1>5,">500%",IF(ABS(I7/J7-1)<1%,0,I7/J7-1))),"") -> 0.16438356
C8: =Income!C16 -> Depreciation and amortization | L8: =IF(E8+F8=0,0,E8-F8) -> 0 | M8: =IFERROR(IF(E8/F8-1<=-5,"<-500%",IF(E8/F8-1>5,">500%",IF(ABS(E8/F8-1)<1%,0,E8/F8-1))),"") | O8: =IF(E8+G8=0,0,E8-G8) -> 0 | P8: =IFERROR(IF(E8/G8-1<=-5,"<-500%",IF(E8/G8-1>5,">500%",IF(ABS(E8/G8-1)<1%,0,E8/G8-1))),"") | R8: =IF(I8+J8=0,0,I8-J8) -> 0 | S8: =IFERROR(IF(I8/J8-1<=-5,"<-500%",IF(I8/J8-1>5,">500%",IF(ABS(I8/J8-1)<1%,0,I8/J8-1))),"")
C9: Adjustments to reconcile net earnings:
C10: Standard Activities
C11: Accounts receivable, net | E11: 7.6 | F11: -8.3 | G11: 0.5 | I11: -2.9 | J11: -1.7 | L11: =IF(E11+F11=0,0,E11-F11) -> 15.9 | M11: =IFERROR(IF(E11/F11-1<=-5,"<-500%",IF(E11/F11-1>5,">500%",IF(ABS(E11/F11-1)<1%,0,E11/F11-1))),"") -> -1.9156627 | O11: =IF(E11+G11=0,0,E11-G11) -> 7.1 | P11: =IFERROR(IF(E11/G11-1<=-5,"<-500%",IF(E11/G11-1>5,">500%",IF(ABS(E11/G11-1)<1%,0,E11/G11-1))),"") -> >500% | R11: =IF(I11+J11=0,0,I11-J11) -> -1.2 | S11: =IFERROR(IF(I11/J11-1<=-5,"<-500%",IF(I11/J11-1>5,">500%",IF(ABS(I11/J11-1)<1%,0,I11/J11-1))),"") -> 0.70588235
C12: Inventories, net | L12: =IF(E12+F12=0,0,E12-F12) -> 0 | M12: =IFERROR(IF(E12/F12-1<=-5,"<-500%",IF(E12/F12-1>5,">500%",IF(ABS(E12/F12-1)<1%,0,E12/F12-1))),"") | O12: =IF(E12+G12=0,0,E12-G12) -> 0 | P12: =IFERROR(IF(E12/G12-1<=-5,"<-500%",IF(E12/G12-1>5,">500%",IF(ABS(E12/G12-1)<1%,0,E12/G12-1))),"") | R12: =IF(I12+J12=0,0,I12-J12) -> 0 | S12: =IFERROR(IF(I12/J12-1<=-5,"<-500%",IF(I12/J12-1>5,">500%",IF(ABS(I12/J12-1)<1%,0,I12/J12-1))),"")
C13: Other assets | L13: =IF(E13+F13=0,0,E13-F13) -> 0 | M13: =IFERROR(IF(E13/F13-1<=-5,"<-500%",IF(E13/F13-1>5,">500%",IF(ABS(E13/F13-1)<1%,0,E13/F13-1))),"") | O13: =IF(E13+G13=0,0,E13-G13) -> 0 | P13: =IFERROR(IF(E13/G13-1<=-5,"<-500%",IF(E13/G13-1>5,">500%",IF(ABS(E13/G13-1)<1%,0,E13/G13-1))),"") | R13: =IF(I13+J13=0,0,I13-J13) -> 0 | S13: =IFERROR(IF(I13/J13-1<=-5,"<-500%",IF(I13/J13-1>5,">500%",IF(ABS(I13/J13-1)<1%,0,I13/J13-1))),"")
C14: Prepaid expenses and other current assets | L14: =IF(E14+F14=0,0,E14-F14) -> 0 | M14: =IFERROR(IF(E14/F14-1<=-5,"<-500%",IF(E14/F14-1>5,">500%",IF(ABS(E14/F14-1)<1%,0,E14/F14-1))),"") | O14: =IF(E14+G14=0,0,E14-G14) -> 0 | P14: =IFERROR(IF(E14/G14-1<=-5,"<-500%",IF(E14/G14-1>5,">500%",IF(ABS(E14/G14-1)<1%,0,E14/G14-1))),"") | R14: =IF(I14+J14=0,0,I14-J14) -> 0 | S14: =IFERROR(IF(I14/J14-1<=-5,"<-500%",IF(I14/J14-1>5,">500%",IF(ABS(I14/J14-1)<1%,0,I14/J14-1))),"")
C15: Accounts payable and accrued expenses | L15: =IF(E15+F15=0,0,E15-F15) -> 0 | M15: =IFERROR(IF(E15/F15-1<=-5,"<-500%",IF(E15/F15-1>5,">500%",IF(ABS(E15/F15-1)<1%,0,E15/F15-1))),"") | O15: =IF(E15+G15=0,0,E15-G15) -> 0 | P15: =IFERROR(IF(E15/G15-1<=-5,"<-500%",IF(E15/G15-1>5,">500%",IF(ABS(E15/G15-1)<1%,0,E15/G15-1))),"") | R15: =IF(I15+J15=0,0,I15-J15) -> 0 | S15: =IFERROR(IF(I15/J15-1<=-5,"<-500%",IF(I15/J15-1>5,">500%",IF(ABS(I15/J15-1)<1%,0,I15/J15-1))),"")
C16: Dividends payable | L16: =IF(E16+F16=0,0,E16-F16) -> 0 | M16: =IFERROR(IF(E16/F16-1<=-5,"<-500%",IF(E16/F16-1>5,">500%",IF(ABS(E16/F16-1)<1%,0,E16/F16-1))),"") | O16: =IF(E16+G16=0,0,E16-G16) -> 0 | P16: =IFERROR(IF(E16/G16-1<=-5,"<-500%",IF(E16/G16-1>5,">500%",IF(ABS(E16/G16-1)<1%,0,E16/G16-1))),"") | R16: =IF(I16+J16=0,0,I16-J16) -> 0 | S16: =IFERROR(IF(I16/J16-1<=-5,"<-500%",IF(I16/J16-1>5,">500%",IF(ABS(I16/J16-1)<1%,0,I16/J16-1))),"")
C17: Supplemental Activities
C18: =Activity!C8 -> Stock-based compensation | E18: -1 | F18: -1.6 | G18: -2.9 | I18: 5 | J18: 8.1 | L18: =IF(E18+F18=0,0,E18-F18) -> 0.6 | M18: =IFERROR(IF(E18/F18-1<=-5,"<-500%",IF(E18/F18-1>5,">500%",IF(ABS(E18/F18-1)<1%,0,E18/F18-1))),"") -> -0.375 | O18: =IF(E18+G18=0,0,E18-G18) -> 1.9 | P18: =IFERROR(IF(E18/G18-1<=-5,"<-500%",IF(E18/G18-1>5,">500%",IF(ABS(E18/G18-1)<1%,0,E18/G18-1))),"") -> -0.65517241 | R18: =IF(I18+J18=0,0,I18-J18) -> -3.1 | S18: =IFERROR(IF(I18/J18-1<=-5,"<-500%",IF(I18/J18-1>5,">500%",IF(ABS(I18/J18-1)<1%,0,I18/J18-1))),"") -> -0.38271605
C19: =Activity!C9 -> Stock and warrants issued for services | L19: =IF(E19+F19=0,0,E19-F19) -> 0 | M19: =IFERROR(IF(E19/F19-1<=-5,"<-500%",IF(E19/F19-1>5,">500%",IF(ABS(E19/F19-1)<1%,0,E19/F19-1))),"") | O19: =IF(E19+G19=0,0,E19-G19) -> 0 | P19: =IFERROR(IF(E19/G19-1<=-5,"<-500%",IF(E19/G19-1>5,">500%",IF(ABS(E19/G19-1)<1%,0,E19/G19-1))),"") | R19: =IF(I19+J19=0,0,I19-J19) -> 0 | S19: =IFERROR(IF(I19/J19-1<=-5,"<-500%",IF(I19/J19-1>5,">500%",IF(ABS(I19/J19-1)<1%,0,I19/J19-1))),"")
C20: =Activity!C10 -> Treasury share adjustment | L20: =IF(E20+F20=0,0,E20-F20) -> 0 | M20: =IFERROR(IF(E20/F20-1<=-5,"<-500%",IF(E20/F20-1>5,">500%",IF(ABS(E20/F20-1)<1%,0,E20/F20-1))),"") | O20: =IF(E20+G20=0,0,E20-G20) -> 0 | P20: =IFERROR(IF(E20/G20-1<=-5,"<-500%",IF(E20/G20-1>5,">500%",IF(ABS(E20/G20-1)<1%,0,E20/G20-1))),"") | R20: =IF(I20+J20=0,0,I20-J20) -> 0 | S20: =IFERROR(IF(I20/J20-1<=-5,"<-500%",IF(I20/J20-1>5,">500%",IF(ABS(I20/J20-1)<1%,0,I20/J20-1))),"")
C21: Gain/loss on sale of data storage assets | L21: =IF(E21+F21=0,0,E21-F21) -> 0 | M21: =IFERROR(IF(E21/F21-1<=-5,"<-500%",IF(E21/F21-1>5,">500%",IF(ABS(E21/F21-1)<1%,0,E21/F21-1))),"") | O21: =IF(E21+G21=0,0,E21-G21) -> 0 | P21: =IFERROR(IF(E21/G21-1<=-5,"<-500%",IF(E21/G21-1>5,">500%",IF(ABS(E21/G21-1)<1%,0,E21/G21-1))),"") | R21: =IF(I21+J21=0,0,I21-J21) -> 0 | S21: =IFERROR(IF(I21/J21-1<=-5,"<-500%",IF(I21/J21-1>5,">500%",IF(ABS(I21/J21-1)<1%,0,I21/J21-1))),"")
C22: =Activity!C12 -> Impairment charge | L22: =IF(E22+F22=0,0,E22-F22) -> 0 | M22: =IFERROR(IF(E22/F22-1<=-5,"<-500%",IF(E22/F22-1>5,">500%",IF(ABS(E22/F22-1)<1%,0,E22/F22-1))),"") | O22: =IF(E22+G22=0,0,E22-G22) -> 0 | P22: =IFERROR(IF(E22/G22-1<=-5,"<-500%",IF(E22/G22-1>5,">500%",IF(ABS(E22/G22-1)<1%,0,E22/G22-1))),"") | R22: =IF(I22+J22=0,0,I22-J22) -> 0 | S22: =IFERROR(IF(I22/J22-1<=-5,"<-500%",IF(I22/J22-1>5,">500%",IF(ABS(I22/J22-1)<1%,0,I22/J22-1))),"")
C23: Notes payable/receivable write-off | L23: =IF(E23+F23=0,0,E23-F23) -> 0 | M23: =IFERROR(IF(E23/F23-1<=-5,"<-500%",IF(E23/F23-1>5,">500%",IF(ABS(E23/F23-1)<1%,0,E23/F23-1))),"") | O23: =IF(E23+G23=0,0,E23-G23) -> 0 | P23: =IFERROR(IF(E23/G23-1<=-5,"<-500%",IF(E23/G23-1>5,">500%",IF(ABS(E23/G23-1)<1%,0,E23/G23-1))),"") | R23: =IF(I23+J23=0,0,I23-J23) -> 0 | S23: =IFERROR(IF(I23/J23-1<=-5,"<-500%",IF(I23/J23-1>5,">500%",IF(ABS(I23/J23-1)<1%,0,I23/J23-1))),"")
C24: =Activity!C14 -> Interest converted to equity | L24: =IF(E24+F24=0,0,E24-F24) -> 0 | M24: =IFERROR(IF(E24/F24-1<=-5,"<-500%",IF(E24/F24-1>5,">500%",IF(ABS(E24/F24-1)<1%,0,E24/F24-1))),"") | O24: =IF(E24+G24=0,0,E24-G24) -> 0 | P24: =IFERROR(IF(E24/G24-1<=-5,"<-500%",IF(E24/G24-1>5,">500%",IF(ABS(E24/G24-1)<1%,0,E24/G24-1))),"") | R24: =IF(I24+J24=0,0,I24-J24) -> 0 | S24: =IFERROR(IF(I24/J24-1<=-5,"<-500%",IF(I24/J24-1>5,">500%",IF(ABS(I24/J24-1)<1%,0,I24/J24-1))),"")
C25: =Activity!C15 -> Fees and interest paid with debt | L25: =IF(E25+F25=0,0,E25-F25) -> 0 | M25: =IFERROR(IF(E25/F25-1<=-5,"<-500%",IF(E25/F25-1>5,">500%",IF(ABS(E25/F25-1)<1%,0,E25/F25-1))),"") | O25: =IF(E25+G25=0,0,E25-G25) -> 0 | P25: =IFERROR(IF(E25/G25-1<=-5,"<-500%",IF(E25/G25-1>5,">500%",IF(ABS(E25/G25-1)<1%,0,E25/G25-1))),"") | R25: =IF(I25+J25=0,0,I25-J25) -> 0 | S25: =IFERROR(IF(I25/J25-1<=-5,"<-500%",IF(I25/J25-1>5,">500%",IF(ABS(I25/J25-1)<1%,0,I25/J25-1))),"")
C26: Changes in operating assets and liabilities:
C27: Costs > billings on uncompleted contracts | E27: 3.1 | F27: -2.6 | G27: 2.8 | I27: 1 | J27: 4.5 | L27: =IF(E27+F27=0,0,E27-F27) -> 5.7 | M27: =IFERROR(IF(E27/F27-1<=-5,"<-500%",IF(E27/F27-1>5,">500%",IF(ABS(E27/F27-1)<1%,0,E27/F27-1))),"") -> -2.1923077 | O27: =IF(E27+G27=0,0,E27-G27) -> 0.3 | P27: =IFERROR(IF(E27/G27-1<=-5,"<-500%",IF(E27/G27-1>5,">500%",IF(ABS(E27/G27-1)<1%,0,E27/G27-1))),"") -> 0.10714286 | R27: =IF(I27+J27=0,0,I27-J27) -> -3.5 | S27: =IFERROR(IF(I27/J27-1<=-5,"<-500%",IF(I27/J27-1>5,">500%",IF(ABS(I27/J27-1)<1%,0,I27/J27-1))),"") -> -0.77777778
C28: Deferred revenue | L28: =IF(E28+F28=0,0,E28-F28) -> 0 | M28: =IFERROR(IF(E28/F28-1<=-5,"<-500%",IF(E28/F28-1>5,">500%",IF(ABS(E28/F28-1)<1%,0,E28/F28-1))),"") | O28: =IF(E28+G28=0,0,E28-G28) -> 0 | P28: =IFERROR(IF(E28/G28-1<=-5,"<-500%",IF(E28/G28-1>5,">500%",IF(ABS(E28/G28-1)<1%,0,E28/G28-1))),"") | R28: =IF(I28+J28=0,0,I28-J28) -> 0 | S28: =IFERROR(IF(I28/J28-1<=-5,"<-500%",IF(I28/J28-1>5,">500%",IF(ABS(I28/J28-1)<1%,0,I28/J28-1))),"")
C29: Billings > costs on uncompleted contracts | L29: =IF(E29+F29=0,0,E29-F29) -> 0 | M29: =IFERROR(IF(E29/F29-1<=-5,"<-500%",IF(E29/F29-1>5,">500%",IF(ABS(E29/F29-1)<1%,0,E29/F29-1))),"") | O29: =IF(E29+G29=0,0,E29-G29) -> 0 | P29: =IFERROR(IF(E29/G29-1<=-5,"<-500%",IF(E29/G29-1>5,">500%",IF(ABS(E29/G29-1)<1%,0,E29/G29-1))),"") | R29: =IF(I29+J29=0,0,I29-J29) -> 0 | S29: =IFERROR(IF(I29/J29-1<=-5,"<-500%",IF(I29/J29-1>5,">500%",IF(ABS(I29/J29-1)<1%,0,I29/J29-1))),"")
C30: Customer advances | L30: =IF(E30+F30=0,0,E30-F30) -> 0 | M30: =IFERROR(IF(E30/F30-1<=-5,"<-500%",IF(E30/F30-1>5,">500%",IF(ABS(E30/F30-1)<1%,0,E30/F30-1))),"") | O30: =IF(E30+G30=0,0,E30-G30) -> 0 | P30: =IFERROR(IF(E30/G30-1<=-5,"<-500%",IF(E30/G30-1>5,">500%",IF(ABS(E30/G30-1)<1%,0,E30/G30-1))),"") | R30: =IF(I30+J30=0,0,I30-J30) -> 0 | S30: =IFERROR(IF(I30/J30-1<=-5,"<-500%",IF(I30/J30-1>5,">500%",IF(ABS(I30/J30-1)<1%,0,I30/J30-1))),"")
C31: Cash in/out from Operations | E31: =SUM(E7:E30) -> 19.2 | F31: =SUM(F7:F30) -> 1 | G31: =SUM(G7:G30) -> 17.4 | I31: =SUM(I7:I30) -> 20.1 | J31: =SUM(J7:J30) -> 25.5 | L31: =IF(E31+F31=0,0,E31-F31) -> 18.2 | M31: =IFERROR(IF(E31/F31-1<=-5,"<-500%",IF(E31/F31-1>5,">500%",IF(ABS(E31/F31-1)<1%,0,E31/F31-1))),"") -> >500% | O31: =IF(E31+G31=0,0,E31-G31) -> 1.8 | P31: =IFERROR(IF(E31/G31-1<=-5,"<-500%",IF(E31/G31-1>5,">500%",IF(ABS(E31/G31-1)<1%,0,E31/G31-1))),"") -> 0.10344828 | R31: =IF(I31+J31=0,0,I31-J31) -> -5.4 | S31: =IFERROR(IF(I31/J31-1<=-5,"<-500%",IF(I31/J31-1>5,">500%",IF(ABS(I31/J31-1)<1%,0,I31/J31-1))),"") -> -0.21176471
C33: Investing Activities
C34: Capital Expenditures | E34: -3.7 | F34: 3.5 | G34: 1.9 | I34: -22.8 | J34: -12.5 | L34: =IF(E34+F34=0,0,E34-F34) -> -7.2 | M34: =IFERROR(IF(E34/F34-1<=-5,"<-500%",IF(E34/F34-1>5,">500%",IF(ABS(E34/F34-1)<1%,0,E34/F34-1))),"") -> -2.0571429 | O34: =IF(E34+G34=0,0,E34-G34) -> -5.6 | P34: =IFERROR(IF(E34/G34-1<=-5,"<-500%",IF(E34/G34-1>5,">500%",IF(ABS(E34/G34-1)<1%,0,E34/G34-1))),"") -> -2.9473684 | R34: =IF(I34+J34=0,0,I34-J34) -> -10.3 | S34: =IFERROR(IF(I34/J34-1<=-5,"<-500%",IF(I34/J34-1>5,">500%",IF(ABS(I34/J34-1)<1%,0,I34/J34-1))),"") -> 0.824
C35: Cash from sale of data storage assets | L35: =IF(E35+F35=0,0,E35-F35) -> 0 | M35: =IFERROR(IF(E35/F35-1<=-5,"<-500%",IF(E35/F35-1>5,">500%",IF(ABS(E35/F35-1)<1%,0,E35/F35-1))),"") | O35: =IF(E35+G35=0,0,E35-G35) -> 0 | P35: =IFERROR(IF(E35/G35-1<=-5,"<-500%",IF(E35/G35-1>5,">500%",IF(ABS(E35/G35-1)<1%,0,E35/G35-1))),"") | R35: =IF(I35+J35=0,0,I35-J35) -> 0 | S35: =IFERROR(IF(I35/J35-1<=-5,"<-500%",IF(I35/J35-1>5,">500%",IF(ABS(I35/J35-1)<1%,0,I35/J35-1))),"")
C36: Patent renewal and other | L36: =IF(E36+F36=0,0,E36-F36) -> 0 | M36: =IFERROR(IF(E36/F36-1<=-5,"<-500%",IF(E36/F36-1>5,">500%",IF(ABS(E36/F36-1)<1%,0,E36/F36-1))),"") | O36: =IF(E36+G36=0,0,E36-G36) -> 0 | P36: =IFERROR(IF(E36/G36-1<=-5,"<-500%",IF(E36/G36-1>5,">500%",IF(ABS(E36/G36-1)<1%,0,E36/G36-1))),"") | R36: =IF(I36+J36=0,0,I36-J36) -> 0 | S36: =IFERROR(IF(I36/J36-1<=-5,"<-500%",IF(I36/J36-1>5,">500%",IF(ABS(I36/J36-1)<1%,0,I36/J36-1))),"")
C37: Cash in/out from Investing | E37: =SUM(E34:E36) -> -3.7 | F37: =SUM(F34:F36) -> 3.5 | G37: =SUM(G34:G36) -> 1.9 | I37: =SUM(I34:I36) -> -22.8 | J37: =SUM(J34:J36) -> -12.5 | L37: =IF(E37+F37=0,0,E37-F37) -> -7.2 | M37: =IFERROR(IF(E37/F37-1<=-5,"<-500%",IF(E37/F37-1>5,">500%",IF(ABS(E37/F37-1)<1%,0,E37/F37-1))),"") -> -2.0571429 | O37: =IF(E37+G37=0,0,E37-G37) -> -5.6 | P37: =IFERROR(IF(E37/G37-1<=-5,"<-500%",IF(E37/G37-1>5,">500%",IF(ABS(E37/G37-1)<1%,0,E37/G37-1))),"") -> -2.9473684 | R37: =IF(I37+J37=0,0,I37-J37) -> -10.3 | S37: =IFERROR(IF(I37/J37-1<=-5,"<-500%",IF(I37/J37-1>5,">500%",IF(ABS(I37/J37-1)<1%,0,I37/J37-1))),"") -> 0.824
C39: Financing Activities
C40: Net repayments/advances on LoC | E40: -0.8 | F40: -4.9 | G40: 3.6 | I40: 3.1 | J40: 3 | L40: =IF(E40+F40=0,0,E40-F40) -> 4.1 | M40: =IFERROR(IF(E40/F40-1<=-5,"<-500%",IF(E40/F40-1>5,">500%",IF(ABS(E40/F40-1)<1%,0,E40/F40-1))),"") -> -0.83673469 | O40: =IF(E40+G40=0,0,E40-G40) -> -4.4 | P40: =IFERROR(IF(E40/G40-1<=-5,"<-500%",IF(E40/G40-1>5,">500%",IF(ABS(E40/G40-1)<1%,0,E40/G40-1))),"") -> -1.2222222 | R40: =IF(I40+J40=0,0,I40-J40) -> 0.1 | S40: =IFERROR(IF(I40/J40-1<=-5,"<-500%",IF(I40/J40-1>5,">500%",IF(ABS(I40/J40-1)<1%,0,I40/J40-1))),"") -> 0.033333333
C41: =Activity!C30 -> Repayment on borrowings | L41: =IF(E41+F41=0,0,E41-F41) -> 0 | M41: =IFERROR(IF(E41/F41-1<=-5,"<-500%",IF(E41/F41-1>5,">500%",IF(ABS(E41/F41-1)<1%,0,E41/F41-1))),"") | O41: =IF(E41+G41=0,0,E41-G41) -> 0 | P41: =IFERROR(IF(E41/G41-1<=-5,"<-500%",IF(E41/G41-1>5,">500%",IF(ABS(E41/G41-1)<1%,0,E41/G41-1))),"") | R41: =IF(I41+J41=0,0,I41-J41) -> 0 | S41: =IFERROR(IF(I41/J41-1<=-5,"<-500%",IF(I41/J41-1>5,">500%",IF(ABS(I41/J41-1)<1%,0,I41/J41-1))),"")
C42: =Activity!C31 -> Proceeds from debt | L42: =IF(E42+F42=0,0,E42-F42) -> 0 | M42: =IFERROR(IF(E42/F42-1<=-5,"<-500%",IF(E42/F42-1>5,">500%",IF(ABS(E42/F42-1)<1%,0,E42/F42-1))),"") | O42: =IF(E42+G42=0,0,E42-G42) -> 0 | P42: =IFERROR(IF(E42/G42-1<=-5,"<-500%",IF(E42/G42-1>5,">500%",IF(ABS(E42/G42-1)<1%,0,E42/G42-1))),"") | R42: =IF(I42+J42=0,0,I42-J42) -> 0 | S42: =IFERROR(IF(I42/J42-1<=-5,"<-500%",IF(I42/J42-1>5,">500%",IF(ABS(I42/J42-1)<1%,0,I42/J42-1))),"")
C43: =Activity!C32 -> Repayment of capital leases | L43: =IF(E43+F43=0,0,E43-F43) -> 0 | M43: =IFERROR(IF(E43/F43-1<=-5,"<-500%",IF(E43/F43-1>5,">500%",IF(ABS(E43/F43-1)<1%,0,E43/F43-1))),"") | O43: =IF(E43+G43=0,0,E43-G43) -> 0 | P43: =IFERROR(IF(E43/G43-1<=-5,"<-500%",IF(E43/G43-1>5,">500%",IF(ABS(E43/G43-1)<1%,0,E43/G43-1))),"") | R43: =IF(I43+J43=0,0,I43-J43) -> 0 | S43: =IFERROR(IF(I43/J43-1<=-5,"<-500%",IF(I43/J43-1>5,">500%",IF(ABS(I43/J43-1)<1%,0,I43/J43-1))),"")
C44: =Activity!C33 -> Proceeds from sale of equity instruments | L44: =IF(E44+F44=0,0,E44-F44) -> 0 | M44: =IFERROR(IF(E44/F44-1<=-5,"<-500%",IF(E44/F44-1>5,">500%",IF(ABS(E44/F44-1)<1%,0,E44/F44-1))),"") | O44: =IF(E44+G44=0,0,E44-G44) -> 0 | P44: =IFERROR(IF(E44/G44-1<=-5,"<-500%",IF(E44/G44-1>5,">500%",IF(ABS(E44/G44-1)<1%,0,E44/G44-1))),"") | R44: =IF(I44+J44=0,0,I44-J44) -> 0 | S44: =IFERROR(IF(I44/J44-1<=-5,"<-500%",IF(I44/J44-1>5,">500%",IF(ABS(I44/J44-1)<1%,0,I44/J44-1))),"")
C45: =Activity!C34 -> Cash dividends paid | L45: =IF(E45+F45=0,0,E45-F45) -> 0 | M45: =IFERROR(IF(E45/F45-1<=-5,"<-500%",IF(E45/F45-1>5,">500%",IF(ABS(E45/F45-1)<1%,0,E45/F45-1))),"") | O45: =IF(E45+G45=0,0,E45-G45) -> 0 | P45: =IFERROR(IF(E45/G45-1<=-5,"<-500%",IF(E45/G45-1>5,">500%",IF(ABS(E45/G45-1)<1%,0,E45/G45-1))),"") | R45: =IF(I45+J45=0,0,I45-J45) -> 0 | S45: =IFERROR(IF(I45/J45-1<=-5,"<-500%",IF(I45/J45-1>5,">500%",IF(ABS(I45/J45-1)<1%,0,I45/J45-1))),"")
C46: =Activity!C35 -> Other | L46: =IF(E46+F46=0,0,E46-F46) -> 0 | M46: =IFERROR(IF(E46/F46-1<=-5,"<-500%",IF(E46/F46-1>5,">500%",IF(ABS(E46/F46-1)<1%,0,E46/F46-1))),"") | O46: =IF(E46+G46=0,0,E46-G46) -> 0 | P46: =IFERROR(IF(E46/G46-1<=-5,"<-500%",IF(E46/G46-1>5,">500%",IF(ABS(E46/G46-1)<1%,0,E46/G46-1))),"") | R46: =IF(I46+J46=0,0,I46-J46) -> 0 | S46: =IFERROR(IF(I46/J46-1<=-5,"<-500%",IF(I46/J46-1>5,">500%",IF(ABS(I46/J46-1)<1%,0,I46/J46-1))),"")
C47: Cash in/out from Financing | E47: =SUM(E40:E46) -> -0.8 | F47: =SUM(F40:F46) -> -4.9 | G47: =SUM(G40:G46) -> 3.6 | I47: =SUM(I40:I46) -> 3.1 | J47: =SUM(J40:J46) -> 3 | L47: =IF(E47+F47=0,0,E47-F47) -> 4.1 | M47: =IFERROR(IF(E47/F47-1<=-5,"<-500%",IF(E47/F47-1>5,">500%",IF(ABS(E47/F47-1)<1%,0,E47/F47-1))),"") -> -0.83673469 | O47: =IF(E47+G47=0,0,E47-G47) -> -4.4 | P47: =IFERROR(IF(E47/G47-1<=-5,"<-500%",IF(E47/G47-1>5,">500%",IF(ABS(E47/G47-1)<1%,0,E47/G47-1))),"") -> -1.2222222 | R47: =IF(I47+J47=0,0,I47-J47) -> 0.1 | S47: =IFERROR(IF(I47/J47-1<=-5,"<-500%",IF(I47/J47-1>5,">500%",IF(ABS(I47/J47-1)<1%,0,I47/J47-1))),"") -> 0.033333333
C48: Cash in/out from per Cash Flow Stmt | E48: =SUM(E31,E37,E47) -> 14.7 | F48: =SUM(F31,F37,F47) -> -0.4 | G48: =SUM(G31,G37,G47) -> 22.9 | I48: =SUM(I31,I37,I47) -> 0.4 | J48: =SUM(J31,J37,J47) -> 16 | L48: =IF(E48+F48=0,0,E48-F48) -> 15.1 | M48: =IFERROR(IF(E48/F48-1<=-5,"<-500%",IF(E48/F48-1>5,">500%",IF(ABS(E48/F48-1)<1%,0,E48/F48-1))),"") -> <-500% | O48: =IF(E48+G48=0,0,E48-G48) -> -8.2 | P48: =IFERROR(IF(E48/G48-1<=-5,"<-500%",IF(E48/G48-1>5,">500%",IF(ABS(E48/G48-1)<1%,0,E48/G48-1))),"") -> -0.3580786 | R48: =IF(I48+J48=0,0,I48-J48) -> -15.6 | S48: =IFERROR(IF(I48/J48-1<=-5,"<-500%",IF(I48/J48-1>5,">500%",IF(ABS(I48/J48-1)<1%,0,I48/J48-1))),"") -> -0.975
C50: Balance Sheet reconciliation
C51: Starting cash | E51: 1.2 | F51: 3.6 | G51: 5.1 | I51: 3.7 | J51: 0 | L51: =IF(E51+F51=0,0,E51-F51) -> -2.4 | M51: =IFERROR(IF(E51/F51-1<=-5,"<-500%",IF(E51/F51-1>5,">500%",IF(ABS(E51/F51-1)<1%,0,E51/F51-1))),"") -> -0.66666667 | O51: =IF(E51+G51=0,0,E51-G51) -> -3.9 | P51: =IFERROR(IF(E51/G51-1<=-5,"<-500%",IF(E51/G51-1>5,">500%",IF(ABS(E51/G51-1)<1%,0,E51/G51-1))),"") -> -0.76470588 | R51: =IF(I51+J51=0,0,I51-J51) -> 3.7 | S51: =IFERROR(IF(I51/J51-1<=-5,"<-500%",IF(I51/J51-1>5,">500%",IF(ABS(I51/J51-1)<1%,0,I51/J51-1))),"")
C52: Ending cash | E52: 2.5 | F52: 1.2 | G52: 3.6 | I52: 5.1 | J52: 3.7 | L52: =IF(E52+F52=0,0,E52-F52) -> 1.3 | M52: =IFERROR(IF(E52/F52-1<=-5,"<-500%",IF(E52/F52-1>5,">500%",IF(ABS(E52/F52-1)<1%,0,E52/F52-1))),"") -> 1.0833333 | O52: =IF(E52+G52=0,0,E52-G52) -> -1.1 | P52: =IFERROR(IF(E52/G52-1<=-5,"<-500%",IF(E52/G52-1>5,">500%",IF(ABS(E52/G52-1)<1%,0,E52/G52-1))),"") -> -0.30555556 | R52: =IF(I52+J52=0,0,I52-J52) -> 1.4 | S52: =IFERROR(IF(I52/J52-1<=-5,"<-500%",IF(I52/J52-1>5,">500%",IF(ABS(I52/J52-1)<1%,0,I52/J52-1))),"") -> 0.37837838
C53: Cash in/out per Balance Sheet | E53: =E52-E51 -> 1.3 | F53: =F52-F51 -> -2.4 | G53: =G52-G51 -> -1.5 | I53: =I52-I51 -> 1.4 | J53: =J52-J51 -> 3.7 | L53: =IF(E53+F53=0,0,E53-F53) -> 3.7 | M53: =IFERROR(IF(E53/F53-1<=-5,"<-500%",IF(E53/F53-1>5,">500%",IF(ABS(E53/F53-1)<1%,0,E53/F53-1))),"") -> -1.5416667 | O53: =IF(E53+G53=0,0,E53-G53) -> 2.8 | P53: =IFERROR(IF(E53/G53-1<=-5,"<-500%",IF(E53/G53-1>5,">500%",IF(ABS(E53/G53-1)<1%,0,E53/G53-1))),"") -> -1.8666667 | R53: =IF(I53+J53=0,0,I53-J53) -> -2.3 | S53: =IFERROR(IF(I53/J53-1<=-5,"<-500%",IF(I53/J53-1>5,">500%",IF(ABS(I53/J53-1)<1%,0,I53/J53-1))),"") -> -0.62162162
C54: Balance Sheet over/under | E54: =IF(ROUND(E53-E48,10)=0,0, E53-E48) -> -13.4 | F54: =IF(ROUND(F53-F48,10)=0,0, F53-F48) -> -2 | G54: =IF(ROUND(G53-G48,10)=0,0, G53-G48) -> -24.4 | I54: =IF(ROUND(I53-I48,10)=0,0, I53-I48) -> 1 | J54: =IF(ROUND(J53-J48,10)=0,0, J53-J48) -> -12.3 | L54: =IF(E54+F54=0,0,E54-F54) -> -11.4 | M54: =IFERROR(IF(E54/F54-1<=-5,"<-500%",IF(E54/F54-1>5,">500%",IF(ABS(E54/F54-1)<1%,0,E54/F54-1))),"") -> >500% | O54: =IF(E54+G54=0,0,E54-G54) -> 11 | P54: =IFERROR(IF(E54/G54-1<=-5,"<-500%",IF(E54/G54-1>5,">500%",IF(ABS(E54/G54-1)<1%,0,E54/G54-1))),"") -> -0.45081967 | R54: =IF(I54+J54=0,0,I54-J54) -> 13.3 | S54: =IFERROR(IF(I54/J54-1<=-5,"<-500%",IF(I54/J54-1>5,">500%",IF(ABS(I54/J54-1)<1%,0,I54/J54-1))),"") -> -1.0813008
C55: Check agreement | E55: =IF(ROUND(E54,10)=0,"✔","✖") -> ✖ | F55: =IF(ROUND(F54,10)=0,"✔","✖") -> ✖ | G55: =IF(ROUND(G54,10)=0,"✔","✖") -> ✖ | I55: =IF(ROUND(I54,10)=0,"✔","✖") -> ✖ | J55: =IF(ROUND(J54,10)=0,"✔","✖") -> ✖

Sheet Activity
A1: info
C3: Supplemental Cash Activity
C4: In millions except as indicated | E4: Q current | F4: Q ⎯1 | G4: Q prior | I4: YTD current | J4: YTD prior | L4: Q / Q | M4: Q / Q % | O4: Y / Y | P4: Y / Y % | R4: YTD | S4: YTD %
C6: Operating Activity
C7: Adjustments to reconcile net earnings
C8: Stock-based compensation | E8: 2.6 | F8: 3.6 | G8: 5.2 | I8: 8.1 | J8: 8.1 | L8: =IF(E8+F8=0,0,E8-F8) -> -1 | M8: =IFERROR(IF(E8/F8-1<=-5,"<-500%",IF(E8/F8-1>5,">500%",IF(ABS(E8/F8-1)<1%,0,E8/F8-1))),"") -> -0.27777778 | O8: =IF(E8+G8=0,0,E8-G8) -> -2.6 | P8: =IFERROR(IF(E8/G8-1<=-5,"<-500%",IF(E8/G8-1>5,">500%",IF(ABS(E8/G8-1)<1%,0,E8/G8-1))),"") -> -0.5 | R8: =IF(I8+J8=0,0,I8-J8) -> 0 | S8: =IFERROR(IF(I8/J8-1<=-5,"<-500%",IF(I8/J8-1>5,">500%",IF(ABS(I8/J8-1)<1%,0,I8/J8-1))),"") -> 0
C9: Stock and warrants issued for services | L9: =IF(E9+F9=0,0,E9-F9) -> 0 | M9: =IFERROR(IF(E9/F9-1<=-5,"<-500%",IF(E9/F9-1>5,">500%",IF(ABS(E9/F9-1)<1%,0,E9/F9-1))),"") | O9: =IF(E9+G9=0,0,E9-G9) -> 0 | P9: =IFERROR(IF(E9/G9-1<=-5,"<-500%",IF(E9/G9-1>5,">500%",IF(ABS(E9/G9-1)<1%,0,E9/G9-1))),"") | R9: =IF(I9+J9=0,0,I9-J9) -> 0 | S9: =IFERROR(IF(I9/J9-1<=-5,"<-500%",IF(I9/J9-1>5,">500%",IF(ABS(I9/J9-1)<1%,0,I9/J9-1))),"")
C10: Treasury share adjustment | L10: =IF(E10+F10=0,0,E10-F10) -> 0 | M10: =IFERROR(IF(E10/F10-1<=-5,"<-500%",IF(E10/F10-1>5,">500%",IF(ABS(E10/F10-1)<1%,0,E10/F10-1))),"") | O10: =IF(E10+G10=0,0,E10-G10) -> 0 | P10: =IFERROR(IF(E10/G10-1<=-5,"<-500%",IF(E10/G10-1>5,">500%",IF(ABS(E10/G10-1)<1%,0,E10/G10-1))),"") | R10: =IF(I10+J10=0,0,I10-J10) -> 0 | S10: =IFERROR(IF(I10/J10-1<=-5,"<-500%",IF(I10/J10-1>5,">500%",IF(ABS(I10/J10-1)<1%,0,I10/J10-1))),"")
C11: Gain/loss on sale of data storage assets | L11: =IF(E11+F11=0,0,E11-F11) -> 0 | M11: =IFERROR(IF(E11/F11-1<=-5,"<-500%",IF(E11/F11-1>5,">500%",IF(ABS(E11/F11-1)<1%,0,E11/F11-1))),"") | O11: =IF(E11+G11=0,0,E11-G11) -> 0 | P11: =IFERROR(IF(E11/G11-1<=-5,"<-500%",IF(E11/G11-1>5,">500%",IF(ABS(E11/G11-1)<1%,0,E11/G11-1))),"") | R11: =IF(I11+J11=0,0,I11-J11) -> 0 | S11: =IFERROR(IF(I11/J11-1<=-5,"<-500%",IF(I11/J11-1>5,">500%",IF(ABS(I11/J11-1)<1%,0,I11/J11-1))),"")
C12: Impairment charge | L12: =IF(E12+F12=0,0,E12-F12) -> 0 | M12: =IFERROR(IF(E12/F12-1<=-5,"<-500%",IF(E12/F12-1>5,">500%",IF(ABS(E12/F12-1)<1%,0,E12/F12-1))),"") | O12: =IF(E12+G12=0,0,E12-G12) -> 0 | P12: =IFERROR(IF(E12/G12-1<=-5,"<-500%",IF(E12/G12-1>5,">500%",IF(ABS(E12/G12-1)<1%,0,E12/G12-1))),"") | R12: =IF(I12+J12=0,0,I12-J12) -> 0 | S12: =IFERROR(IF(I12/J12-1<=-5,"<-500%",IF(I12/J12-1>5,">500%",IF(ABS(I12/J12-1)<1%,0,I12/J12-1))),"")
C13: Notes payable/receivable write-off | L13: =IF(E13+F13=0,0,E13-F13) -> 0 | M13: =IFERROR(IF(E13/F13-1<=-5,"<-500%",IF(E13/F13-1>5,">500%",IF(ABS(E13/F13-1)<1%,0,E13/F13-1))),"") | O13: =IF(E13+G13=0,0,E13-G13) -> 0 | P13: =IFERROR(IF(E13/G13-1<=-5,"<-500%",IF(E13/G13-1>5,">500%",IF(ABS(E13/G13-1)<1%,0,E13/G13-1))),"") | R13: =IF(I13+J13=0,0,I13-J13) -> 0 | S13: =IFERROR(IF(I13/J13-1<=-5,"<-500%",IF(I13/J13-1>5,">500%",IF(ABS(I13/J13-1)<1%,0,I13/J13-1))),"")
C14: Interest converted to equity | L14: =IF(E14+F14=0,0,E14-F14) -> 0 | M14: =IFERROR(IF(E14/F14-1<=-5,"<-500%",IF(E14/F14-1>5,">500%",IF(ABS(E14/F14-1)<1%,0,E14/F14-1))),"") | O14: =IF(E14+G14=0,0,E14-G14) -> 0 | P14: =IFERROR(IF(E14/G14-1<=-5,"<-500%",IF(E14/G14-1>5,">500%",IF(ABS(E14/G14-1)<1%,0,E14/G14-1))),"") | R14: =IF(I14+J14=0,0,I14-J14) -> 0 | S14: =IFERROR(IF(I14/J14-1<=-5,"<-500%",IF(I14/J14-1>5,">500%",IF(ABS(I14/J14-1)<1%,0,I14/J14-1))),"")
C15: Fees and interest paid with debt | L15: =IF(E15+F15=0,0,E15-F15) -> 0 | M15: =IFERROR(IF(E15/F15-1<=-5,"<-500%",IF(E15/F15-1>5,">500%",IF(ABS(E15/F15-1)<1%,0,E15/F15-1))),"") | O15: =IF(E15+G15=0,0,E15-G15) -> 0 | P15: =IFERROR(IF(E15/G15-1<=-5,"<-500%",IF(E15/G15-1>5,">500%",IF(ABS(E15/G15-1)<1%,0,E15/G15-1))),"") | R15: =IF(I15+J15=0,0,I15-J15) -> 0 | S15: =IFERROR(IF(I15/J15-1<=-5,"<-500%",IF(I15/J15-1>5,">500%",IF(ABS(I15/J15-1)<1%,0,I15/J15-1))),"")
C16: Changes in operating assets and liabilities:
C17: Costs > billings on uncompleted contracts | E17: 7.8 | F17: 4.7 | G17: 7.3 | I17: 4.5 | J17: 4.5 | L17: =IF(E17+F17=0,0,E17-F17) -> 3.1 | M17: =IFERROR(IF(E17/F17-1<=-5,"<-500%",IF(E17/F17-1>5,">500%",IF(ABS(E17/F17-1)<1%,0,E17/F17-1))),"") -> 0.65957447 | O17: =IF(E17+G17=0,0,E17-G17) -> 0.5 | P17: =IFERROR(IF(E17/G17-1<=-5,"<-500%",IF(E17/G17-1>5,">500%",IF(ABS(E17/G17-1)<1%,0,E17/G17-1))),"") -> 0.068493151 | R17: =IF(I17+J17=0,0,I17-J17) -> 0 | S17: =IFERROR(IF(I17/J17-1<=-5,"<-500%",IF(I17/J17-1>5,">500%",IF(ABS(I17/J17-1)<1%,0,I17/J17-1))),"") -> 0
C18: Deferred revenue | L18: =IF(E18+F18=0,0,E18-F18) -> 0 | M18: =IFERROR(IF(E18/F18-1<=-5,"<-500%",IF(E18/F18-1>5,">500%",IF(ABS(E18/F18-1)<1%,0,E18/F18-1))),"") | O18: =IF(E18+G18=0,0,E18-G18) -> 0 | P18: =IFERROR(IF(E18/G18-1<=-5,"<-500%",IF(E18/G18-1>5,">500%",IF(ABS(E18/G18-1)<1%,0,E18/G18-1))),"") | R18: =IF(I18+J18=0,0,I18-J18) -> 0 | S18: =IFERROR(IF(I18/J18-1<=-5,"<-500%",IF(I18/J18-1>5,">500%",IF(ABS(I18/J18-1)<1%,0,I18/J18-1))),"")
C19: Billings > costs on uncompleted contracts | L19: =IF(E19+F19=0,0,E19-F19) -> 0 | M19: =IFERROR(IF(E19/F19-1<=-5,"<-500%",IF(E19/F19-1>5,">500%",IF(ABS(E19/F19-1)<1%,0,E19/F19-1))),"") | O19: =IF(E19+G19=0,0,E19-G19) -> 0 | P19: =IFERROR(IF(E19/G19-1<=-5,"<-500%",IF(E19/G19-1>5,">500%",IF(ABS(E19/G19-1)<1%,0,E19/G19-1))),"") | R19: =IF(I19+J19=0,0,I19-J19) -> 0 | S19: =IFERROR(IF(I19/J19-1<=-5,"<-500%",IF(I19/J19-1>5,">500%",IF(ABS(I19/J19-1)<1%,0,I19/J19-1))),"")
C20: Customer advances | L20: =IF(E20+F20=0,0,E20-F20) -> 0 | M20: =IFERROR(IF(E20/F20-1<=-5,"<-500%",IF(E20/F20-1>5,">500%",IF(ABS(E20/F20-1)<1%,0,E20/F20-1))),"") | O20: =IF(E20+G20=0,0,E20-G20) -> 0 | P20: =IFERROR(IF(E20/G20-1<=-5,"<-500%",IF(E20/G20-1>5,">500%",IF(ABS(E20/G20-1)<1%,0,E20/G20-1))),"") | R20: =IF(I20+J20=0,0,I20-J20) -> 0 | S20: =IFERROR(IF(I20/J20-1<=-5,"<-500%",IF(I20/J20-1>5,">500%",IF(ABS(I20/J20-1)<1%,0,I20/J20-1))),"")
C21: Supplemental Operating Activity | E21: =SUM(E8:E20) -> 10.4 | F21: =SUM(F8:F20) -> 8.3 | G21: =SUM(G8:G20) -> 12.5 | I21: =SUM(I8:I20) -> 12.6 | J21: =SUM(J8:J20) -> 12.6 | L21: =IF(E21+F21=0,0,E21-F21) -> 2.1 | M21: =IFERROR(IF(E21/F21-1<=-5,"<-500%",IF(E21/F21-1>5,">500%",IF(ABS(E21/F21-1)<1%,0,E21/F21-1))),"") -> 0.25301205 | O21: =IF(E21+G21=0,0,E21-G21) -> -2.1 | P21: =IFERROR(IF(E21/G21-1<=-5,"<-500%",IF(E21/G21-1>5,">500%",IF(ABS(E21/G21-1)<1%,0,E21/G21-1))),"") -> -0.168 | R21: =IF(I21+J21=0,0,I21-J21) -> 0 | S21: =IFERROR(IF(I21/J21-1<=-5,"<-500%",IF(I21/J21-1>5,">500%",IF(ABS(I21/J21-1)<1%,0,I21/J21-1))),"") -> 0
C23: Investing Activity
C24: Cash from sale of data storage assets | E24: 6.7 | F24: 6 | G24: 2 | I24: 4.7 | J24: 0.3 | L24: =IF(E24+F24=0,0,E24-F24) -> 0.7 | M24: =IFERROR(IF(E24/F24-1<=-5,"<-500%",IF(E24/F24-1>5,">500%",IF(ABS(E24/F24-1)<1%,0,E24/F24-1))),"") -> 0.11666667 | O24: =IF(E24+G24=0,0,E24-G24) -> 4.7 | P24: =IFERROR(IF(E24/G24-1<=-5,"<-500%",IF(E24/G24-1>5,">500%",IF(ABS(E24/G24-1)<1%,0,E24/G24-1))),"") -> 2.35 | R24: =IF(I24+J24=0,0,I24-J24) -> 4.4 | S24: =IFERROR(IF(I24/J24-1<=-5,"<-500%",IF(I24/J24-1>5,">500%",IF(ABS(I24/J24-1)<1%,0,I24/J24-1))),"") -> >500%
C25: Patent renewal and other | L25: =IF(E25+F25=0,0,E25-F25) -> 0 | M25: =IFERROR(IF(E25/F25-1<=-5,"<-500%",IF(E25/F25-1>5,">500%",IF(ABS(E25/F25-1)<1%,0,E25/F25-1))),"") | O25: =IF(E25+G25=0,0,E25-G25) -> 0 | P25: =IFERROR(IF(E25/G25-1<=-5,"<-500%",IF(E25/G25-1>5,">500%",IF(ABS(E25/G25-1)<1%,0,E25/G25-1))),"") | R25: =IF(I25+J25=0,0,I25-J25) -> 0 | S25: =IFERROR(IF(I25/J25-1<=-5,"<-500%",IF(I25/J25-1>5,">500%",IF(ABS(I25/J25-1)<1%,0,I25/J25-1))),"")
C26: Supplemental Investing Activity | E26: =SUM(E24:E25) -> 6.7 | F26: =SUM(F24:F25) -> 6 | G26: =SUM(G24:G25) -> 2 | I26: =SUM(I24:I25) -> 4.7 | J26: =SUM(J24:J25) -> 0.3 | L26: =IF(E26+F26=0,0,E26-F26) -> 0.7 | M26: =IFERROR(IF(E26/F26-1<=-5,"<-500%",IF(E26/F26-1>5,">500%",IF(ABS(E26/F26-1)<1%,0,E26/F26-1))),"") -> 0.11666667 | O26: =IF(E26+G26=0,0,E26-G26) -> 4.7 | P26: =IFERROR(IF(E26/G26-1<=-5,"<-500%",IF(E26/G26-1>5,">500%",IF(ABS(E26/G26-1)<1%,0,E26/G26-1))),"") -> 2.35 | R26: =IF(I26+J26=0,0,I26-J26) -> 4.4 | S26: =IFERROR(IF(I26/J26-1<=-5,"<-500%",IF(I26/J26-1>5,">500%",IF(ABS(I26/J26-1)<1%,0,I26/J26-1))),"") -> >500%
C28: Financing Activity
C29: Net repayments/advances on line of credit | E29: 4 | F29: 4.8 | G29: 9.7 | I29: 6.1 | J29: 3 | L29: =IF(E29+F29=0,0,E29-F29) -> -0.8 | M29: =IFERROR(IF(E29/F29-1<=-5,"<-500%",IF(E29/F29-1>5,">500%",IF(ABS(E29/F29-1)<1%,0,E29/F29-1))),"") -> -0.16666667 | O29: =IF(E29+G29=0,0,E29-G29) -> -5.7 | P29: =IFERROR(IF(E29/G29-1<=-5,"<-500%",IF(E29/G29-1>5,">500%",IF(ABS(E29/G29-1)<1%,0,E29/G29-1))),"") -> -0.58762887 | R29: =IF(I29+J29=0,0,I29-J29) -> 3.1 | S29: =IFERROR(IF(I29/J29-1<=-5,"<-500%",IF(I29/J29-1>5,">500%",IF(ABS(I29/J29-1)<1%,0,I29/J29-1))),"") -> 1.0333333
C30: Repayment on borrowings | L30: =IF(E30+F30=0,0,E30-F30) -> 0 | M30: =IFERROR(IF(E30/F30-1<=-5,"<-500%",IF(E30/F30-1>5,">500%",IF(ABS(E30/F30-1)<1%,0,E30/F30-1))),"") | O30: =IF(E30+G30=0,0,E30-G30) -> 0 | P30: =IFERROR(IF(E30/G30-1<=-5,"<-500%",IF(E30/G30-1>5,">500%",IF(ABS(E30/G30-1)<1%,0,E30/G30-1))),"") | R30: =IF(I30+J30=0,0,I30-J30) -> 0 | S30: =IFERROR(IF(I30/J30-1<=-5,"<-500%",IF(I30/J30-1>5,">500%",IF(ABS(I30/J30-1)<1%,0,I30/J30-1))),"")
C31: Proceeds from debt | L31: =IF(E31+F31=0,0,E31-F31) -> 0 | M31: =IFERROR(IF(E31/F31-1<=-5,"<-500%",IF(E31/F31-1>5,">500%",IF(ABS(E31/F31-1)<1%,0,E31/F31-1))),"") | O31: =IF(E31+G31=0,0,E31-G31) -> 0 | P31: =IFERROR(IF(E31/G31-1<=-5,"<-500%",IF(E31/G31-1>5,">500%",IF(ABS(E31/G31-1)<1%,0,E31/G31-1))),"") | R31: =IF(I31+J31=0,0,I31-J31) -> 0 | S31: =IFERROR(IF(I31/J31-1<=-5,"<-500%",IF(I31/J31-1>5,">500%",IF(ABS(I31/J31-1)<1%,0,I31/J31-1))),"")
C32: Repayment of capital leases | L32: =IF(E32+F32=0,0,E32-F32) -> 0 | M32: =IFERROR(IF(E32/F32-1<=-5,"<-500%",IF(E32/F32-1>5,">500%",IF(ABS(E32/F32-1)<1%,0,E32/F32-1))),"") | O32: =IF(E32+G32=0,0,E32-G32) -> 0 | P32: =IFERROR(IF(E32/G32-1<=-5,"<-500%",IF(E32/G32-1>5,">500%",IF(ABS(E32/G32-1)<1%,0,E32/G32-1))),"") | R32: =IF(I32+J32=0,0,I32-J32) -> 0 | S32: =IFERROR(IF(I32/J32-1<=-5,"<-500%",IF(I32/J32-1>5,">500%",IF(ABS(I32/J32-1)<1%,0,I32/J32-1))),"")
C33: Proceeds from sale of equity instruments | L33: =IF(E33+F33=0,0,E33-F33) -> 0 | M33: =IFERROR(IF(E33/F33-1<=-5,"<-500%",IF(E33/F33-1>5,">500%",IF(ABS(E33/F33-1)<1%,0,E33/F33-1))),"") | O33: =IF(E33+G33=0,0,E33-G33) -> 0 | P33: =IFERROR(IF(E33/G33-1<=-5,"<-500%",IF(E33/G33-1>5,">500%",IF(ABS(E33/G33-1)<1%,0,E33/G33-1))),"") | R33: =IF(I33+J33=0,0,I33-J33) -> 0 | S33: =IFERROR(IF(I33/J33-1<=-5,"<-500%",IF(I33/J33-1>5,">500%",IF(ABS(I33/J33-1)<1%,0,I33/J33-1))),"")
C34: Cash dividends paid | L34: =IF(E34+F34=0,0,E34-F34) -> 0 | M34: =IFERROR(IF(E34/F34-1<=-5,"<-500%",IF(E34/F34-1>5,">500%",IF(ABS(E34/F34-1)<1%,0,E34/F34-1))),"") | O34: =IF(E34+G34=0,0,E34-G34) -> 0 | P34: =IFERROR(IF(E34/G34-1<=-5,"<-500%",IF(E34/G34-1>5,">500%",IF(ABS(E34/G34-1)<1%,0,E34/G34-1))),"") | R34: =IF(I34+J34=0,0,I34-J34) -> 0 | S34: =IFERROR(IF(I34/J34-1<=-5,"<-500%",IF(I34/J34-1>5,">500%",IF(ABS(I34/J34-1)<1%,0,I34/J34-1))),"")
C35: Other | L35: =IF(E35+F35=0,0,E35-F35) -> 0 | M35: =IFERROR(IF(E35/F35-1<=-5,"<-500%",IF(E35/F35-1>5,">500%",IF(ABS(E35/F35-1)<1%,0,E35/F35-1))),"") | O35: =IF(E35+G35=0,0,E35-G35) -> 0 | P35: =IFERROR(IF(E35/G35-1<=-5,"<-500%",IF(E35/G35-1>5,">500%",IF(ABS(E35/G35-1)<1%,0,E35/G35-1))),"") | R35: =IF(I35+J35=0,0,I35-J35) -> 0 | S35: =IFERROR(IF(I35/J35-1<=-5,"<-500%",IF(I35/J35-1>5,">500%",IF(ABS(I35/J35-1)<1%,0,I35/J35-1))),"")
C36: Supplemental Financing Activity | E36: =SUM(E29:E35) -> 4 | F36: =SUM(F29:F35) -> 4.8 | G36: =SUM(G29:G35) -> 9.7 | I36: =SUM(I29:I35) -> 6.1 | J36: =SUM(J29:J35) -> 3 | L36: =IF(E36+F36=0,0,E36-F36) -> -0.8 | M36: =IFERROR(IF(E36/F36-1<=-5,"<-500%",IF(E36/F36-1>5,">500%",IF(ABS(E36/F36-1)<1%,0,E36/F36-1))),"") -> -0.16666667 | O36: =IF(E36+G36=0,0,E36-G36) -> -5.7 | P36: =IFERROR(IF(E36/G36-1<=-5,"<-500%",IF(E36/G36-1>5,">500%",IF(ABS(E36/G36-1)<1%,0,E36/G36-1))),"") -> -0.58762887 | R36: =IF(I36+J36=0,0,I36-J36) -> 3.1 | S36: =IFERROR(IF(I36/J36-1<=-5,"<-500%",IF(I36/J36-1>5,">500%",IF(ABS(I36/J36-1)<1%,0,I36/J36-1))),"") -> 1.0333333
C38: Supplemental Disclosures
C39: Net cash paid during the period for interest | E39: 3.9 | F39: 6.3 | G39: 8 | I39: 1.8 | J39: 7.1 | L39: =IF(E39+F39=0,0,E39-F39) -> -2.4 | M39: =IFERROR(IF(E39/F39-1<=-5,"<-500%",IF(E39/F39-1>5,">500%",IF(ABS(E39/F39-1)<1%,0,E39/F39-1))),"") -> -0.38095238 | O39: =IF(E39+G39=0,0,E39-G39) -> -4.1 | P39: =IFERROR(IF(E39/G39-1<=-5,"<-500%",IF(E39/G39-1>5,">500%",IF(ABS(E39/G39-1)<1%,0,E39/G39-1))),"") -> -0.5125 | R39: =IF(I39+J39=0,0,I39-J39) -> -5.3 | S39: =IFERROR(IF(I39/J39-1<=-5,"<-500%",IF(I39/J39-1>5,">500%",IF(ABS(I39/J39-1)<1%,0,I39/J39-1))),"") -> -0.74647887
C40: Non-Cash Activities:
C41: Value of shares issued for services & LoC | E41: 9.7 | F41: 1.5 | G41: 8.4 | I41: 4.5 | J41: 2 | L41: =IF(E41+F41=0,0,E41-F41) -> 8.2 | M41: =IFERROR(IF(E41/F41-1<=-5,"<-500%",IF(E41/F41-1>5,">500%",IF(ABS(E41/F41-1)<1%,0,E41/F41-1))),"") -> >500% | O41: =IF(E41+G41=0,0,E41-G41) -> 1.3 | P41: =IFERROR(IF(E41/G41-1<=-5,"<-500%",IF(E41/G41-1>5,">500%",IF(ABS(E41/G41-1)<1%,0,E41/G41-1))),"") -> 0.1547619 | R41: =IF(I41+J41=0,0,I41-J41) -> 2.5 | S41: =IFERROR(IF(I41/J41-1<=-5,"<-500%",IF(I41/J41-1>5,">500%",IF(ABS(I41/J41-1)<1%,0,I41/J41-1))),"") -> 1.25
C42: Treasury stock adjustment | L42: =IF(E42+F42=0,0,E42-F42) -> 0 | M42: =IFERROR(IF(E42/F42-1<=-5,"<-500%",IF(E42/F42-1>5,">500%",IF(ABS(E42/F42-1)<1%,0,E42/F42-1))),"") | O42: =IF(E42+G42=0,0,E42-G42) -> 0 | P42: =IFERROR(IF(E42/G42-1<=-5,"<-500%",IF(E42/G42-1>5,">500%",IF(ABS(E42/G42-1)<1%,0,E42/G42-1))),"") | R42: =IF(I42+J42=0,0,I42-J42) -> 0 | S42: =IFERROR(IF(I42/J42-1<=-5,"<-500%",IF(I42/J42-1>5,">500%",IF(ABS(I42/J42-1)<1%,0,I42/J42-1))),"")
C43: Write-off of contingent notes payable | L43: =IF(E43+F43=0,0,E43-F43) -> 0 | M43: =IFERROR(IF(E43/F43-1<=-5,"<-500%",IF(E43/F43-1>5,">500%",IF(ABS(E43/F43-1)<1%,0,E43/F43-1))),"") | O43: =IF(E43+G43=0,0,E43-G43) -> 0 | P43: =IFERROR(IF(E43/G43-1<=-5,"<-500%",IF(E43/G43-1>5,">500%",IF(ABS(E43/G43-1)<1%,0,E43/G43-1))),"") | R43: =IF(I43+J43=0,0,I43-J43) -> 0 | S43: =IFERROR(IF(I43/J43-1<=-5,"<-500%",IF(I43/J43-1>5,">500%",IF(ABS(I43/J43-1)<1%,0,I43/J43-1))),"")
C44: Write-off of notes receivable | L44: =IF(E44+F44=0,0,E44-F44) -> 0 | M44: =IFERROR(IF(E44/F44-1<=-5,"<-500%",IF(E44/F44-1>5,">500%",IF(ABS(E44/F44-1)<1%,0,E44/F44-1))),"") | O44: =IF(E44+G44=0,0,E44-G44) -> 0 | P44: =IFERROR(IF(E44/G44-1<=-5,"<-500%",IF(E44/G44-1>5,">500%",IF(ABS(E44/G44-1)<1%,0,E44/G44-1))),"") | R44: =IF(I44+J44=0,0,I44-J44) -> 0 | S44: =IFERROR(IF(I44/J44-1<=-5,"<-500%",IF(I44/J44-1>5,">500%",IF(ABS(I44/J44-1)<1%,0,I44/J44-1))),"")
C45: Shares issued in acquisition | L45: =IF(E45+F45=0,0,E45-F45) -> 0 | M45: =IFERROR(IF(E45/F45-1<=-5,"<-500%",IF(E45/F45-1>5,">500%",IF(ABS(E45/F45-1)<1%,0,E45/F45-1))),"") | O45: =IF(E45+G45=0,0,E45-G45) -> 0 | P45: =IFERROR(IF(E45/G45-1<=-5,"<-500%",IF(E45/G45-1>5,">500%",IF(ABS(E45/G45-1)<1%,0,E45/G45-1))),"") | R45: =IF(I45+J45=0,0,I45-J45) -> 0 | S45: =IFERROR(IF(I45/J45-1<=-5,"<-500%",IF(I45/J45-1>5,">500%",IF(ABS(I45/J45-1)<1%,0,I45/J45-1))),"")
C46: Fixed assets purchased withcapital lease | L46: =IF(E46+F46=0,0,E46-F46) -> 0 | M46: =IFERROR(IF(E46/F46-1<=-5,"<-500%",IF(E46/F46-1>5,">500%",IF(ABS(E46/F46-1)<1%,0,E46/F46-1))),"") | O46: =IF(E46+G46=0,0,E46-G46) -> 0 | P46: =IFERROR(IF(E46/G46-1<=-5,"<-500%",IF(E46/G46-1>5,">500%",IF(ABS(E46/G46-1)<1%,0,E46/G46-1))),"") | R46: =IF(I46+J46=0,0,I46-J46) -> 0 | S46: =IFERROR(IF(I46/J46-1<=-5,"<-500%",IF(I46/J46-1>5,">500%",IF(ABS(I46/J46-1)<1%,0,I46/J46-1))),"")
C47: Equity for credit line amendment | L47: =IF(E47+F47=0,0,E47-F47) -> 0 | M47: =IFERROR(IF(E47/F47-1<=-5,"<-500%",IF(E47/F47-1>5,">500%",IF(ABS(E47/F47-1)<1%,0,E47/F47-1))),"") | O47: =IF(E47+G47=0,0,E47-G47) -> 0 | P47: =IFERROR(IF(E47/G47-1<=-5,"<-500%",IF(E47/G47-1>5,">500%",IF(ABS(E47/G47-1)<1%,0,E47/G47-1))),"") | R47: =IF(I47+J47=0,0,I47-J47) -> 0 | S47: =IFERROR(IF(I47/J47-1<=-5,"<-500%",IF(I47/J47-1>5,">500%",IF(ABS(I47/J47-1)<1%,0,I47/J47-1))),"")
C48: Stock issued for payment of notes | L48: =IF(E48+F48=0,0,E48-F48) -> 0 | M48: =IFERROR(IF(E48/F48-1<=-5,"<-500%",IF(E48/F48-1>5,">500%",IF(ABS(E48/F48-1)<1%,0,E48/F48-1))),"") | O48: =IF(E48+G48=0,0,E48-G48) -> 0 | P48: =IFERROR(IF(E48/G48-1<=-5,"<-500%",IF(E48/G48-1>5,">500%",IF(ABS(E48/G48-1)<1%,0,E48/G48-1))),"") | R48: =IF(I48+J48=0,0,I48-J48) -> 0 | S48: =IFERROR(IF(I48/J48-1<=-5,"<-500%",IF(I48/J48-1>5,">500%",IF(ABS(I48/J48-1)<1%,0,I48/J48-1))),"")
C49: Stock issued for payment of interest | L49: =IF(E49+F49=0,0,E49-F49) -> 0 | M49: =IFERROR(IF(E49/F49-1<=-5,"<-500%",IF(E49/F49-1>5,">500%",IF(ABS(E49/F49-1)<1%,0,E49/F49-1))),"") | O49: =IF(E49+G49=0,0,E49-G49) -> 0 | P49: =IFERROR(IF(E49/G49-1<=-5,"<-500%",IF(E49/G49-1>5,">500%",IF(ABS(E49/G49-1)<1%,0,E49/G49-1))),"") | R49: =IF(I49+J49=0,0,I49-J49) -> 0 | S49: =IFERROR(IF(I49/J49-1<=-5,"<-500%",IF(I49/J49-1>5,">500%",IF(ABS(I49/J49-1)<1%,0,I49/J49-1))),"")
C50: Stock issued for loan fees | L50: =IF(E50+F50=0,0,E50-F50) -> 0 | M50: =IFERROR(IF(E50/F50-1<=-5,"<-500%",IF(E50/F50-1>5,">500%",IF(ABS(E50/F50-1)<1%,0,E50/F50-1))),"") | O50: =IF(E50+G50=0,0,E50-G50) -> 0 | P50: =IFERROR(IF(E50/G50-1<=-5,"<-500%",IF(E50/G50-1>5,">500%",IF(ABS(E50/G50-1)<1%,0,E50/G50-1))),"") | R50: =IF(I50+J50=0,0,I50-J50) -> 0 | S50: =IFERROR(IF(I50/J50-1<=-5,"<-500%",IF(I50/J50-1>5,">500%",IF(ABS(I50/J50-1)<1%,0,I50/J50-1))),"")
C51: Series B prefd dividend, paid in kind | L51: =IF(E51+F51=0,0,E51-F51) -> 0 | M51: =IFERROR(IF(E51/F51-1<=-5,"<-500%",IF(E51/F51-1>5,">500%",IF(ABS(E51/F51-1)<1%,0,E51/F51-1))),"") | O51: =IF(E51+G51=0,0,E51-G51) -> 0 | P51: =IFERROR(IF(E51/G51-1<=-5,"<-500%",IF(E51/G51-1>5,">500%",IF(ABS(E51/G51-1)<1%,0,E51/G51-1))),"") | R51: =IF(I51+J51=0,0,I51-J51) -> 0 | S51: =IFERROR(IF(I51/J51-1<=-5,"<-500%",IF(I51/J51-1>5,">500%",IF(ABS(I51/J51-1)<1%,0,I51/J51-1))),"")
C52: Series D prefd dividend, paid in kind | L52: =IF(E52+F52=0,0,E52-F52) -> 0 | M52: =IFERROR(IF(E52/F52-1<=-5,"<-500%",IF(E52/F52-1>5,">500%",IF(ABS(E52/F52-1)<1%,0,E52/F52-1))),"") | O52: =IF(E52+G52=0,0,E52-G52) -> 0 | P52: =IFERROR(IF(E52/G52-1<=-5,"<-500%",IF(E52/G52-1>5,">500%",IF(ABS(E52/G52-1)<1%,0,E52/G52-1))),"") | R52: =IF(I52+J52=0,0,I52-J52) -> 0 | S52: =IFERROR(IF(I52/J52-1<=-5,"<-500%",IF(I52/J52-1>5,">500%",IF(ABS(I52/J52-1)<1%,0,I52/J52-1))),"")
C53: Series D prefd dividend, paid in common | L53: =IF(E53+F53=0,0,E53-F53) -> 0 | M53: =IFERROR(IF(E53/F53-1<=-5,"<-500%",IF(E53/F53-1>5,">500%",IF(ABS(E53/F53-1)<1%,0,E53/F53-1))),"") | O53: =IF(E53+G53=0,0,E53-G53) -> 0 | P53: =IFERROR(IF(E53/G53-1<=-5,"<-500%",IF(E53/G53-1>5,">500%",IF(ABS(E53/G53-1)<1%,0,E53/G53-1))),"") | R53: =IF(I53+J53=0,0,I53-J53) -> 0 | S53: =IFERROR(IF(I53/J53-1<=-5,"<-500%",IF(I53/J53-1>5,">500%",IF(ABS(I53/J53-1)<1%,0,I53/J53-1))),"")
... C60: Payables for stock to pay liabilities | L60: =IF(E60+F60=0,0,E60-F60) -> 0 | M60: =IFERROR(IF(E60/F60-1<=-5,"<-500%",IF(E60/F60-1>5,">500%",IF(ABS(E60/F60-1)<1%,0,E60/F60-1))),"") | O60: =IF(E60+G60=0,0,E60-G60) -> 0 | P60: =IFERROR(IF(E60/G60-1<=-5,"<-500%",IF(E60/G60-1>5,">500%",IF(ABS(E60/G60-1)<1%,0,E60/G60-1))),"") | R60: =IF(I60+J60=0,0,I60-J60) -> 0 | S60: =IFERROR(IF(I60/J60-1<=-5,"<-500%",IF(I60/J60-1>5,">500%",IF(ABS(I60/J60-1)<1%,0,I60/J60-1))),"")
C61: Total, Supplemental Disclosures | E61: =SUM(E39:E60) -> 13.6 | F61: =SUM(F39:F60) -> 7.8 | G61: =SUM(G39:G60) -> 16.4 | I61: =SUM(I39:I60) -> 6.3 | J61: =SUM(J39:J60) -> 9.1 | L61: =IF(E61+F61=0,0,E61-F61) -> 5.8 | M61: =IFERROR(IF(E61/F61-1<=-5,"<-500%",IF(E61/F61-1>5,">500%",IF(ABS(E61/F61-1)<1%,0,E61/F61-1))),"") -> 0.74358974 | O61: =IF(E61+G61=0,0,E61-G61) -> -2.8 | P61: =IFERROR(IF(E61/G61-1<=-5,"<-500%",IF(E61/G61-1>5,">500%",IF(ABS(E61/G61-1)<1%,0,E61/G61-1))),"") -> -0.17073171 | R61: =IF(I61+J61=0,0,I61-J61) -> -2.8 | S61: =IFERROR(IF(I61/J61-1<=-5,"<-500%",IF(I61/J61-1>5,">500%",IF(ABS(I61/J61-1)<1%,0,I61/J61-1))),"") -> -0.30769231

Sheet Cap
A1: info
C3: Valuation - Market Cap
C4: In millions except as indicated | E4: Q current | F4: Q ⎯1 | G4: Q prior | I4: Q / Q | J4: Q / Q % | L4: Y / Y | M4: Y / Y %
C6: Basic Shares
C7: Beginning balance | E7: =F13 -> 500 | F7: 500 | I7: =IF(E7+F7=0,0,E7-F7) -> 0 | J7: =IFERROR(IF(E7/F7-1<=-5,"<-500%",IF(E7/F7-1>5,">500%",IF(ABS(E7/F7-1)<1%,0,E7/F7-1))),"") -> 0 | L7: =IF(E7+G7=0,0,E7-G7) -> 500 | M7: =IFERROR(IF(E7/G7-1<=-5,"<-500%",IF(E7/G7-1>5,">500%",IF(ABS(E7/G7-1)<1%,0,E7/G7-1))),"")
C8: Restricted stock units | E8: 3.5 | I8: =IF(E8+F8=0,0,E8-F8) -> 3.5 | J8: =IFERROR(IF(E8/F8-1<=-5,"<-500%",IF(E8/F8-1>5,">500%",IF(ABS(E8/F8-1)<1%,0,E8/F8-1))),"") | L8: =IF(E8+G8=0,0,E8-G8) -> 3.5 | M8: =IFERROR(IF(E8/G8-1<=-5,"<-500%",IF(E8/G8-1>5,">500%",IF(ABS(E8/G8-1)<1%,0,E8/G8-1))),"")
C9: Employee stock purchase plan | E9: 5 | I9: =IF(E9+F9=0,0,E9-F9) -> 5 | J9: =IFERROR(IF(E9/F9-1<=-5,"<-500%",IF(E9/F9-1>5,">500%",IF(ABS(E9/F9-1)<1%,0,E9/F9-1))),"") | L9: =IF(E9+G9=0,0,E9-G9) -> 5 | M9: =IFERROR(IF(E9/G9-1<=-5,"<-500%",IF(E9/G9-1>5,">500%",IF(ABS(E9/G9-1)<1%,0,E9/G9-1))),"")
C10: Exercised options | E10: 10 | I10: =IF(E10+F10=0,0,E10-F10) -> 10 | J10: =IFERROR(IF(E10/F10-1<=-5,"<-500%",IF(E10/F10-1>5,">500%",IF(ABS(E10/F10-1)<1%,0,E10/F10-1))),"") | L10: =IF(E10+G10=0,0,E10-G10) -> 10 | M10: =IFERROR(IF(E10/G10-1<=-5,"<-500%",IF(E10/G10-1>5,">500%",IF(ABS(E10/G10-1)<1%,0,E10/G10-1))),"")
C11: Exercised warrants | E11: 6 | I11: =IF(E11+F11=0,0,E11-F11) -> 6 | J11: =IFERROR(IF(E11/F11-1<=-5,"<-500%",IF(E11/F11-1>5,">500%",IF(ABS(E11/F11-1)<1%,0,E11/F11-1))),"") | L11: =IF(E11+G11=0,0,E11-G11) -> 6 | M11: =IFERROR(IF(E11/G11-1<=-5,"<-500%",IF(E11/G11-1>5,">500%",IF(ABS(E11/G11-1)<1%,0,E11/G11-1))),"")
C12: ⎯ Share buybacks | E12: -7 | I12: =IF(E12+F12=0,0,E12-F12) -> -7 | J12: =IFERROR(IF(E12/F12-1<=-5,"<-500%",IF(E12/F12-1>5,">500%",IF(ABS(E12/F12-1)<1%,0,E12/F12-1))),"") | L12: =IF(E12+G12=0,0,E12-G12) -> -7 | M12: =IFERROR(IF(E12/G12-1<=-5,"<-500%",IF(E12/G12-1>5,">500%",IF(ABS(E12/G12-1)<1%,0,E12/G12-1))),"")
C13: Shares outstanding | E13: =SUM(E7:E11)-ABS(E12) -> 517.5 | F13: =SUM(F7:F11)-ABS(F12) -> 500 | G13: =SUM(G7:G11)-ABS(G12) -> 0 | I13: =IF(E13+F13=0,0,E13-F13) -> 17.5 | J13: =IFERROR(IF(E13/F13-1<=-5,"<-500%",IF(E13/F13-1>5,">500%",IF(ABS(E13/F13-1)<1%,0,E13/F13-1))),"") -> 0.035 | L13: =IF(E13+G13=0,0,E13-G13) -> 517.5 | M13: =IFERROR(IF(E13/G13-1<=-5,"<-500%",IF(E13/G13-1>5,">500%",IF(ABS(E13/G13-1)<1%,0,E13/G13-1))),"")
C14: Share price in dollars | E14: 6 | I14: =IF(E14+F14=0,0,E14-F14) -> 6 | J14: =IFERROR(IF(E14/F14-1<=-5,"<-500%",IF(E14/F14-1>5,">500%",IF(ABS(E14/F14-1)<1%,0,E14/F14-1))),"") | L14: =IF(E14+G14=0,0,E14-G14) -> 6 | M14: =IFERROR(IF(E14/G14-1<=-5,"<-500%",IF(E14/G14-1>5,">500%",IF(ABS(E14/G14-1)<1%,0,E14/G14-1))),"")
C15: Basic market cap | E15: =E13*E14 -> 3105 | F15: =F13*F14 -> 0 | G15: =G13*G14 -> 0 | I15: =IF(E15+F15=0,0,E15-F15) -> 3105 | J15: =IFERROR(IF(E15/F15-1<=-5,"<-500%",IF(E15/F15-1>5,">500%",IF(ABS(E15/F15-1)<1%,0,E15/F15-1))),"") | L15: =IF(E15+G15=0,0,E15-G15) -> 3105 | M15: =IFERROR(IF(E15/G15-1<=-5,"<-500%",IF(E15/G15-1>5,">500%",IF(ABS(E15/G15-1)<1%,0,E15/G15-1))),"")
C17: Dilutive effects
C18: Options
C19: Awarded and unexercised | E19: =F19+F22-E10 -> -10 | I19: =IF(E19+F19=0,0,E19-F19) -> -10 | J19: =IFERROR(IF(E19/F19-1<=-5,"<-500%",IF(E19/F19-1>5,">500%",IF(ABS(E19/F19-1)<1%,0,E19/F19-1))),"") | L19: =IF(E19+G19=0,0,E19-G19) -> -10 | M19: =IFERROR(IF(E19/G19-1<=-5,"<-500%",IF(E19/G19-1>5,">500%",IF(ABS(E19/G19-1)<1%,0,E19/G19-1))),"")
C20: Average strike price | E20: 5.568 | I20: =IF(E20+F20=0,0,E20-F20) -> 5.568 | J20: =IFERROR(IF(E20/F20-1<=-5,"<-500%",IF(E20/F20-1>5,">500%",IF(ABS(E20/F20-1)<1%,0,E20/F20-1))),"") | L20: =IF(E20+G20=0,0,E20-G20) -> 5.568 | M20: =IFERROR(IF(E20/G20-1<=-5,"<-500%",IF(E20/G20-1>5,">500%",IF(ABS(E20/G20-1)<1%,0,E20/G20-1))),"")
C21: Common-equivalent shares | E21: =IF(E20<E$14,E19*(1-E20/E$14),0) -> -0.72 | F21: =IF(F20<F$14,F19*(1-F20/F$14),0) -> 0 | G21: =IF(G20<G$14,G19*(1-G20/G$14),0) -> 0 | I21: =IF(E21+F21=0,0,E21-F21) -> -0.72 | J21: =IFERROR(IF(E21/F21-1<=-5,"<-500%",IF(E21/F21-1>5,">500%",IF(ABS(E21/F21-1)<1%,0,E21/F21-1))),"") | L21: =IF(E21+G21=0,0,E21-G21) -> -0.72 | M21: =IFERROR(IF(E21/G21-1<=-5,"<-500%",IF(E21/G21-1>5,">500%",IF(ABS(E21/G21-1)<1%,0,E21/G21-1))),"")
C22: New grants | E22: 12 | I22: =IF(E22+F22=0,0,E22-F22) -> 12 | J22: =IFERROR(IF(E22/F22-1<=-5,"<-500%",IF(E22/F22-1>5,">500%",IF(ABS(E22/F22-1)<1%,0,E22/F22-1))),"") | L22: =IF(E22+G22=0,0,E22-G22) -> 12 | M22: =IFERROR(IF(E22/G22-1<=-5,"<-500%",IF(E22/G22-1>5,">500%",IF(ABS(E22/G22-1)<1%,0,E22/G22-1))),"")
C23: Average strike price | E23: 5.184 | I23: =IF(E23+F23=0,0,E23-F23) -> 5.184 | J23: =IFERROR(IF(E23/F23-1<=-5,"<-500%",IF(E23/F23-1>5,">500%",IF(ABS(E23/F23-1)<1%,0,E23/F23-1))),"") | L23: =IF(E23+G23=0,0,E23-G23) -> 5.184 | M23: =IFERROR(IF(E23/G23-1<=-5,"<-500%",IF(E23/G23-1>5,">500%",IF(ABS(E23/G23-1)<1%,0,E23/G23-1))),"")
C24: Common-equivalent shares | E24: =IF(E23<E$14,E22*(1-E23/E$14),0) -> 1.632 | F24: =IF(F23<F$14,F22*(1-F23/F$14),0) -> 0 | G24: =IF(G23<G$14,G22*(1-G23/G$14),0) -> 0 | I24: =IF(E24+F24=0,0,E24-F24) -> 1.632 | J24: =IFERROR(IF(E24/F24-1<=-5,"<-500%",IF(E24/F24-1>5,">500%",IF(ABS(E24/F24-1)<1%,0,E24/F24-1))),"") | L24: =IF(E24+G24=0,0,E24-G24) -> 1.632 | M24: =IFERROR(IF(E24/G24-1<=-5,"<-500%",IF(E24/G24-1>5,">500%",IF(ABS(E24/G24-1)<1%,0,E24/G24-1))),"")
C25: Total common-equivalent shares | E25: =SUM(E21,E24) -> 0.912 | F25: =SUM(F21,F24) -> 0 | G25: =SUM(G21,G24) -> 0 | I25: =IF(E25+F25=0,0,E25-F25) -> 0.912 | J25: =IFERROR(IF(E25/F25-1<=-5,"<-500%",IF(E25/F25-1>5,">500%",IF(ABS(E25/F25-1)<1%,0,E25/F25-1))),"") | L25: =IF(E25+G25=0,0,E25-G25) -> 0.912 | M25: =IFERROR(IF(E25/G25-1<=-5,"<-500%",IF(E25/G25-1>5,">500%",IF(ABS(E25/G25-1)<1%,0,E25/G25-1))),"")
C27: Warrants
C28: Awarded and unexercised | E28: =F28+F31-E11 -> -6 | I28: =IF(E28+F28=0,0,E28-F28) -> -6 | J28: =IFERROR(IF(E28/F28-1<=-5,"<-500%",IF(E28/F28-1>5,">500%",IF(ABS(E28/F28-1)<1%,0,E28/F28-1))),"") | L28: =IF(E28+G28=0,0,E28-G28) -> -6 | M28: =IFERROR(IF(E28/G28-1<=-5,"<-500%",IF(E28/G28-1>5,">500%",IF(ABS(E28/G28-1)<1%,0,E28/G28-1))),"")
C29: Average strike price | E29: 6.456 | I29: =IF(E29+F29=0,0,E29-F29) -> 6.456 | J29: =IFERROR(IF(E29/F29-1<=-5,"<-500%",IF(E29/F29-1>5,">500%",IF(ABS(E29/F29-1)<1%,0,E29/F29-1))),"") | L29: =IF(E29+G29=0,0,E29-G29) -> 6.456 | M29: =IFERROR(IF(E29/G29-1<=-5,"<-500%",IF(E29/G29-1>5,">500%",IF(ABS(E29/G29-1)<1%,0,E29/G29-1))),"")
C30: Common equivalent shares | E30: =IF(E29<E$14,E28*(1-E29/E$14),0) -> 0 | F30: =IF(F29<F$14,F28*(1-F29/F$14),0) -> 0 | G30: =IF(G29<G$14,G28*(1-G29/G$14),0) -> 0 | I30: =IF(E30+F30=0,0,E30-F30) -> 0 | J30: =IFERROR(IF(E30/F30-1<=-5,"<-500%",IF(E30/F30-1>5,">500%",IF(ABS(E30/F30-1)<1%,0,E30/F30-1))),"") | L30: =IF(E30+G30=0,0,E30-G30) -> 0 | M30: =IFERROR(IF(E30/G30-1<=-5,"<-500%",IF(E30/G30-1>5,">500%",IF(ABS(E30/G30-1)<1%,0,E30/G30-1))),"")
C31: New grants | E31: 7 | I31: =IF(E31+F31=0,0,E31-F31) -> 7 | J31: =IFERROR(IF(E31/F31-1<=-5,"<-500%",IF(E31/F31-1>5,">500%",IF(ABS(E31/F31-1)<1%,0,E31/F31-1))),"") | L31: =IF(E31+G31=0,0,E31-G31) -> 7 | M31: =IFERROR(IF(E31/G31-1<=-5,"<-500%",IF(E31/G31-1>5,">500%",IF(ABS(E31/G31-1)<1%,0,E31/G31-1))),"")
C32: Average strike price | E32: 5.58 | I32: =IF(E32+F32=0,0,E32-F32) -> 5.58 | J32: =IFERROR(IF(E32/F32-1<=-5,"<-500%",IF(E32/F32-1>5,">500%",IF(ABS(E32/F32-1)<1%,0,E32/F32-1))),"") | L32: =IF(E32+G32=0,0,E32-G32) -> 5.58 | M32: =IFERROR(IF(E32/G32-1<=-5,"<-500%",IF(E32/G32-1>5,">500%",IF(ABS(E32/G32-1)<1%,0,E32/G32-1))),"")
C33: Common equivalent shares | E33: =IF(E32<E$14,E31*(1-E32/E$14),0) -> 0.49 | F33: =IF(F32<F$14,F31*(1-F32/F$14),0) -> 0 | G33: =IF(G32<G$14,G31*(1-G32/G$14),0) -> 0 | I33: =IF(E33+F33=0,0,E33-F33) -> 0.49 | J33: =IFERROR(IF(E33/F33-1<=-5,"<-500%",IF(E33/F33-1>5,">500%",IF(ABS(E33/F33-1)<1%,0,E33/F33-1))),"") | L33: =IF(E33+G33=0,0,E33-G33) -> 0.49 | M33: =IFERROR(IF(E33/G33-1<=-5,"<-500%",IF(E33/G33-1>5,">500%",IF(ABS(E33/G33-1)<1%,0,E33/G33-1))),"")
C34: Total common-equivalent shares | E34: =SUM(E30,E33) -> 0.49 | F34: =SUM(F30,F33) -> 0 | G34: =SUM(G30,G33) -> 0 | I34: =IF(E34+F34=0,0,E34-F34) -> 0.49 | J34: =IFERROR(IF(E34/F34-1<=-5,"<-500%",IF(E34/F34-1>5,">500%",IF(ABS(E34/F34-1)<1%,0,E34/F34-1))),"") | L34: =IF(E34+G34=0,0,E34-G34) -> 0.49 | M34: =IFERROR(IF(E34/G34-1<=-5,"<-500%",IF(E34/G34-1>5,">500%",IF(ABS(E34/G34-1)<1%,0,E34/G34-1))),"")
C36: Convertible notes
C37: Debt raised | E37: 50 | I37: =IF(E37+F37=0,0,E37-F37) -> 50 | J37: =IFERROR(IF(E37/F37-1<=-5,"<-500%",IF(E37/F37-1>5,">500%",IF(ABS(E37/F37-1)<1%,0,E37/F37-1))),"") | L37: =IF(E37+G37=0,0,E37-G37) -> 50 | M37: =IFERROR(IF(E37/G37-1<=-5,"<-500%",IF(E37/G37-1>5,">500%",IF(ABS(E37/G37-1)<1%,0,E37/G37-1))),"")
C38: Price discount | E38: 0.2
C39: Valuation cap (basic shares) | E39: 2200 | I39: =IF(E39+F39=0,0,E39-F39) -> 2200 | J39: =IFERROR(IF(E39/F39-1<=-5,"<-500%",IF(E39/F39-1>5,">500%",IF(ABS(E39/F39-1)<1%,0,E39/F39-1))),"") | L39: =IF(E39+G39=0,0,E39-G39) -> 2200 | M39: =IFERROR(IF(E39/G39-1<=-5,"<-500%",IF(E39/G39-1>5,">500%",IF(ABS(E39/G39-1)<1%,0,E39/G39-1))),"")
C40: Common equivalent shares | E40: =IFERROR(E37/MIN(E14*(1-E38),E39/E13),0) -> 11.761364 | F40: =IFERROR(F37/MIN(F14*(1-F38),F39/F13),0) -> 0 | G40: =IFERROR(G37/MIN(G14*(1-G38),G39/G13),0) -> 0 | I40: =IF(E40+F40=0,0,E40-F40) -> 11.761364 | J40: =IFERROR(IF(E40/F40-1<=-5,"<-500%",IF(E40/F40-1>5,">500%",IF(ABS(E40/F40-1)<1%,0,E40/F40-1))),"") | L40: =IF(E40+G40=0,0,E40-G40) -> 11.761364 | M40: =IFERROR(IF(E40/G40-1<=-5,"<-500%",IF(E40/G40-1>5,">500%",IF(ABS(E40/G40-1)<1%,0,E40/G40-1))),"")
C41: Total dilutive effects | E41: =SUM(E25,E34,E40) -> 13.163364 | F41: =SUM(F25,F34,F40) -> 0 | G41: =SUM(G25,G34,G40) -> 0 | I41: =IF(E41+F41=0,0,E41-F41) -> 13.163364 | J41: =IFERROR(IF(E41/F41-1<=-5,"<-500%",IF(E41/F41-1>5,">500%",IF(ABS(E41/F41-1)<1%,0,E41/F41-1))),"") | L41: =IF(E41+G41=0,0,E41-G41) -> 13.163364 | M41: =IFERROR(IF(E41/G41-1<=-5,"<-500%",IF(E41/G41-1>5,">500%",IF(ABS(E41/G41-1)<1%,0,E41/G41-1))),"")
C42: Fully-diluted shares | E42: =SUM(E13,E41) -> 530.66336 | F42: =SUM(F13,F41) -> 500 | G42: =SUM(G13,G41) -> 0 | I42: =IF(E42+F42=0,0,E42-F42) -> 30.663364 | J42: =IFERROR(IF(E42/F42-1<=-5,"<-500%",IF(E42/F42-1>5,">500%",IF(ABS(E42/F42-1)<1%,0,E42/F42-1))),"") -> 0.061326727 | L42: =IF(E42+G42=0,0,E42-G42) -> 530.66336 | M42: =IFERROR(IF(E42/G42-1<=-5,"<-500%",IF(E42/G42-1>5,">500%",IF(ABS(E42/G42-1)<1%,0,E42/G42-1))),"")
C43: Diluted market cap | E43: =+E42*E14 -> 3183.9802 | F43: =+F42*F14 -> 0 | G43: =+G42*G14 -> 0 | I43: =IF(E43+F43=0,0,E43-F43) -> 3183.9802 | J43: =IFERROR(IF(E43/F43-1<=-5,"<-500%",IF(E43/F43-1>5,">500%",IF(ABS(E43/F43-1)<1%,0,E43/F43-1))),"") | L43: =IF(E43+G43=0,0,E43-G43) -> 3183.9802 | M43: =IFERROR(IF(E43/G43-1<=-5,"<-500%",IF(E43/G43-1>5,">500%",IF(ABS(E43/G43-1)<1%,0,E43/G43-1))),"")

Sheet Comps
A1: info
C3: Valuation - Comps
C4: In millions except as indicated
E6: Comp 1 | F6: Comp 2 | G6: Comp 3 | H6: Comp 4 | I6: Comp 5 | J6: Comp 6 | K6: Comp 7 | L6: Comp 8 | N6: Overall
C8: Share price | E8: 11.704768 | F8: 8.2451449 | G8: 14.463467 | M8: =IF(Income!$E$25*L12<0,0,Income!#REF!*L12) -> #REF!
C9: Shares outstanding | E9: 6.0037639 | F9: 4.7690474 | G9: 14.491609
C10: Market cap | E10: =E8*E9 -> 70.272662 | F10: =F8*F9 -> 39.321487 | G10: =G8*G9 -> 209.59892 | H10: =H8*H9 -> 0 | I10: =I8*I9 -> 0 | J10: =J8*J9 -> 0 | K10: =K8*K9 -> 0 | L10: =L8*L9 -> 0 | N10: =SUM(E10:L10) -> 319.19307
C11: LTM Earnings | E11: 5.8560551 | F11: 1.1234711 | G11: 6.5499663 | N11: =SUM(E11:L11) -> 13.529492
C12: P/E ratio | E12: =IFERROR(E17/E11,0) -> 18.516592 | F12: =IFERROR(F17/F11,0) -> 46.050118 | G12: =IFERROR(G17/G11,0) -> 49.025086 | H12: =IFERROR(H17/H11,0) -> 0 | I12: =IFERROR(I17/I11,0) -> 0 | J12: =IFERROR(J17/J11,0) -> 0 | K12: =IFERROR(K17/K11,0) -> 0 | L12: =IFERROR(L17/L11,0) -> 0 | N12: =IFERROR(N10/N11,0) -> 23.59239
C14: Market cap | E14: =E10 -> 70.272662 | F14: =F10 -> 39.321487 | G14: =G10 -> 209.59892 | H14: =H10 -> 0 | I14: =I10 -> 0 | J14: =J10 -> 0 | K14: =K10 -> 0 | L14: =L10 -> 0 | ... N14: =N10 -> 319.19307
C15: + Preferred equity | E15: 32.161523 | F15: 10.414487 | G15: 92.513737 | N15: =SUM(E15:L15) -> 135.08975
C16: + Minority interests | E16: 6 | F16: 2 | G16: 19 | N16: =SUM(E16:L16) -> 27
C17: Equity value | E17: =SUM(E14:E16) -> 108.43418 | F17: =SUM(F14:F16) -> 51.735974 | G17: =SUM(G14:G16) -> 321.11266 | H17: =SUM(H14:H16) -> 0 | I17: =SUM(I14:I16) -> 0 | J17: =SUM(J14:J16) -> 0 | K17: =SUM(K14:K16) -> 0 | L17: =SUM(L14:L16) -> 0 | ... N17: =SUM(N14:N16) -> 481.28282
C18: + Debt | E18: 5 | F18: 2 | G18: 130.7411 | M18: 0 | N18: =SUM(E18:L18) -> 137.7411
C19: ⎯ Cash | E19: -1.3457643 | F19: -2.0799688 | G19: -9.8149617 | N19: =SUM(E19:L19) -> -13.240695
C20: Enterprise value | E20: =+E17+E18-ABS(E19) -> 112.08842 | F20: =+F17+F18-ABS(F19) -> 51.656005 | G20: =+G17+G18-ABS(G19) -> 442.03879 | H20: =+H17+H18-ABS(H19) -> 0 | I20: =+I17+I18-ABS(I19) -> 0 | J20: =+J17+J18-ABS(J19) -> 0 | K20: =+K17+K18-ABS(K19) -> 0 | L20: =+L17+L18-ABS(L19) -> 0 | N20: =SUM(E20:L20) -> 605.78322
C21: LTM EBITDA | E21: 35.136331 | F21: 7.8642974 | G21: 52.39973 | N21: =SUM(E21:L21) -> 95.400359
C22: EV/EBITDA ratio | E22: =IFERROR(E20/E21,0) -> 3.1901003 | F22: =IFERROR(F20/F21,0) -> 6.5684197 | G22: =IFERROR(G20/G21,0) -> 8.4358982 | H22: =IFERROR(H20/H21,0) -> 0 | I22: =IFERROR(I20/I21,0) -> 0 | J22: =IFERROR(J20/J21,0) -> 0 | K22: =IFERROR(K20/K21,0) -> 0 | L22: =IFERROR(L20/L21,0) -> 0 | N22: =IFERROR(N20/N21,0) -> 6.349905
C24: Company, Q Current
C25: Earnings | E25: =Income!$E$25 -> 39.7
C26: x P/E ratio | E26: =N12 -> 23.59239
C27: Equity Value | E27: =+E25*E26 -> 936.6179
C29: EBITDA | E29: =Income!$E$14 -> -0.5
C30: x EV/EBITDA ratio | E30: =N22 -> 6.349905
C31: Enterprise Value | E31: =+E29*E30 -> -3.1749525

Sheet SummaryTable
V4: Summary
V5: Q current | W5: Q ⎯1 | Y5: Q / Q | Z5: Q / Q %
U6: Income Statement
U7: Sales | V7: =Income!$E$6 -> 9.2 | W7: =Income!$F$6 -> 8 | Y7: =IF(V7+W7=0,0,V7-W7) -> 1.2 | Z7: =IFERROR(IF(V7/W7-1<=-5,"<-500%",IF(V7/W7-1>5,">500%",IF(ABS(V7/W7-1)<1%,0,V7/W7-1))),"") -> 0.15
U8: Gross Margin | V8: =Income!$E$8 -> 9.2 | W8: =Income!$F$8 -> 8 | Y8: =IF(V8+W8=0,0,V8-W8) -> 1.2 | Z8: =IFERROR(IF(V8/W8-1<=-5,"<-500%",IF(V8/W8-1>5,">500%",IF(ABS(V8/W8-1)<1%,0,V8/W8-1))),"") -> 0.15
U9: Net Earnings | V9: =Income!$E$22 -> 47.8 | W9: =Income!$F$22 -> 60.5 | Y9: =IF(V9+W9=0,0,V9-W9) -> -12.7 | Z9: =IFERROR(IF(V9/W9-1<=-5,"<-500%",IF(V9/W9-1>5,">500%",IF(ABS(V9/W9-1)<1%,0,V9/W9-1))),"") -> -0.20991736
U10: Balance Sheet
U11: Assets | V11: =Balance!$E$24 -> 43.2 | W11: =Balance!$F$24 -> 33 | Y11: =IF(V11+W11=0,0,V11-W11) -> 10.2 | Z11: =IFERROR(IF(V11/W11-1<=-5,"<-500%",IF(V11/W11-1>5,">500%",IF(ABS(V11/W11-1)<1%,0,V11/W11-1))),"") -> 0.30909091
U12: Liabilities | V12: =Balance!$E$42 -> 4 | W12: =Balance!$F$42 -> 11.6 | Y12: =IF(V12+W12=0,0,V12-W12) -> -7.6 | Z12: =IFERROR(IF(V12/W12-1<=-5,"<-500%",IF(V12/W12-1>5,">500%",IF(ABS(V12/W12-1)<1%,0,V12/W12-1))),"") -> -0.65517241
U13: Equity | V13: =Balance!$E$53 -> 3.6 | W13: =Balance!$F$53 -> 5.8 | Y13: =IF(V13+W13=0,0,V13-W13) -> -2.2 | Z13: =IFERROR(IF(V13/W13-1<=-5,"<-500%",IF(V13/W13-1>5,">500%",IF(ABS(V13/W13-1)<1%,0,V13/W13-1))),"") -> -0.37931034
U14: Cash Flow
U15: From Operations | V15: =Cash!$E$31 -> 19.2 | W15: =Cash!$F$31 -> 1 | Y15: =IF(V15+W15=0,0,V15-W15) -> 18.2 | Z15: =IFERROR(IF(V15/W15-1<=-5,"<-500%",IF(V15/W15-1>5,">500%",IF(ABS(V15/W15-1)<1%,0,V15/W15-1))),"") -> >500%
U16: From Investing | V16: =Cash!$E$37 -> -3.7 | W16: =Cash!$F$37 -> 3.5 | Y16: =IF(V16+W16=0,0,V16-W16) -> -7.2 | Z16: =IFERROR(IF(V16/W16-1<=-5,"<-500%",IF(V16/W16-1>5,">500%",IF(ABS(V16/W16-1)<1%,0,V16/W16-1))),"") -> -2.0571429
U17: From Financing | V17: =Cash!$E$47 -> -0.8 | W17: =Cash!$F$47 -> -4.9 | Y17: =IF(V17+W17=0,0,V17-W17) -> 4.1 | Z17: =IFERROR(IF(V17/W17-1<=-5,"<-500%",IF(V17/W17-1>5,">500%",IF(ABS(V17/W17-1)<1%,0,V17/W17-1))),"") -> -0.83673469
U18: Increase/decrease | V18: =Cash!$E$48 -> 14.7 | W18: =Cash!$F$48 -> -0.4 | Y18: =IF(V18+W18=0,0,V18-W18) -> 15.1 | Z18: =IFERROR(IF(V18/W18-1<=-5,"<-500%",IF(V18/W18-1>5,">500%",IF(ABS(V18/W18-1)<1%,0,V18/W18-1))),"") -> <-500%
U19: Valuation - Mkt Cap
U20: Shares outstanding | V20: =Cap!$E$13 -> 517.5 | W20: =Cap!$F$13 -> 500 | Y20: =IF(V20+W20=0,0,V20-W20) -> 17.5 | Z20: =IFERROR(IF(V20/W20-1<=-5,"<-500%",IF(V20/W20-1>5,">500%",IF(ABS(V20/W20-1)<1%,0,V20/W20-1))),"") -> 0.035
U21: Fully-diluted shares | V21: =Cap!$E$42 -> 530.66336 | W21: =Cap!$F$42 -> 500 | Y21: =IF(V21+W21=0,0,V21-W21) -> 30.663364 | Z21: =IFERROR(IF(V21/W21-1<=-5,"<-500%",IF(V21/W21-1>5,">500%",IF(ABS(V21/W21-1)<1%,0,V21/W21-1))),"") -> 0.061326727
U22: Basic market cap | V22: =Cap!$E$15 -> 3105 | W22: =Cap!$F$15 -> 0 | Y22: =IF(V22+W22=0,0,V22-W22) -> 3105 | Z22: =IFERROR(IF(V22/W22-1<=-5,"<-500%",IF(V22/W22-1>5,">500%",IF(ABS(V22/W22-1)<1%,0,V22/W22-1))),"")
U23: Diluted market cap | V23: =Cap!$E$43 -> 3183.9802 | W23: =Cap!$F$43 -> 0 | Y23: =IF(V23+W23=0,0,V23-W23) -> 3183.9802 | Z23: =IFERROR(IF(V23/W23-1<=-5,"<-500%",IF(V23/W23-1>5,">500%",IF(ABS(V23/W23-1)<1%,0,V23/W23-1))),"")
U24: Valuation - Comps
U25: Equity Value | V25: =Comps!$E$27 -> 936.6179
U26: Enterprise Value | V26: =Comps!$E$31 -> -3.1749525

Sheet Summary
A1: info
C3: Summary
C4: In millions except as indicated | E4: Q current | F4: Q ⎯1 | G4: Q prior | I4: YTD current | J4: YTD prior | L4: Q / Q | M4: Q / Q % | O4: Y / Y | P4: Y / Y % | R4: YTD | S4: YTD %
C6: Income Statement
C7: Gross Margin | E7: =Income!E8 -> 9.2 | F7: =Income!F8 -> 8 | G7: =Income!G8 -> 10.6 | I7: =Income!I8 -> 9.8 | J7: =Income!J8 -> 8.2 | L7: =IF(E7+F7=0,0,E7-F7) -> 1.2 | M7: =IFERROR(IF(E7/F7-1<=-5,"<-500%",IF(E7/F7-1>5,">500%",IF(ABS(E7/F7-1)<1%,0,E7/F7-1))),"") -> 0.15 | O7: =IF(E7+G7=0,0,E7-G7) -> -1.4 | P7: =IFERROR(IF(E7/G7-1<=-5,"<-500%",IF(E7/G7-1>5,">500%",IF(ABS(E7/G7-1)<1%,0,E7/G7-1))),"") -> -0.13207547 | R7: =IF(I7+J7=0,0,I7-J7) -> 1.6 | S7: =IFERROR(IF(I7/J7-1<=-5,"<-500%",IF(I7/J7-1>5,">500%",IF(ABS(I7/J7-1)<1%,0,I7/J7-1))),"") -> 0.19512195
C8: EBITDA | E8: =Income!E14 -> -0.5 | F8: =Income!F14 -> 0.5 | G8: =Income!G14 -> 5.6 | I8: =Income!I14 -> 5 | J8: =Income!J14 -> 3.3 | L8: =IF(E8+F8=0,0,E8-F8) -> 0 | M8: =IFERROR(IF(E8/F8-1<=-5,"<-500%",IF(E8/F8-1>5,">500%",IF(ABS(E8/F8-1)<1%,0,E8/F8-1))),"") -> -2 | O8: =IF(E8+G8=0,0,E8-G8) -> -6.1 | P8: =IFERROR(IF(E8/G8-1<=-5,"<-500%",IF(E8/G8-1>5,">500%",IF(ABS(E8/G8-1)<1%,0,E8/G8-1))),"") -> -1.0892857 | R8: =IF(I8+J8=0,0,I8-J8) -> 1.7 | S8: =IFERROR(IF(I8/J8-1<=-5,"<-500%",IF(I8/J8-1>5,">500%",IF(ABS(I8/J8-1)<1%,0,I8/J8-1))),"") -> 0.51515152
C9: Net Earnings | E9: =Income!E22 -> 47.8 | F9: =Income!F22 -> 60.5 | G9: =Income!G22 -> 94.9 | I9: =Income!I22 -> 6 | J9: =Income!J22 -> 65.3 | L9: =IF(E9+F9=0,0,E9-F9) -> -12.7 | M9: =IFERROR(IF(E9/F9-1<=-5,"<-500%",IF(E9/F9-1>5,">500%",IF(ABS(E9/F9-1)<1%,0,E9/F9-1))),"") -> -0.20991736 | O9: =IF(E9+G9=0,0,E9-G9) -> -47.1 | P9: =IFERROR(IF(E9/G9-1<=-5,"<-500%",IF(E9/G9-1>5,">500%",IF(ABS(E9/G9-1)<1%,0,E9/G9-1))),"") -> -0.49631191 | R9: =IF(I9+J9=0,0,I9-J9) -> -59.3 | S9: =IFERROR(IF(I9/J9-1<=-5,"<-500%",IF(I9/J9-1>5,">500%",IF(ABS(I9/J9-1)<1%,0,I9/J9-1))),"") -> -0.90811639
C10: Discountined Ops | E10: =Income!E44 -> 47.3 | F10: =Income!F44 -> 59.9 | G10: =Income!G44 -> 88.3 | I10: =Income!I44 -> 59.3 | J10: =Income!J44 -> 36.9 | L10: =IF(E10+F10=0,0,E10-F10) -> -12.6 | M10: =IFERROR(IF(E10/F10-1<=-5,"<-500%",IF(E10/F10-1>5,">500%",IF(ABS(E10/F10-1)<1%,0,E10/F10-1))),"") -> -0.21035058 | O10: =IF(E10+G10=0,0,E10-G10) -> -41 | P10: =IFERROR(IF(E10/G10-1<=-5,"<-500%",IF(E10/G10-1>5,">500%",IF(ABS(E10/G10-1)<1%,0,E10/G10-1))),"") -> -0.46432616 | R10: =IF(I10+J10=0,0,I10-J10) -> 22.4 | S10: =IFERROR(IF(I10/J10-1<=-5,"<-500%",IF(I10/J10-1>5,">500%",IF(ABS(I10/J10-1)<1%,0,I10/J10-1))),"") -> 0.60704607
C12: Balance Sheet
C13: Assets | E13: =Balance!E24 -> 43.2 | F13: =Balance!F24 -> 33 | G13: =Balance!G24 -> 103.9 | I13: =Balance!I24 -> 42.9 | J13: =Balance!J24 -> 19.8 | L13: =IF(E13+F13=0,0,E13-F13) -> 10.2 | M13: =IFERROR(IF(E13/F13-1<=-5,"<-500%",IF(E13/F13-1>5,">500%",IF(ABS(E13/F13-1)<1%,0,E13/F13-1))),"") -> 0.30909091 | O13: =IF(E13+G13=0,0,E13-G13) -> -60.7 | P13: =IFERROR(IF(E13/G13-1<=-5,"<-500%",IF(E13/G13-1>5,">500%",IF(ABS(E13/G13-1)<1%,0,E13/G13-1))),"") -> -0.58421559 | R13: =IF(I13+J13=0,0,I13-J13) -> 23.1 | S13: =IFERROR(IF(I13/J13-1<=-5,"<-500%",IF(I13/J13-1>5,">500%",IF(ABS(I13/J13-1)<1%,0,I13/J13-1))),"") -> 1.1666667
C14: Liabilities | E14: =Balance!E42 -> 4 | F14: =Balance!F42 -> 11.6 | G14: =Balance!G42 -> 13.6 | I14: =Balance!I42 -> 14.2 | J14: =Balance!J42 -> 9.6 | L14: =IF(E14+F14=0,0,E14-F14) -> -7.6 | M14: =IFERROR(IF(E14/F14-1<=-5,"<-500%",IF(E14/F14-1>5,">500%",IF(ABS(E14/F14-1)<1%,0,E14/F14-1))),"") -> -0.65517241 | O14: =IF(E14+G14=0,0,E14-G14) -> -9.6 | P14: =IFERROR(IF(E14/G14-1<=-5,"<-500%",IF(E14/G14-1>5,">500%",IF(ABS(E14/G14-1)<1%,0,E14/G14-1))),"") -> -0.70588235 | R14: =IF(I14+J14=0,0,I14-J14) -> 4.6 | S14: =IFERROR(IF(I14/J14-1<=-5,"<-500%",IF(I14/J14-1>5,">500%",IF(ABS(I14/J14-1)<1%,0,I14/J14-1))),"") -> 0.47916667
C15: Shareholders' Equity | E15: =Balance!E53 -> 3.6 | F15: =Balance!F53 -> 5.8 | G15: =Balance!G53 -> 7.8 | I15: =Balance!I53 -> 3.4 | J15: =Balance!J53 -> 2.2 | L15: =IF(E15+F15=0,0,E15-F15) -> -2.2 | M15: =IFERROR(IF(E15/F15-1<=-5,"<-500%",IF(E15/F15-1>5,">500%",IF(ABS(E15/F15-1)<1%,0,E15/F15-1))),"") -> -0.37931034 | O15: =IF(E15+G15=0,0,E15-G15) -> -4.2 | P15: =IFERROR(IF(E15/G15-1<=-5,"<-500%",IF(E15/G15-1>5,">500%",IF(ABS(E15/G15-1)<1%,0,E15/G15-1))),"") -> -0.53846154 | R15: =IF(I15+J15=0,0,I15-J15) -> 1.2 | S15: =IFERROR(IF(I15/J15-1<=-5,"<-500%",IF(I15/J15-1>5,">500%",IF(ABS(I15/J15-1)<1%,0,I15/J15-1))),"") -> 0.54545455
C16: Cash Conversion Cycle (days) | E16: =Balance!E77 -> 58.695652 | F16: =Balance!F77 -> 13.5 | G16: =Balance!G77 -> 3.3962264 | I16: =Balance!I77 -> 0 | J16: =Balance!J77 -> 27.55102 | L16: =IF(E16+F16=0,0,E16-F16) -> 45.195652 | M16: =IFERROR(IF(E16/F16-1<=-5,"<-500%",IF(E16/F16-1>5,">500%",IF(ABS(E16/F16-1)<1%,0,E16/F16-1))),"") -> 3.3478261 | O16: =IF(E16+G16=0,0,E16-G16) -> 55.299426 | P16: =IFERROR(IF(E16/G16-1<=-5,"<-500%",IF(E16/G16-1>5,">500%",IF(ABS(E16/G16-1)<1%,0,E16/G16-1))),"") -> >500% | R16: =IF(I16+J16=0,0,I16-J16) -> -27.55102 | S16: =IFERROR(IF(I16/J16-1<=-5,"<-500%",IF(I16/J16-1>5,">500%",IF(ABS(I16/J16-1)<1%,0,I16/J16-1))),"") -> -1
C18: Cash Flow
C19: From Operations | E19: =Cash!E31 -> 19.2 | F19: =Cash!F31 -> 1 | G19: =Cash!G31 -> 17.4 | I19: =Cash!I31 -> 20.1 | J19: =Cash!J31 -> 25.5 | L19: =IF(E19+F19=0,0,E19-F19) -> 18.2 | M19: =IFERROR(IF(E19/F19-1<=-5,"<-500%",IF(E19/F19-1>5,">500%",IF(ABS(E19/F19-1)<1%,0,E19/F19-1))),"") -> >500% | O19: =IF(E19+G19=0,0,E19-G19) -> 1.8 | P19: =IFERROR(IF(E19/G19-1<=-5,"<-500%",IF(E19/G19-1>5,">500%",IF(ABS(E19/G19-1)<1%,0,E19/G19-1))),"") -> 0.10344828 | R19: =IF(I19+J19=0,0,I19-J19) -> -5.4 | S19: =IFERROR(IF(I19/J19-1<=-5,"<-500%",IF(I19/J19-1>5,">500%",IF(ABS(I19/J19-1)<1%,0,I19/J19-1))),"") -> -0.21176471
C20: From Investing | E20: =Cash!E37 -> -3.7 | F20: =Cash!F37 -> 3.5 | G20: =Cash!G37 -> 1.9 | I20: =Cash!I37 -> -22.8 | J20: =Cash!J37 -> -12.5 | L20: =IF(E20+F20=0,0,E20-F20) -> -7.2 | M20: =IFERROR(IF(E20/F20-1<=-5,"<-500%",IF(E20/F20-1>5,">500%",IF(ABS(E20/F20-1)<1%,0,E20/F20-1))),"") -> -2.0571429 | O20: =IF(E20+G20=0,0,E20-G20) -> -5.6 | P20: =IFERROR(IF(E20/G20-1<=-5,"<-500%",IF(E20/G20-1>5,">500%",IF(ABS(E20/G20-1)<1%,0,E20/G20-1))),"") -> -2.9473684 | R20: =IF(I20+J20=0,0,I20-J20) -> -10.3 | S20: =IFERROR(IF(I20/J20-1<=-5,"<-500%",IF(I20/J20-1>5,">500%",IF(ABS(I20/J20-1)<1%,0,I20/J20-1))),"") -> 0.824
C21: From Financing | E21: =Cash!E47 -> -0.8 | F21: =Cash!F47 -> -4.9 | G21: =Cash!G47 -> 3.6 | I21: =Cash!I47 -> 3.1 | J21: =Cash!J47 -> 3 | L21: =IF(E21+F21=0,0,E21-F21) -> 4.1 | M21: =IFERROR(IF(E21/F21-1<=-5,"<-500%",IF(E21/F21-1>5,">500%",IF(ABS(E21/F21-1)<1%,0,E21/F21-1))),"") -> -0.83673469 | O21: =IF(E21+G21=0,0,E21-G21) -> -4.4 | P21: =IFERROR(IF(E21/G21-1<=-5,"<-500%",IF(E21/G21-1>5,">500%",IF(ABS(E21/G21-1)<1%,0,E21/G21-1))),"") -> -1.2222222 | R21: =IF(I21+J21=0,0,I21-J21) -> 0.1 | S21: =IFERROR(IF(I21/J21-1<=-5,"<-500%",IF(I21/J21-1>5,">500%",IF(ABS(I21/J21-1)<1%,0,I21/J21-1))),"") -> 0.033333333
C22: Increase/decrease | E22: =Cash!E48 -> 14.7 | F22: =Cash!F48 -> -0.4 | G22: =Cash!G48 -> 22.9 | I22: =Cash!I48 -> 0.4 | J22: =Cash!J48 -> 16 | L22: =IF(E22+F22=0,0,E22-F22) -> 15.1 | M22: =IFERROR(IF(E22/F22-1<=-5,"<-500%",IF(E22/F22-1>5,">500%",IF(ABS(E22/F22-1)<1%,0,E22/F22-1))),"") -> <-500% | O22: =IF(E22+G22=0,0,E22-G22) -> -8.2 | P22: =IFERROR(IF(E22/G22-1<=-5,"<-500%",IF(E22/G22-1>5,">500%",IF(ABS(E22/G22-1)<1%,0,E22/G22-1))),"") -> -0.3580786 | R22: =IF(I22+J22=0,0,I22-J22) -> -15.6 | S22: =IFERROR(IF(I22/J22-1<=-5,"<-500%",IF(I22/J22-1>5,">500%",IF(ABS(I22/J22-1)<1%,0,I22/J22-1))),"") -> -0.975
C23: Supplemental activity | E23: =SUM(Activity!E21,Activity!E26,Activity!E36) -> 21.1 | F23: =SUM(Activity!F21,Activity!F26,Activity!F36) -> 19.1 | G23: =SUM(Activity!G21,Activity!G26,Activity!G36) -> 24.2 | I23: =SUM(Activity!I21,Activity!I26,Activity!I36) -> 23.4 | J23: =SUM(Activity!J21,Activity!J26,Activity!J36) -> 15.9 | L23: =IF(E23+F23=0,0,E23-F23) -> 2 | M23: =IFERROR(IF(E23/F23-1<=-5,"<-500%",IF(E23/F23-1>5,">500%",IF(ABS(E23/F23-1)<1%,0,E23/F23-1))),"") -> 0.10471204 | O23: =IF(E23+G23=0,0,E23-G23) -> -3.1 | P23: =IFERROR(IF(E23/G23-1<=-5,"<-500%",IF(E23/G23-1>5,">500%",IF(ABS(E23/G23-1)<1%,0,E23/G23-1))),"") -> -0.12809917 | R23: =IF(I23+J23=0,0,I23-J23) -> 7.5 | S23: =IFERROR(IF(I23/J23-1<=-5,"<-500%",IF(I23/J23-1>5,">500%",IF(ABS(I23/J23-1)<1%,0,I23/J23-1))),"") -> 0.47169811
C24: Supplemental disclosures | E24: 88 | F24: 124.1 | G24: 95.3 | I24: 96.1 | J24: 101.8 | L24: =IF(E24+F24=0,0,E24-F24) -> -36.1 | M24: =IFERROR(IF(E24/F24-1<=-5,"<-500%",IF(E24/F24-1>5,">500%",IF(ABS(E24/F24-1)<1%,0,E24/F24-1))),"") -> -0.29089444 | O24: =IF(E24+G24=0,0,E24-G24) -> -7.3 | P24: =IFERROR(IF(E24/G24-1<=-5,"<-500%",IF(E24/G24-1>5,">500%",IF(ABS(E24/G24-1)<1%,0,E24/G24-1))),"") -> -0.07660021 | R24: =IF(I24+J24=0,0,I24-J24) -> -5.7 | S24: =IFERROR(IF(I24/J24-1<=-5,"<-500%",IF(I24/J24-1>5,">500%",IF(ABS(I24/J24-1)<1%,0,I24/J24-1))),"") -> -0.055992141
C26: Valuation - Market Cap
C27: Shares outstanding | E27: =Cap!E13 -> 517.5 | F27: =Cap!F13 -> 500 | G27: =Cap!G13 -> 0 | L27: =IF(E27+F27=0,0,E27-F27) -> 17.5 | M27: =IFERROR(IF(E27/F27-1<=-5,"<-500%",IF(E27/F27-1>5,">500%",IF(ABS(E27/F27-1)<1%,0,E27/F27-1))),"") -> 0.035 | O27: =IF(E27+G27=0,0,E27-G27) -> 517.5 | P27: =IFERROR(IF(E27/G27-1<=-5,"<-500%",IF(E27/G27-1>5,">500%",IF(ABS(E27/G27-1)<1%,0,E27/G27-1))),"")
C28: Fully-diluted shares | E28: =Cap!E42 -> 530.66336 | F28: =Cap!F42 -> 500 | G28: =Cap!G42 -> 0 | L28: =IF(E28+F28=0,0,E28-F28) -> 30.663364 | M28: =IFERROR(IF(E28/F28-1<=-5,"<-500%",IF(E28/F28-1>5,">500%",IF(ABS(E28/F28-1)<1%,0,E28/F28-1))),"") -> 0.061326727 | O28: =IF(E28+G28=0,0,E28-G28) -> 530.66336 | P28: =IFERROR(IF(E28/G28-1<=-5,"<-500%",IF(E28/G28-1>5,">500%",IF(ABS(E28/G28-1)<1%,0,E28/G28-1))),"")
C29: Basic market cap | E29: =Cap!E15 -> 3105 | F29: =Cap!F15 -> 0 | G29: =Cap!G15 -> 0 | L29: =IF(E29+F29=0,0,E29-F29) -> 3105 | M29: =IFERROR(IF(E29/F29-1<=-5,"<-500%",IF(E29/F29-1>5,">500%",IF(ABS(E29/F29-1)<1%,0,E29/F29-1))),"") | O29: =IF(E29+G29=0,0,E29-G29) -> 3105 | P29: =IFERROR(IF(E29/G29-1<=-5,"<-500%",IF(E29/G29-1>5,">500%",IF(ABS(E29/G29-1)<1%,0,E29/G29-1))),"")
C30: Diluted market cap | E30: =Cap!E43 -> 3183.9802 | F30: =Cap!F43 -> 0 | G30: =Cap!G43 -> 0 | L30: =IF(E30+F30=0,0,E30-F30) -> 3183.9802 | M30: =IFERROR(IF(E30/F30-1<=-5,"<-500%",IF(E30/F30-1>5,">500%",IF(ABS(E30/F30-1)<1%,0,E30/F30-1))),"") | O30: =IF(E30+G30=0,0,E30-G30) -> 3183.9802 | P30: =IFERROR(IF(E30/G30-1<=-5,"<-500%",IF(E30/G30-1>5,">500%",IF(ABS(E30/G30-1)<1%,0,E30/G30-1))),"")
C32: Valuation - Comps
C33: =Comps!C27 -> Equity Value | E33: =Comps!E27 -> 936.6179
C34: =Comps!C31 -> Enterprise Value | E34: =Comps!E31 -> -3.1749525
